Workbook
Name Constr: '24340'!#REF!
Name Constr: '24356'!$A$1
Name Constr: '24359'!#REF!
Name Constr: '24360-И'!$A$1
Name Constr: '24364'!#REF!
Name Constr: '24368'!#REF!
Name Constr: '24379'!#REF!
Name Constr: '24406'!#REF!
Name Constr: '24481'!$A$7
Name Constr: '24493'!$A$1
Name Constr: '24496'!#REF!
Name Constr: '24505'!$A$7
Name Constr: '24523'!$A$1
Name Constr: '24532'!$A$7
Name Constr: '24533'!$A$7
Name Constr: '24556'!$A$7
Name FOT: '24340'!$D$13
Name FOT: '24356'!$D$17
Name FOT: '24359'!$D$15
Name FOT: '24360-И'!$D$17
Name FOT: '24364'!$D$14
Name FOT: '24368'!$D$12
Name FOT: '24379'!$D$12
Name FOT: '24406'!$D$12
Name FOT: '24481'!$D$13
Name FOT: '24493'!$D$16
Name FOT: '24496'!$D$12
Name FOT: '24505'!$D$14
Name FOT: '24523'!$D$14
Name FOT: '24532'!$D$14
Name FOT: '24533'!$D$14
Name FOT: '24556'!$D$13
Name Ind: '24340'!#REF!
Name Ind: '24356'!#REF!
Name Ind: '24359'!#REF!
Name Ind: '24360-И'!#REF!
Name Ind: '24364'!#REF!
Name Ind: '24368'!#REF!
Name Ind: '24379'!#REF!
Name Ind: '24406'!#REF!
Name Ind: '24481'!$H$9
Name Ind: '24493'!#REF!
Name Ind: '24496'!#REF!
Name Ind: '24505'!$H$9
Name Ind: '24523'!$G$9
Name Ind: '24532'!#REF!
Name Ind: '24533'!$H$10
Name Ind: '24556'!$H$9
Name Obj: '24340'!$E$8
Name Obj: '24356'!#REF!
Name Obj: '24359'!$D$7
Name Obj: '24360-И'!$D$9
Name Obj: '24364'!$E$7
Name Obj: '24368'!$E$7
Name Obj: '24379'!$E$7
Name Obj: '24406'!$E$7
Name Obj: '24481'!#REF!
Name Obj: '24493'!$D$9
Name Obj: '24496'!$E$7
Name Obj: '24505'!#REF!

Sheet 24340
A1: СОГЛАСОВАНО: | E1: ФГУП "Комбинат "Электрохимприбор" | M1: УТВЕРЖДАЮ:
G2: (наименование стройки)
A3: _________________ | M3: _________________
A4: " _____ " ________________ 2012 г. | M4: "______ " __________2012 г.
G5: ЛОКАЛЬНЫЙ СМЕТНЫЙ РАСЧЕТ № 24340
G6: (локальная смета)
D8: архитектурно-строительные решения. Площадка 2. Здание 234Г.
H9: (наименование работ и затрат, наименование объекта)
D11: Основание: Проект № 24151-11-АС Тема КПМ Ж6268.220
D12: Сметная стоимость строительных работ _______________________________________________________________________________________________ | J12: ___________________________9593,389 | L12: тыс. руб.
D13: Средства на оплату труда _______________________________________________________________________________________________ | J13: =244.843*4.42 -> 1082.2061 | L13: тыс. руб.
D14: Сметная трудоемкость _______________________________________________________________________________________________ | J14: _______________________________________________________________________________________________17769,71 | L14: чел.час
D15: Материалы ______________________________________ | K15: =J346*4.42/1000 -> 6105.6289 | L15: тыс.руб.
D16: Составлен(а) в базовых ценах 2001г. в редакции 2009г. с переводом в текущие с К=4,42
A18: № пп | B18: Обоснование | C18: Наименование | D18: Ед. изм. | E18: Кол. | F18: Стоимость единицы, руб. | J18: Общая стоимость, руб. | N18: Т/з осн. раб.на ед. | O18: Т/з осн. раб. Всего | P18: Т/з мех. на ед. | Q18: Т/з мех. Всего
F19: Всего | G19: В том числе | J19: Всего | K19: В том числе
G20: Осн.З/п | H20: Эк.Маш | I20: З/пМех | K20: Осн.З/п | L20: Эк.Маш | M20: З/пМех
A21: 1 | B21: 2 | C21: 3 | D21: 4 | E21: 5 | F21: 6 | G21: 7 | H21: 8 | I21: 9 | J21: 10 | K21: 11 | L21: 12 | M21: 13 | N21: 14 | O21: 15 | P21: 16 | Q21: 17
A22: Раздел 1. Разборка конструкций
A23: 1 | B23: ТЕР46-04-001-04 | C23: Разборка кирпичных стен | D23: 1 м3 | E23: 32 | F23: 296.8 | G23: 102.84 | H23: 193.96 | I23: 17.96 | J23: 9498 | K23: 3291 | L23: 6207 | M23: 575 | N23: 8.24 | O23: 263.68 | P23: 1.15 | Q23: 36.8
A24: 2 | B24: ТЕР46-04-012-01 | C24: Разборка деревянных заполнений проемов оконных с подоконными досками | D24: 100 м2 | E24: 0.249 | F24: 2461.28 | G24: 2149.36 | H24: 311.92 | I24: 120.9 | J24: 613 | K24: 535 | L24: 78 | M24: 30 | N24: 188.54 | O24: 46.95 | P24: 7.74 | Q24: 1.93
A25: 3 | B25: ТЕР46-04-012-03 | C25: Разборка деревянных заполнений проемов дверных и воротных | D25: 100 м2 | E25: 0.423 | F25: 1496.49 | G25: 1184.57 | H25: 311.92 | I25: 120.9 | J25: 633 | K25: 501 | L25: 132 | M25: 51 | N25: 103.91 | O25: 43.95 | P25: 7.74 | Q25: 3.27
A26: 4 | B26: ТЕР46-04-008-01 | C26: Разборка покрытий кровель из рулонных материалов | D26: 100 м2 | E26: 1.92 | F26: 202.89 | G26: 158.04 | H26: 44.85 | J26: 390 | K26: 304 | L26: 86 | N26: 14.38 | O26: 27.61
A27: 5 | B27: ТЕР12-01-017-01 | C27: Разборка выравнивающих стяжек цементно-песчаных толщиной 15 мм КОЭФ. К ПОЗИЦИИ: разборка ОЗП=0,8; ЭМ=0,8 к расх.; ЗПМ=0,8; МАТ=0 к расх.; ТЗ=0,8; ТЗМ=0,8 | D27: 100 м2 | E27: 1.92 | F27: 493.74 | G27: 265.02 | H27: 228.72 | I27: 25.64 | J27: 948 | K27: 509 | L27: 439 | M27: 49 | N27: 21.78 | O27: 41.82 | P27: 1.55 | Q27: 2.98
A28: 6 | B28: ТЕР46-04-011-02 | C28: Разборка в зданиях и сооружения с агрессивными средами покрытий полов из плиток, уложенных на растворе | D28: 100 м2 покрытия | E28: 1.5304 | F28: 541.99 | G28: 464.41 | H28: 77.58 | I28: 7.19 | J28: 829 | K28: 711 | L28: 118 | M28: 11 | N28: 36.77 | O28: 56.27 | P28: 0.46 | Q28: 0.7
A29: 7 | B29: ТЕРр57-2-4 | C29: Разборка покрытий полов цементных | D29: 100 м2 покрытия | E29: 1.5304 | F29: 4262.51 | G29: 1335.51 | H29: 2927 | I29: 288.33 | J29: 6523 | K29: 2044 | L29: 4479 | M29: 441 | N29: 111.2 | O29: 170.18 | P29: 21 | Q29: 32.14
A30: 8 | B30: СЦП1-1-27-А | C30: Погрузочные работы при автомобильных перевозках: мусор строительный КОЭФ. К ПОЗИЦИИ: Коэффициент техн.часть п.3 ПЗ=1,025 | D30: т | E30: 135.6 | F30: 2.77 | G30: 2.77 | J30: 376 | K30: 376
A31: 9 | B31: СЦП3-3-40-1 | C31: Перевозка грузов (грунта и мусора) автомобилями-самосвалами (работающими вне карьеров): расстояние 40 км, класс груза I КОЭФ. К ПОЗИЦИИ: 17 При перевозке грузов к провозной плате (тарифам) применять поправочный коэффициент ПЗ=1,37 | D31: т | E31: 135.6 | F31: 52.85 | H31: 52.85 | J31: 7166 | L31: 7166
A32: Раздел 2. Фундаменты
A33: Земляные работы
A34: 10 | B34: ТЕР01-01-003-09 | C34: Разработка грунта в отвал экскаваторами «драглайн» или «обратная лопата» с ковшом вместимостью 0,65 (0,5-1) м3, группа грунтов 3 | D34: 1000 м3 грунта | E34: 0.349 | F34: 4796.33 | G34: 145.29 | H34: 4651.04 | I34: 489.16 | J34: 1674 | K34: 51 | L34: 1623 | M34: 171 | N34: 13.22 | O34: 4.61 | P34: 28.91 | Q34: 10.09
A35: 11 | B35: ТЕР01-02-056-08 | C35: Разработка грунта вручную в траншеях шириной более 2 м и котлованах площадью сечения до 5 м2 с креплениями, глубина траншей и котлованов до 3 м, группа грунтов 2 КОЭФ. К ПОЗИЦИИ: 3.187 Доработка вручную, зачистка дна и стенок с выкидкой грунта в котлованах и траншеях, разработанных механизированным способом ОЗП=1,2; ТЗ=1,2 | D35: 100 м3 грунта | E35: 0.105 | F35: 4194.91 | G35: 4194.91 | J35: 440 | K35: 440 | N35: 355.2 | O35: 37.3
A36: 12 | B36: ТЕР01-01-033-01 | C36: Засыпка траншей и котлованов с перемещением грунта до 5 м бульдозерами мощностью 59 кВт (80 л.с.), группа грунтов 1 | D36: 1000 м3 грунта | E36: 0.268 | F36: 704.9 | H36: 704.9 | I36: 118.71 | J36: 189 | L36: 189 | M36: 32 | P36: 7.6 | Q36: 2.04
A37: 13 | B37: ТЕР01-02-061-02 | C37: Засыпка вручную траншей, пазух котлованов и ям, группа грунтов 2 | D37: 100 м3 грунта | E37: 0.105 | F37: 1027.4 | G37: 1027.4 | J37: 108 | K37: 108 | N37: 97.2 | O37: 10.21
A38: 14 | B38: ТЕР01-01-013-01 | C38: Разработка грунта с погрузкой на автомобили-самосвалы экскаваторами с ковшом вместимостью 1 (1-1,2) м3, группа грунтов 1 | D38: 1000 м3 грунта | E38: 0.081 | F38: 3222.6 | G38: 70.34 | H38: 3148.43 | I38: 524.17 | J38: 261 | K38: 6 | L38: 255 | M38: 42 | N38: 6.4 | O38: 0.52 | P38: 32.72 | Q38: 2.65
A39: 15 | B39: СЦП3-3-10-1 | C39: Перевозка грузов автомобилями-самосвалами (работающими вне карьеров): расстояние 10 км, класс груза I КОЭФ. К ПОЗИЦИИ: 17 При перевозке грузов к провозной плате (тарифам) применять поправочный коэффициент ПЗ=1,37 | D39: т | E39: 162 | F39: 18.37 | H39: 18.37 | J39: 2976 | L39: 2976
A40: 16 | B40: ТЕР01-01-016-01 | C40: Работа на отвале, группа грунтов 1 | D40: 1000 м3 грунта | E40: 0.081 | F40: 391.87 | G40: 32.86 | H40: 356.46 | I40: 55.16 | J40: 32 | K40: 3 | L40: 29 | M40: 4 | N40: 2.99 | O40: 0.24 | P40: 3.26 | Q40: 0.26
A41: под кирпичные перегородки
A42: 17 | B42: ТЕРр51-2-3 | C42: Разработка грунта при подводке, смене или усилении фундаментов, грунты 1-2 группы, без крепления | D42: 100 м3 грунта | E42: 0.06 | F42: 3878.43 | G42: 3877.34 | H42: 1.09 | J42: 233 | K42: 233 | N42: 346.5 | O42: 20.79
A43: 18 | B43: ТЕР08-01-002-02 | C43: Устройство основания под фундаменты щебеночного | D43: 1 м3 основания | E43: 6 | F43: 288.26 | G43: 27.62 | H43: 67.69 | I43: 7.48 | J43: 1730 | K43: 166 | L43: 406 | M43: 45 | N43: 2.4 | O43: 14.4 | P43: 0.54 | Q43: 3.24
A44: 19 | B44: ТЕР06-01-001-16 | C44: Устройство фундаментов под кирпичные перегородки толщ. 250 мм | D44: 100 м3 | E44: 0.01 | F44: 70670.2 | G44: 2650.13 | H44: 7038.24 | I44: 496.22 | J44: 707 | K44: 27 | L44: 70 | M44: 5 | N44: 220.66 | O44: 2.21 | P44: 27.31 | Q44: 0.27
A45: 20 | B45: ТЕР06-01-001-16 | C45: Устройство фундаментов под кирпичные перегородки толщ. 120 мм | D45: 100 м3 | E45: 0.091 | F45: 70670.2 | G45: 2650.13 | H45: 7038.24 | I45: 496.22 | J45: 6431 | K45: 241 | L45: 640 | M45: 45 | N45: 220.66 | O45: 20.08 | P45: 27.31 | Q45: 2.49
A46: 21 | B46: ТСЦ-204-0005 | C46: Горячекатаная арматурная сталь гладкая класса А-I, диаметром 14 мм | D46: т | E46: 0.4 | F46: 4282.07 | J46: 1713
A47: 22 | B47: ТЕР08-01-003-03 | C47: Гидроизоляция стен, фундаментов горизонтальная оклеечная в 2 слоя | D47: 100 м2 | E47: 0.496 | F47: 4988.12 | G47: 241.4 | H47: 220.12 | J47: 2474 | K47: 120 | L47: 109 | N47: 20.1 | O47: 9.97
A48: под стены пристроя
A49: 23 | B49: ТЕР08-01-002-02 | C49: Устройство основания под фундаменты щебеночного | D49: 1 м3 основания | E49: 3.5 | F49: 288.26 | G49: 27.62 | H49: 67.69 | I49: 7.48 | J49: 1009 | K49: 97 | L49: 237 | M49: 26 | N49: 2.4 | O49: 8.4 | P49: 0.54 | Q49: 1.89
A50: 24 | B50: ТЕР07-01-001-03 | C50: Укладка блоков и плит ленточных фундаментов при глубине котлована до 4 м, масса конструкций до 3,5 т | D50: 100 шт. сборных конструкций | E50: 0.57 | F50: 12295.23 | G50: 1716.48 | H50: 6049.38 | I50: 785.08 | J50: 7008 | K50: 978 | L50: 3448 | M50: 447 | N50: 134.31 | O50: 76.56 | P50: 43.81 | Q50: 24.97
A51: 25 | B51: ТЕР07-01-001-02 | C51: Укладка блоков и плит ленточных фундаментов при глубине котлована до 4 м, масса конструкций до 1,5 т | D51: 100 шт. сборных конструкций | E51: 0.56 | F51: 8118.44 | G51: 1142.92 | H51: 3992.1 | I51: 560.8 | J51: 4546 | K51: 640 | L51: 2236 | M51: 314 | N51: 91.58 | O51: 51.28 | P51: 31.26 | Q51: 17.51
A52: 26 | B52: ТСЦ-403-8014 | C52: Блоки бетонные стен подвалов сплошные (ГОСТ13579-78) ФБС24-6-6-Т /бетон В7,5 (М100), объем 0,815 м3, расход арматуры 2,36 кг/ | D52: шт. | E52: 57 | F52: 519.51 | J52: 29612
A53: 27 | B53: ТСЦ-403-8010 | C53: Блоки бетонные стен подвалов сплошные (ГОСТ13579-78) ФБС12-6-6-Т /бетон В7,5 (М100), объем 0,398 м3, расход арматуры 1,46 кг/ | D53: шт. | E53: 7 | F53: 262.28 | J53: 1836
A54: 28 | B54: ТСЦ-403-8017 | C54: Блоки бетонные стен подвалов сплошные (ГОСТ13579-78) ФБВ 9-6-6-Т /бетон В7,5 (М100), объем 0,243 м3, расход арматуры 0,76 кг/ с вырезом | D54: шт. | E54: 4 | F54: 165.39 | J54: 662
A55: 29 | B55: ТСЦ-403-8007 | C55: Блоки бетонные стен подвалов сплошные (ГОСТ13579-78) ФБС12-6-3-Т /бетон В7,5 (М100), объем 0,191 м3, расход арматуры 0,74 кг/ | D55: шт. | E55: 23 | F55: 130 | J55: 2990
A56: 30 | B56: ТСЦ-403-8008 | C56: Блоки бетонные стен подвалов сплошные (ГОСТ13579-78) ФБС12-4-6-Т /бетон В7,5 (М100), объем 0,265 м3, расход арматуры 1,46 кг/ | D56: шт. | E56: 7 | F56: 180.37 | J56: 1263
A57: 31 | B57: ТСЦ-403-8005 | C57: Блоки бетонные стен подвалов сплошные (ГОСТ13579-78) ФБС12-4-3-Т /бетон В7,5 (М100), объем 0,127 м3, расход арматуры 0,74 кг/ | D57: шт. | E57: 3 | F57: 86.44 | J57: 259
A58: 32 | B58: ТСЦ-403-8012 | C58: Блоки бетонные стен подвалов сплошные (ГОСТ13579-78) ФБС24-4-6-Т /бетон В7,5 (М100), объем 0,543 м3, расход арматуры 1,46 кг/ | D58: шт. | E58: 2 | F58: 346.12 | J58: 692
A59: 33 | B59: ТСЦ-403-1433 | C59: Плиты железобетонные ленточных фундаментов ФЛ 10.24-1 /бетон В10 (М150), объем 0,55 м3, расход ар-ры 5,02 кг | D59: шт. | E59: 8 | F59: 686.13 | J59: 5489
A60: 34 | B60: ТСЦ-403-1431 | C60: Плиты железобетонные ленточных фундаментов ФЛ 10.12-2 /бетон В 10(М150), объем 0,26 м3, расход ар-ры 3,52 кг | D60: шт. | E60: 2 | F60: 332.85 | J60: 666
A61: 35 | B61: ТЕР06-01-001-20 | C61: Устройство ленточных фундаментов бетонных (монолитные заделки) | D61: 100 м3 | E61: 0.03 | F61: 68559.6 | G61: 4107.13 | H61: 5631.35 | I61: 399.01 | J61: 2057 | K61: 123 | L61: 169 | M61: 12 | N61: 337.48 | O61: 10.12 | P61: 21.96 | Q61: 0.66
A62: 36 | B62: ТЕР08-01-003-08 | C62: Выравнивание поверхности фундаментов | D62: 100 м2 | E62: 0.347 | F62: 3172.74 | G62: 1265.8 | H62: 21.83 | J62: 1101 | K62: 439 | L62: 8 | N62: 96.7 | O62: 33.55
A63: 37 | B63: ТЕР08-01-003-03 | C63: Гидроизоляция стен, фундаментов горизонтальная оклеечная в 2 слоя | D63: 100 м2 | E63: 0.347 | F63: 4988.12 | G63: 241.4 | H63: 220.12 | J63: 1731 | K63: 84 | L63: 76 | N63: 20.1 | O63: 6.97
A64: 38 | B64: ТЕР08-01-003-03 | C64: Гидроизоляция стен, фундаментов горизонтальная оклеечная в 2 слоя в двух горизонталях кладки (гидроизол) КОЭФ. К ПОЗИЦИИ: ПЗ=2 | D64: 100 м2 | E64: 0.347 | F64: 7252.64 | G64: 482.8 | H64: 440.24 | J64: 2517 | K64: 168 | L64: 153 | N64: 40.2 | O64: 13.95
A65: 39 | B65: ТСЦ-101-1564 | C65: Гидроизол | D65: м2 | E65: 152.7 | F65: 7.2 | J65: 1099
A66: 40 | B66: ТЕР08-01-003-07 | C66: Гидроизоляция боковая обмазочная битумная в 2 слоя по выровненной поверхности бутовой кладки, кирпичу, бетону | D66: 100 м2 | E66: 2.081 | F66: 1496.69 | G66: 284.08 | H66: 104.01 | J66: 3115 | K66: 591 | L66: 216 | N66: 21.2 | O66: 44.12
A67: буронабивные фундаменты Ф-1=8шт; Ф-2=10шт
A68: 41 | B68: ТЕР01-02-031-02 | C68: Бурение ям глубиной до 2 м бурильно-крановыми машинами на тракторе, группа грунтов 2 | D68: 100 ям | E68: 0.08 | F68: 4032.02 | G68: 249.91 | H68: 3782.11 | I68: 385.97 | J68: 323 | K68: 20 | L68: 303 | M68: 31 | N68: 22.74 | O68: 1.82 | P68: 24.71 | Q68: 1.98
A69: 42 | B69: ТЕР01-02-058-06 | C69: Копание ям вручную без креплений с откосами глубиной до 2,15 м, группа грунтов 2 | D69: 100 м3 грунта | E69: 0.017 | F69: 1692.46 | G69: 1692.46 | J69: 29 | K69: 29 | N69: 154 | O69: 2.62
A70: 43 | B70: ТЕР08-01-002-02 | C70: Устройство основания под фундаменты щебеночного | D70: 1 м3 основания | E70: 0.02 | F70: 288.26 | G70: 27.62 | H70: 67.69 | I70: 7.48 | J70: 6 | K70: 1 | L70: 1 | N70: 2.4 | O70: 0.05 | P70: 0.54 | Q70: 0.01
A71: 44 | B71: ТЕР06-01-001-13 | C71: Устройство фундаментов-столбов бетонных | D71: 100 м3 | E71: 0.084 | F71: 72650.77 | G71: 7185.1 | H71: 4805.24 | I71: 338.14 | J71: 6103 | K71: 604 | L71: 404 | M71: 28 | N71: 598.26 | O71: 50.25 | P71: 18.62 | Q71: 1.56
A72: 45 | B72: ТЕР06-01-015-06 | C72: Армирование свай | D72: 1 т | E72: 0.485 | F72: 1290.61 | G72: 627.77 | H72: 589.31 | I72: 31.85 | J72: 626 | K72: 304 | L72: 286 | M72: 15 | N72: 46.33 | O72: 22.47 | P72: 1.75 | Q72: 0.85
A73: 46 | B73: ТСЦ-204-9171 | C73: Арматурная сталь для монолитных железобетонных конструкций | D73: т | E73: 0.1104
A74: 47 | B74: ТЕР06-01-015-08 | C74: Установка закладных деталей весом до 20 кг | D74: 1 т | E74: 0.0907 | F74: 7992.38 | G74: 807.95 | H74: 42.05 | I74: 2.73 | J74: 725 | K74: 73 | L74: 4 | N74: 63.22 | O74: 5.73 | P74: 0.15 | Q74: 0.01
A75: Раздел 3. Металлический каркас пристраиваемого здания, кровля
A76: 48 | B76: ТЕР09-01-001-01 | C76: Монтаж каркасов одноэтажных производственных зданий одно- и многопролетных без фонарей пролетом до 24 м, высотой до 15 м без кранов | D76: 1 т конструкций | E76: 8.222 | F76: 1137.76 | G76: 303.52 | H76: 535.13 | I76: 53.33 | J76: 9355 | K76: 2496 | L76: 4400 | M76: 438 | N76: 22.4 | O76: 184.17 | P76: 2.81 | Q76: 23.1
A77: 49 | B77: ТСЦ-201-0779 | C77: Прочие индивидуальные сварные конструкции, масса сборочной единицы от 0,1 до 0,5 т | D77: т | E77: 8.222 | F77: 13506.5 | J77: 111050
A78: 50 | B78: ТЕР13-06-004-01 | C78: Обеспыливание поверхности | D78: 1 м2 обеспыливаемой поверхности | E78: 273.1 | F78: 2.59 | G78: 1.2 | H78: 1.39 | J78: 707 | K78: 328 | L78: 379 | N78: 0.1 | O78: 27.31
A79: 51 | B79: ТЕР13-03-002-04 | C79: Огрунтовка металлических поверхностей за один раз грунтовкой ГФ-021 | D79: 100 м2 | E79: 2.731 | F79: 417.46 | G79: 79.65 | H79: 10.15 | I79: 0.16 | J79: 1140 | K79: 218 | L79: 28 | N79: 5.31 | O79: 14.5 | P79: 0.01 | Q79: 0.03
A80: 52 | B80: ТЕР26-02-009-01 | C80: Огнезащитное покрытие металлических огрунтованных (грунтом ГФ-021) поверхностей материалом огнезащитным терморасширяющимся | D80: 100 м2 покрытия | E80: 2.731 | F80: 2788.4 | G80: 2296.32 | H80: 323.21 | J80: 7615 | K80: 6271 | L80: 883 | N80: 184 | O80: 502.5
A81: 53 | B81: ТСЦ-113-0519 | C81: Материал огнезащитный терморасширяющийся | D81: кг | E81: 600.8 | F81: 85 | J81: 51068
A82: 54 | B82: ТЕР10-01-083-05 | C82: Устройство настила рабочего толщиной 40 мм сплошного | D82: 100 м2 покрытия | E82: 3.3 | F82: 6128.16 | G82: 382.78 | H82: 180.04 | I82: 16.2 | J82: 20223 | K82: 1263 | L82: 594 | M82: 53 | N82: 31.07 | O82: 102.53 | P82: 0.89 | Q82: 2.94
A83: 55 | B83: ТЕР09-04-002-03 | C83: Монтаж кровельного покрытия из многослойных панелей заводской готовности при высоте до 50 м | D83: 100 м2 покрытия | E83: 3.3 | F83: 2690.79 | G83: 577.66 | H83: 1925.66 | I83: 172.5 | J83: 8880 | K83: 1906 | L83: 6355 | M83: 569 | N83: 45.2 | O83: 149.16 | P83: 9.74 | Q83: 32.14
A84: 56 | B84: ТСЦ-201-0287 прим. | C84: Панели трехслойные стеновые с обшивками из стальных профилированных листов с утеплителем из минераловатных плит доборные, толщина утеплителя 150 мм - ПКТП.150 | D84: м2 | E84: 330 | F84: 769.55 | J84: 253952
A85: Раздел 4. Перекрытие в осях 5-7
A86: 57 | B86: ТЕР01-02-058-06 | C86: Копание ям вручную без креплений с откосами глубиной до 2,15 м, группа грунтов 2 | D86: 100 м3 грунта | E86: 0.008 | F86: 1692.46 | G86: 1692.46 | J86: 14 | K86: 14 | N86: 154 | O86: 1.23
A87: 58 | B87: ТЕР08-01-002-02 | C87: Устройство основания под фундаменты щебеночного | D87: 1 м3 основания | E87: 0.08 | F87: 288.26 | G87: 27.62 | H87: 67.69 | I87: 7.48 | J87: 23 | K87: 2 | L87: 5 | M87: 1 | N87: 2.4 | O87: 0.19 | P87: 0.54 | Q87: 0.04
A88: 59 | B88: ТЕР06-01-001-13 | C88: Устройство фундаментов-столбов бетонных | D88: 100 м3 | E88: 0.003 | F88: 72650.77 | G88: 7185.1 | H88: 4805.24 | I88: 338.14 | J88: 218 | K88: 22 | L88: 14 | M88: 1 | N88: 598.26 | O88: 1.79 | P88: 18.62 | Q88: 0.06
A89: 60 | B89: ТЕР06-01-015-08 | C89: Установка закладных деталей весом до 20 кг | D89: 1 т | E89: 0.067 | F89: 7992.38 | G89: 807.95 | H89: 42.05 | I89: 2.73 | J89: 535 | K89: 54 | L89: 3 | N89: 63.22 | O89: 4.24 | P89: 0.15 | Q89: 0.01
A90: 61 | B90: ТЕР46-03-009-02 | C90: Пробивка в кирпичных стенах гнезд размером до 260х260 мм | D90: 100 шт. | E90: 0.12 | F90: 3359.59 | G90: 689.7 | H90: 2669.89 | I90: 247.26 | J90: 403 | K90: 83 | L90: 320 | M90: 30 | N90: 53.3 | O90: 6.4 | P90: 15.83 | Q90: 1.9
A91: 62 | B91: ТЕР09-01-001-01 | C91: Монтаж каркасов одноэтажных производственных зданий одно- и многопролетных без фонарей пролетом до 24 м, высотой до 15 м без кранов | D91: 1 т конструкций | E91: 2.202 | F91: 1137.76 | G91: 303.52 | H91: 535.13 | I91: 53.33 | J91: 2505 | K91: 668 | L91: 1178 | M91: 117 | N91: 22.4 | O91: 49.32 | P91: 2.81 | Q91: 6.19
A92: 63 | B92: ТСЦ-201-0779 | C92: Прочие индивидуальные сварные конструкции, масса сборочной единицы от 0,1 до 0,5 т | D92: т | E92: 2.202 | F92: 13506.5 | J92: 29741
A93: 64 | B93: ТЕР09-03-029-01 | C93: Монтаж лестниц прямолинейных и криволинейных, пожарных с ограждением | D93: 1 т конструкций | E93: 0.363 | F93: 1387.54 | G93: 428.9 | H93: 850.09 | I93: 102.76 | J93: 504 | K93: 156 | L93: 309 | M93: 37 | N93: 32.37 | O93: 11.75 | P93: 5.64 | Q93: 2.05
A94: 65 | B94: ТСЦ-201-0843 | C94: Конструкции стальные индивидуальные решетчатые сварные массой до 0,1 т | D94: т | E94: 0.363 | F94: 16144.61 | J94: 5860
A95: 66 | B95: ТЕР13-06-004-01 | C95: Обеспыливание поверхности | D95: 1 м2 | E95: 90.7 | F95: 2.59 | G95: 1.2 | H95: 1.39 | J95: 235 | K95: 109 | L95: 126 | N95: 0.1 | O95: 9.07
A96: 67 | B96: ТЕР13-03-002-04 | C96: Огрунтовка металлических поверхностей за один раз грунтовкой ГФ-021 | D96: 100 м2 | E96: 0.907 | F96: 417.46 | G96: 79.65 | H96: 10.15 | I96: 0.16 | J96: 379 | K96: 72 | L96: 9 | N96: 5.31 | O96: 4.82 | P96: 0.01 | Q96: 0.01
A97: 68 | B97: ТЕР26-02-009-01 | C97: Огнезащитное покрытие металлических огрунтованных (грунтом ГФ-021) поверхностей материалом огнезащитным терморасширяющимся | D97: 100 м2 | E97: 0.907 | F97: 2788.4 | G97: 2296.32 | H97: 323.21 | J97: 2529 | K97: 2083 | L97: 293 | N97: 184 | O97: 166.89
A98: 69 | B98: ТСЦ-113-0519 | C98: Материал огнезащитный терморасширяющийся | D98: кг | E98: 199.5 | F98: 85 | J98: 16958
A99: 70 | B99: ТЕР46-03-017-05 | C99: Заделка отверстий, гнезд и борозд в стенах и перегородках бетонных площадью до 0,1 м2 | D99: 1 м3 заделки | E99: 0.19 | F99: 2078.32 | G99: 857.51 | H99: 44.07 | J99: 395 | K99: 163 | L99: 8 | N99: 75.22 | O99: 14.29
A100: Раздел 5. Стены, перегородки
A101: 71 | B101: ТЕР10-05-009-01 | C101: Облицовка стен по системе «КНАУФ» по одинарному металлическому каркасу из ПН и ПС профилей гипсокартонными листами в один слой (С 625) оконным проемом | D101: 100 м2 | E101: 2.1 | F101: 10984.75 | G101: 907.38 | H101: 33.59 | J101: 23068 | K101: 1905 | L101: 71 | N101: 71 | O101: 149.1
A102: 72 | B102: ТЕР26-01-039-01 | C102: Изоляция стен из волокнистых и зернистых материалов насухо (наружные стены изнутри) | D102: 1 м3 | E102: 10.5 | F102: 209.4 | G102: 138.49 | H102: 70.91 | J102: 2199 | K102: 1454 | L102: 745 | N102: 10.58 | O102: 111.09
A103: 73 | B103: Цена поставщика | C103: Плиты минераловатные «ЕВРО-БЛОК», толщина 50 мм (Ц:2523руб:1,18:4,42х1,02) | D103: м3 | E103: 10.71 | F103: 493.42 | J103: 5285
...

Sheet 24356
A1: СОГЛАСОВАНО: | E1: ФГУП "Комбинат "Электрохимприбор" | M1: УТВЕРЖДАЮ:
G2: (наименование стройки)
A3: _________________ | M3: _________________
A4: " _____ " ________________ 2012 г. | M4: "______ " __________2012 г.
G5: ЛОКАЛЬНЫЙ СМЕТНЫЙ РАСЧЕТ № 24356
G6: (локальная смета)
C8: на | D8: Система автоматической пожарной сигнализации и СОУЭ. Площадка 2. Здание 234Г.
H9: (наименование работ и затрат, наименование объекта)
D11: Основание: проект №24244-12-ПС | H11: Тема КПМ Ж 6268.220
D12: Сметная стоимость _______________________________________________________________________________________________ | J12: ___________________________959,813 | L12: тыс. руб.
D13: строительных работ _______________________________________________________________________________________________ | J13: _______________________________________________________________________________________________195,329 | L13: тыс. руб.
D14: монтажных работ _______________________________________________________________________________________________ | J14: _______________________________________________________________________________________________550,153 | L14: тыс. руб.
D15: прочих (ПНР "в холостую") _______________________________________________________________________________________________ | J15: _______________________________________________________________________________________________39,700 | L15: тыс. руб.
D16: оборудования _______________________________________________________________________________________________ | J16: _______________________________________________________________________________________________174,631 | L16: тыс. руб.
D17: Средства на оплату труда _______________________________________________________________________________________________ | J17: =((K164-K158)*4.42+K159)/1000 -> 147.81762 | L17: тыс. руб.
D18: Сметная трудоемкость _______________________________________________________________________________________________ | J18: _______________________________________________________________________________________________2265,35 | L18: чел.час
D19: Материалы ______________________________________ | K19: =K162*4.42/1000 -> 408.50524 | L19: тыс.руб.
D20: Составлен(а) в базовых ценах 2001г. в редакции 2009г. с переводом в текущие с К=4,42; 4,19
A22: № пп | B22: Обоснова-ние | C22: Наименование | D22: Ед. изм. | E22: Кол. | F22: Стоимость единицы, руб. | J22: Общая стоимость, руб. | O22: Т/з осн. раб.на ед. | P22: Т/з осн. раб. Всего | Q22: Общая масса обору-дования, т
F23: Всего | G23: В том числе | J23: Обору-дование | K23: Всего | L23: В том числе
G24: Осн.З/п | H24: Эк.Маш | I24: З/пМех | L24: Осн.З/п | M24: Эк.Маш | N24: З/пМех
A25: 1 | B25: 2 | C25: 3 | D25: 4 | E25: 5 | F25: 6 | G25: 7 | H25: 8 | I25: 9 | J25: 10 | K25: 11 | L25: 12 | M25: 13 | N25: 14 | O25: 15 | P25: 16 | Q25: 17
A26: Раздел 1. Монтажные работы
A27: 1 | B27: Цена поставщика | C27: РИП-12 исп. 01 (Ц:3120руб :1,18:4,19) | D27: шт | E27: 1 | J27: 631 | K27: 631
A28: 2 | B28: Цена поставщика | C28: АКБ 7,0А/ч (Ц:700руб:1,18:4,19) | D28: шт | E28: 1 | J28: 142 | K28: 142
A29: 3 | B29: Цена поставщика | C29: АКБ 2,0А/ч (Ц:360руб:1,18:4,19) | D29: шт | E29: 1 | J29: 73 | K29: 73
A30: 4 | B30: ТЕРм10-02-016-06 | C30: Отдельно устанавливаемый преобразователь или блок питания | D30: 1 шт. | E30: 1 | F30: 256.7 | G30: 157.76 | H30: 33.83 | I30: 6.87 | K30: 257 | L30: 158 | M30: 34 | N30: 7 | O30: 10.1 | P30: 10.1
A31: 5 | B31: Цена поставщика | C31: Бокс под АКБ 2*17 А/ч, 12В, 24В (металл), габарит. 222х356х96 (Ц:1300руб :1,18:4,42) | D31: шт | E31: 1 | F31: 249.03 | K31: 249
A32: 6 | B32: ТЕРм10-06-037-09 | C32: Монтаж: бокс под АКБ навесной 222х356х96 мм | D32: 1 шт. | E32: 1 | F32: 32.23 | G32: 26.18 | H32: 1.91 | K32: 32 | L32: 26 | M32: 2 | O32: 2.18 | P32: 2.18
A33: 7 | B33: Цена поставщика | C33: Блок защиты от скачков напряжения "Альбатрос-500" (Ц:506руб :1,18:4,19) | D33: шт | E33: 1 | J33: 102 | K33: 102
A34: 8 | B34: ТЕРм10-08-003-03 прим. | C34: Монтаж: блок защиты от скачков напряжения "АЛЬБАТРОС-500" | D34: 1 шт. | E34: 1 | F34: 59.97 | G34: 51.77 | H34: 0.37 | K34: 60 | L34: 52 | O34: 3.6 | P34: 3.6
A35: 9 | B35: Цена поставщика | C35: Ответвительная коробка ЕС 400 под блок защиты от скачков напряжения "Альбатрос-500" (Ц:250руб:1,18:4,42) | D35: шт | E35: 1 | F35: 47.93 | K35: 48
A36: 10 | B36: ТЕРм10-08-019-01 | C36: Коробка ответвительная на стене | D36: 1 шт. | E36: 1 | F36: 7.32 | G36: 6.88 | K36: 7 | L36: 7 | O36: 0.5 | P36: 0.5
A37: 11 | B37: Цена поставщика | C37: ПКУ "С2000-М" (Ц:6550руб :1,18:4,19) | D37: шт | E37: 1 | J37: 1325 | K37: 1325
A38: 12 | B38: ТЕРм10-08-001-13 | C38: Монтаж: релейный блок С2000М | D38: 1 шт. | E38: 1 | F38: 64.92 | G38: 57.52 | H38: 0.37 | K38: 65 | L38: 58 | O38: 4 | P38: 4
A39: 13 | B39: Цена поставщика | C39: Автодозвонщик С2000-ИТ с пульта С2000 (Ц:4475руб :1,18:4,19) | D39: шт | E39: 1 | J39: 905 | K39: 905
A40: 14 | B40: ТЕРм10-08-001-13 прим. | C40: Монтаж: информатор телефонный С2000-ИТ | D40: 1 шт. | E40: 1 | F40: 64.92 | G40: 57.52 | H40: 0.37 | K40: 65 | L40: 58 | O40: 4 | P40: 4
A41: 15 | B41: Цена поставщика | C41: Контроллер двухпроводный "С2000-КДЛ" (Ц:2190руб :1,18:4,19) | D41: шт | E41: 1 | J41: 443 | K41: 443
A42: 16 | B42: ТЕРм10-08-001-13 | C42: Монтаж: контроллер С2000-КДЛ | D42: 1 шт. | E42: 1 | F42: 64.92 | G42: 57.52 | H42: 0.37 | K42: 65 | L42: 58 | O42: 4 | P42: 4
A43: 17 | B43: Цена поставщика | C43: Релейный блок "С2000-СП1" исп 01 (Ц:1970руб :1,18:4,19) | D43: шт | E43: 1 | J43: 398 | K43: 398
A44: 18 | B44: Цена поставщика | C44: Релейный блок "С2000-СП2" исп 01 (Ц:1095руб :1,18:4,19) | D44: шт | E44: 6 | J44: 1329 | K44: 1329
A45: 19 | B45: ТЕРм10-08-001-13 | C45: Монтаж: релейный блок С2000-СП1; С2000-СП2 | D45: 1 шт. | E45: 7 | F45: 64.92 | G45: 57.52 | H45: 0.37 | K45: 454 | L45: 403 | M45: 3 | O45: 4 | P45: 28
A46: 20 | B46: Цена поставщика | C46: Адресный расширитель С2000-АР1 (Ц:403руб :1,18:4,19) | D46: шт | E46: 1 | J46: 82 | K46: 82
A47: 21 | B47: ТЕРм10-08-001-13 | C47: Монтаж: адресный расширитель С2000-АР1 | D47: 1 шт. | E47: 1 | F47: 64.92 | G47: 57.52 | H47: 0.37 | K47: 65 | L47: 58 | O47: 4 | P47: 4
A48: 22 | B48: Цена поставщика | C48: Блок разветвительно-изолирующий "Бриз" (Ц:316,72руб :1,18:4,19) | D48: шт | E48: 6 | J48: 384 | K48: 384
A49: 23 | B49: ТЕРм10-08-001-13 прим. | C49: Монтаж: блок разветвительно-изолирующий "Бриз" | D49: 1 шт. | E49: 6 | F49: 64.92 | G49: 57.52 | H49: 0.37 | K49: 390 | L49: 345 | M49: 2 | O49: 4 | P49: 24
A50: 24 | B50: Цена поставщика | C50: Извещатель дымовой оптико-электронный адресно-аналоговый ДИП-34А (Ц:825руб :1,18:4,42) | D50: шт | E50: 51 | F50: 158.18 | K50: 8067
A51: 25 | B51: ТЕРм10-08-002-02 | C51: Извещатель ПС автоматический дымовой, фотоэлектрический, радиоизотопный, световой в нормальном исполнении ДИП34А | D51: 1 шт. | E51: 46 | F51: 28.38 | G51: 22.76 | H51: 0.46 | K51: 1305 | L51: 1047 | M51: 21 | O51: 1.68 | P51: 77.28
A52: 26 | B52: Цена поставщика | C52: Извещатель пожарный ИПР-513-3А (Ц:550руб :1,18:4,42) | D52: шт | E52: 8 | F52: 105.45 | K52: 844
A53: 27 | B53: ТЕРм10-04-066-05 | C53: Извещатель пожарный ручной | D53: 1 шт. | E53: 7 | F53: 13.89 | G53: 12.78 | K53: 97 | L53: 89 | O53: 1 | P53: 7
A54: 28 | B54: Цена поставщика | C54: Извещатель пламени т.Пульсар 3-015 (Ц:16107руб :1,18:4,42) | D54: шт | E54: 3 | F54: 3088.24 | K54: 9265
A55: 29 | B55: ТЕРм10-08-002-02 | C55: Извещатели ПС автоматические дымовой, фотоэлектрический, радиоизотопный, световой в нормальном исполнении "Пульсар 3-015СК" (пламени) | D55: 1 шт. | E55: 2 | F55: 28.38 | G55: 22.76 | H55: 0.46 | K55: 57 | L55: 46 | M55: 1 | O55: 1.68 | P55: 3.36
A56: 30 | B56: Цена поставщика | C56: Кабель оптоволоконный в металлорукаве для извещателя пламени "Пульсар 3-015" (Ц:876,64руб :1,18:4,42) | D56: м | E56: 15 | F56: 168.08 | K56: 2521
A57: 31 | B57: ТЕРм10-01-055-02 | C57: Прокладка кабеля и провода по стенам. Кабель, масса 1 м до 1 кг, по стене кирпичной (оптоволоконный в металлорукаве для "ПУЛЬСАР 3-015") | D57: 100 м кабеля | E57: 0.1 | F57: 1837.57 | G57: 474.14 | H57: 129.78 | I57: 23.9 | K57: 184 | L57: 47 | M57: 13 | N57: 2 | O57: 37.1 | P57: 3.71
A58: 32 | B58: ТСЦ-509-0584 | C58: Резисторы | D58: шт. | E58: 5 | F58: 1.19 | K58: 6
A59: 33 | B59: ТЕРм11-03-001-01 | C59: Монтаж: резисторы | D59: 1 шт. | E59: 3 | F59: 8.41 | G59: 7.26 | K59: 25 | L59: 22 | O59: 0.52 | P59: 1.56
A60: 34 | B60: Цена поставщика | C60: Светоуказатель Выход "Молния-12В" (Ц:155руб :1,18:4,42) | D60: шт | E60: 13 | F60: 29.72 | K60: 386
A61: 35 | B61: ТЕРм10-04-066-06 | C61: Монтаж оповещателя светового "ВЫХОД" | D61: 1 шт. | E61: 11 | F61: 98.76 | G61: 74.88 | K61: 1086 | L61: 824 | O61: 6 | P61: 66
A62: 36 | B62: Цена поставщика | C62: Оповещатель звуковой ДИП-43 (ИП 212-43) Антишок (Ц:520,20руб:1,18:4,42) | D62: шт | E62: 16 | F62: 49.23 | K62: 788
A63: 37 | B63: ТЕРм10-04-066-05 | C63: Монтаж оповещателя звукового | D63: 1 шт. | E63: 17 | F63: 13.89 | G63: 12.78 | K63: 236 | L63: 217 | O63: 1 | P63: 17
A64: 38 | B64: Цена поставщика | C64: Оповещатель световой взрывозащищенный СКОПА 1ExmПТ6 (Ц:7434руб :1,18:4,42) | D64: шт | E64: 1 | F64: 1425.34 | K64: 1425
A65: 39 | B65: ТЕРм10-04-066-06 | C65: Монтаж оповещателя светового взрывозащищенного | D65: 1 шт. | E65: 1 | F65: 98.76 | G65: 74.88 | K65: 99 | L65: 75 | O65: 6 | P65: 6
A66: 40 | B66: Цена поставщика | C66: Релейный усилитель УК-ВК-02 (Ц:410руб :1,18:4,42) | D66: шт | E66: 6 | F66: 78.61 | K66: 472
A67: 41 | B67: ТЕРм10-01-039-06 | C67: Монтаж: релейный усилитель УК-ВК-02 | D67: 1 шт. | E67: 6 | F67: 24.5 | G67: 24.02 | K67: 147 | L67: 144 | O67: 2 | P67: 12
A68: 42 | B68: ТСЦ-503-0453 | C68: Коробка универсальная марки УК-П | D68: шт. | E68: 32 | F68: 6.79 | K68: 217
A69: 43 | B69: ТЕРм10-08-019-01 | C69: Монтаж: коробка ответвительная на стене УК-2п | D69: 1 шт. | E69: 27 | F69: 7.32 | G69: 6.88 | K69: 198 | L69: 186 | O69: 0.5 | P69: 13.5
A70: 44 | B70: Цена поставщика | C70: Коробка распаячная КМ41234 100х100х50 мм (Ц:51,84руб:1,18:4,42) | D70: шт | E70: 1 | F70: 9.94 | K70: 10
A71: 45 | B71: ТЕРм10-08-019-01 | C71: Монтаж: коробка распаячная | D71: 1 шт. | E71: 1 | F71: 7.32 | G71: 6.88 | K71: 7 | L71: 7 | O71: 0.5 | P71: 0.5
A72: 46 | B72: Цена поставщика | C72: Шкаф ШРН-2/300 в комплекте с плинтами 500х105х500 мм (Ц:10000руб :1,18:4,42) | D72: шт | E72: 1 | F72: 1917.33 | K72: 1917
A73: 47 | B73: ТЕРм10-06-037-05 | C73: Монтаж: шкаф настенный для приборов | D73: 1 шт. | E73: 1 | F73: 121.87 | G73: 26.33 | H73: 2.39 | K73: 122 | L73: 26 | M73: 2 | O73: 2.06 | P73: 2.06
A74: 48 | B74: Цена поставщика | C74: Кабель-канал 16х12 мм, L=2 м DKC 00312 (Ц:93руб:1,18:4,42) | D74: шт. | E74: 590 | F74: 17.83 | K74: 10520
A75: 49 | B75: ТЕРм10-01-038-08 | C75: Монтаж: кабель канал | D75: 1 м | E75: 1180 | F75: 11.87 | G75: 9.37 | H75: 2.31 | I75: 0.47 | K75: 14007 | L75: 11057 | M75: 2726 | N75: 555 | O75: 0.78 | P75: 920.4
A76: 50 | B76: ТЕРм08-02-396-06 | C76: Короб металлический по стенам и потолкам, длина 3 м | D76: 100 м | E76: 1.2 | F76: 1589.97 | G76: 389.55 | H76: 648.74 | I76: 162.34 | K76: 1908 | L76: 467 | M76: 778 | N76: 195 | O76: 29.4 | P76: 35.28
A77: 51 | B77: Цена поставщика | C77: Лоток перфорированный DKC 150х100 L 3000, 35342 (Ц:396руб:1,18:4,42) | D77: шт | E77: 40 | F77: 75.93 | K77: 3037
A78: 52 | B78: Цена поставщика | C78: Крышка лотка DKC 15х150 L 3000, 35523 (Ц:181,93руб:1,18:4,42) | D78: шт | E78: 40 | F78: 34.88 | K78: 1395
A79: 53 | B79: Цена поставщика | C79: Угол внешний DKC 100х90 NEAV IN-Liner 36042 (Ц:299руб:1,18:4,42) | D79: шт | E79: 1 | F79: 57.33 | K79: 57
A80: 54 | B80: Цена поставщика | C80: Крышка к углу СРО-90 DKC 38003 (Ц:290руб:1,18:4,42) | D80: шт | E80: 1 | F80: 55.6 | K80: 56
A81: 55 | B81: Цена поставщика | C81: Угол вертикальный внешний DKC 100х90 NEAV IN-Liner 36822 (Ц:299руб:1,18:4,42) | D81: шт | E81: 1 | F81: 57.33 | K81: 57
A82: 56 | B82: Цена поставщика | C82: Крышка к СD-90 DKC 38243 (Ц:290руб:1,18:4,42) | D82: шт | E82: 1 | F82: 55.6 | K82: 56
A83: 57 | B83: ТЕРм10-01-055-02 | C83: Прокладка кабеля, масса 1 м до 1 кг, по стене кирпичной | D83: 100 м кабеля | E83: 0.2 | F83: 1837.57 | G83: 474.14 | H83: 129.78 | I83: 23.9 | K83: 368 | L83: 95 | M83: 26 | N83: 5 | O83: 37.1 | P83: 7.42
A84: 58 | B84: ТЕРм10-01-054-01 | C84: Прокладка кабеля по металлическим желобам на одном объекте от 10 до 50 км с вязкой пакетами | D84: 100 м кабеля | E84: 0.15 | F84: 126.41 | G84: 93.68 | H84: 25.37 | I84: 5.15 | K84: 19 | L84: 14 | M84: 4 | N84: 1 | O84: 7.8 | P84: 1.17
A85: 59 | B85: Цена поставщика | C85: Кабель КСБГнг(А)-FRHF 1х2х0,78 (Ц:56685руб :1,18:4,42) | D85: 1000 м | E85: 0.01 | F85: 10858.36 | K85: 109
A86: 60 | B86: Цена поставщика | C86: Кабель КПСЭнг(А)-FRLS 1х2х0,75 (Ц:42150руб :1,18:4,42) | D86: 1000 м | E86: 0.5916 | F86: 8081.53 | K86: 4781
A87: 61 | B87: Цена поставщика | C87: Кабель КПСЭнг(А)-FRLS 2х2х0,75 (Ц:79800руб :1,18:4,42) | D87: 1000 м | E87: 0.0357 | F87: 15300.25 | K87: 546
A88: 62 | B88: ТСЦ-501-1356 | C88: Кабели связи с полиэтиленовой изоляцией, с алюмополиэтиленовым экраном, марки ТППэп, диаметром жилы 0,5 мм, с числом пар - 100 | D88: 1000 м | E88: 0.612 | J88: 34171 | K88: 34171
A89: 63 | B89: ТЕРм10-01-051-11 | C89: Разделка и включение кабеля и провода пистолетом, емкость кабеля 20х2 | D89: 10 концов кабеля | E89: 8 | F89: 134.97 | G89: 126.02 | K89: 1080 | L89: 1008 | O89: 9.3 | P89: 74.4
A90: Раздел 2. Наружные сети
A91: 64 | B91: ТЕРм08-02-407-02 | C91: Труба стальная по установленным конструкциям, по стенам с креплением скобами, диаметр до 40 мм КОЭФ. К ПОЗИЦИИ: 1.8.3.ОП При производстве работ на высоте свыше расстояний, указанных в вводных указаниях к разделам сборника: при высоте свыше 2 до 8 м ОЗП=1,05; ТЗ=1,05 | D91: 100 м | E91: 0.03 | F91: 3036.61 | G91: 577.37 | H91: 1234.04 | I91: 433.04 | K91: 91 | L91: 17 | M91: 37 | N91: 13 | O91: 43.58 | P91: 1.31
A92: 65 | B92: ТСЦ-103-0005 | C92: Трубы стальные сварные водогазопроводные с резьбой черные легкие (неоцинкованные) диаметр условного прохода 40 мм, толщина стенки 3 мм | D92: м | E92: 3 | F92: 32.13 | K92: 96
A93: 66 | B93: ТЕРм08-02-412-05 | C93: Затягивание провода в проложенные трубы и металлические рукава первого одножильного или многожильного в общей оплетке, суммарное сечение до 70 мм2 КОЭФ. К ПОЗИЦИИ: 1.8.3.ОП При производстве работ на высоте свыше расстояний, указанных в вводных указаниях к разделам сборника: при высоте свыше 2 до 8 м ОЗП=1,05; ТЗ=1,05 | D93: 100 м | E93: 0.03 | F93: 877.07 | G93: 203.12 | H93: 40.92 | I93: 2.55 | K93: 26 | L93: 6 | M93: 1 | O93: 15.33 | P93: 0.46
A94: 67 | B94: ТЕРм10-01-054-01 | C94: Прокладка кабеля по металлическим желобам на одном объекте от 10 до 50 км с вязкой пакетами | D94: 100 м кабеля | E94: 0.35 | F94: 126.41 | G94: 93.68 | H94: 25.37 | I94: 5.15 | K94: 44 | L94: 33 | M94: 9 | N94: 2 | O94: 7.8 | P94: 2.73
A95: 68 | B95: ТЕРм08-02-142-01 | C95: Устройство постели при одном кабеле в траншее | D95: 100 м кабеля | E95: 1.25 | F95: 1549.97 | G95: 89.84 | H95: 1458.33 | I95: 90.82 | K95: 1937 | L95: 112 | M95: 1823 | N95: 114 | O95: 6.63 | P95: 8.29
A96: 69 | B96: ТЕРм10-06-026-02 | C96: Прокладка кабеля в подземной канализации, масса 1 м кабеля до 2 кг | D96: 1 км | E96: 0.39 | F96: 7628.91 | G96: 2209.84 | H96: 2765.81 | I96: 231.96 | K96: 2975 | L96: 862 | M96: 1079 | N96: 90 | O96: 184 | P96: 71.76
A97: 70 | B97: ТЕРм10-06-034-23 | C97: Устройство для вывода кабеля из канализации на стену с рытьем и засыпкой, без прохода через стену | D97: 100 шт. | E97: 0.01 | F97: 20608.15 | G97: 6775 | K97: 206 | L97: 68 | O97: 500 | P97: 5
A98: 71 | B98: ТЕР34-02-012-01 | C98: Устройство ввода труб в колодцы | D98: 10 каналов | E98: 0.6 | F98: 127.05 | G98: 100.07 | K98: 76 | L98: 60 | O98: 7.83 | P98: 4.7
A99: 72 | B99: ТЕРм08-02-374-01 | C99: Устройство ввода в здание в стальной трубе, провод сечением до 16 мм2, количество проводов в линии 2 | D99: 1 шт. | E99: 1 | F99: 499.66 | G99: 47.48 | H99: 437.69 | I99: 50.96 | K99: 500 | L99: 47 | M99: 438 | N99: 51 | O99: 3.21 | P99: 3.21
A100: 73 | B100: ТЕРм08-02-155-01 | C100: Герметизация проходов при вводе кабелей во взрывоопасные помещения уплотнительной массой | D100: 1 проход кабеля | E100: 1 | F100: 22.58 | G100: 6.37 | K100: 23 | L100: 6 | O100: 0.47 | P100: 0.47
A101: 74 | B101: ТЕРм10-06-034-31 | C101: Герметизация крышки люка колодца кабельной канализации | D101: 1 люк | E101: 6 | F101: 293.89 | G101: 25.63 | K101: 1763 | L101: 154 | O101: 2.17 | P101: 13.02
A102: Строительные работы
A103: 75 | B103: ТЕР46-03-009-08 | C103: Пробивка в кирпичных стенах отверстий круглых диаметром до 50 мм при толщине стен до 51 см | D103: 100 шт. | E103: 0.01 | F103: 5264.08 | G103: 1256.86 | H103: 4007.22 | I103: 443.92 | K103: 53 | L103: 13 | M103: 40 | N103: 4 | O103: 97.13 | P103: 0.97
...

Sheet 24359
A1: СОГЛАСОВАНО: | E1: ФГУП "Комбинат "Электрохимприбор" | M1: УТВЕРЖДАЮ:
G2: (наименование стройки)
A3: _____________________________ | M3: _____________________________
A4: " _____ " ________________ 2012г. | G4: ЛОКАЛЬНЫЙ СМЕТНЫЙ РАСЧЕТ № 24359 | M4: "______ " _______________2012г.
G5: (локальная смета)
C7: на | D7: Реконструкцию вентиляции. Площадка 2. Здание 234Г.
G8: (наименование работ и затрат, наименование объекта)
D10: Основание: № 24241-12-ОВ КПМ Ж 6268.220
D11: Сметная стоимость _______________________________________________________________________________________________ | J11: ___________________________1428,464 | L11: тыс. руб.
D12: строительных работ _______________________________________________________________________________________________ | J12: _______________________________________________________________________________________________801,832 | L12: тыс. руб.
D13: монтажных работ _______________________________________________________________________________________________ | J13: _______________________________________________________________________________________________6,466 | L13: тыс. руб.
D14: оборудования _______________________________________________________________________________________________ | J14: _______________________________________________________________________________________________620,166 | L14: тыс. руб.
D15: Средства на оплату труда _______________________________________________________________________________________________ | J15: =14.588*4.42 -> 64.47896 | L15: тыс. руб.
D16: Сметная трудоемкость _______________________________________________________________________________________________ | J16: _______________________________________________________________________________________________1070,64 | L16: чел.час
D17: Материалы ___________________________________________________________ | J17: =K306*4.42/1000 -> 625.86758 | L17: тыс.руб.
D18: Составлен(а) (в редакции 2009г) в ценах 2001года с переводом в текущие с К=4,42; К=4,19
A21: № пп | B21: Обоснова-ние | C21: Наименование | D21: Ед. изм. | E21: Кол. | F21: Стоимость единицы, руб. | J21: Общая стоимость, руб. | O21: Т/з осн. раб.на ед. | P21: Т/з осн. раб. Всего | Q21: Общая масса обору-дования, т
F22: Всего | G22: В том числе | J22: Обору-дование | K22: Всего | L22: В том числе
G23: Осн.З/п | H23: Эк.Маш | I23: З/пМех | L23: Осн.З/п | M23: Эк.Маш | N23: З/пМех
A24: 1 | B24: 2 | C24: 3 | D24: 4 | E24: 5 | F24: 6 | G24: 7 | H24: 8 | I24: 9 | J24: 10 | K24: 11 | L24: 12 | M24: 13 | N24: 14 | O24: 15 | P24: 16 | Q24: 17
A25: Раздел 1. П-1
A26: 1 | B26: ТЕР20-06-002-01 прим. | C26: Установка кондиционера КЦКП-5-С1-У3 с комплектом автоматики и оборудованием. | D26: 1 компл. | E26: 1 | F26: 965.62 | G26: 565.61 | H26: 115.2 | I26: 4 | K26: 966 | L26: 566 | M26: 115 | N26: 4 | O26: 43.71 | P26: 43.71
A27: 2 | B27: ТЕРм08-01-102-01 прим. | C27: Монтаж комплекта автоматики. | D27: 1 компл. | E27: 1 | F27: 569.9 | G27: 197.83 | H27: 233.8 | I27: 14.56 | K27: 570 | L27: 198 | M27: 234 | N27: 15 | O27: 14.6 | P27: 14.6
A28: 3 | B28: ТЕР20-02-006-06 | C28: Установка клапанов воздушных с электрическим или пневматическим приводом периметром до 1000 мм | D28: 1 шт. | E28: 1 | F28: 39.9 | G28: 20.59 | H28: 2.09 | K28: 40 | L28: 21 | M28: 2 | O28: 1.63 | P28: 1.63
A29: 4 | B29: ТЕР20-06-005-01 | C29: Установка фильтров воздушных (сухих) производительностью до 10 тыс.м3/час | D29: 1 фильтр | E29: 1 | F29: 189.88 | G29: 137.67 | H29: 13.46 | I29: 0.36 | K29: 190 | L29: 138 | M29: 13 | O29: 10.16 | P29: 10.16
A30: 5 | B30: ТЕР20-06-006-01 | C30: Установка воздухонагревателей однорядных для обводного канала производительностью до 10 тыс.м3/час | D30: 1 воздухонагреватель | E30: 1 | F30: 241.84 | G30: 108.4 | H30: 17.96 | I30: 0.73 | K30: 242 | L30: 108 | M30: 18 | N30: 1 | O30: 8 | P30: 8
A31: 6 | B31: ТЕР20-03-001-01 | C31: Установка вентиляторов радиальных массой до 0,05 т | D31: 1 вентилятор | E31: 1 | F31: 100.35 | G31: 78.55 | H31: 6.66 | I31: 0.18 | K31: 100 | L31: 79 | M31: 7 | O31: 6.54 | P31: 6.54
A32: 7 | B32: ТЕР20-02-016-02 | C32: Установка глушителей шума вентиляционных установок пластинчатых типа ПП 1-2, ВП 1-2, размер пластин 100х500х1000 мм | D32: 1 пластина | E32: 1 | F32: 18.01 | G32: 10.48 | H32: 2.71 | K32: 18 | L32: 10 | M32: 3 | O32: 0.84 | P32: 0.84
A33: 8 | B33: Цена поставщика. | C33: Стоимость приточной установки КЦКП-5-С1-У3 с комплектом автоматики и доп. оборудованием. (Цена:(379367,10+79863,11+235874,41): 1,18:4,19*1,012*1,03*1,01=148010,75) | D33: компл. | E33: 1 | J33: 148011 | K33: 148011
A34: 9 | B34: ТЕР20-01-001-03 | C34: Прокладка воздуховодов из листовой стали класса Н (нормальные) толщиной 0,5 мм, периметром 800, 1000 мм | D34: 100 м2 | E34: 0.222 | F34: 2601.53 | G34: 1893.46 | H34: 136.2 | I34: 7.46 | K34: 578 | L34: 420 | M34: 30 | N34: 2 | O34: 153.69 | P34: 34.12
A35: 10 | B35: ТСЦ-301-1773 | C35: Воздуховоды из листовой стали толщиной 0,5 мм, периметром до 1000 мм | D35: м2 | E35: 22.2 | F35: 221.7 | K35: 4922
A36: 11 | B36: ТЕР20-01-001-10 | C36: Прокладка воздуховодов из листовой стали класса Н (нормальные) толщиной 0,7 мм, периметром от 1100 до 1600 мм | D36: 100 м2 | E36: 0.224 | F36: 2260.48 | G36: 1638.31 | H36: 127.29 | I36: 6.92 | K36: 506 | L36: 367 | M36: 29 | N36: 2 | O36: 132.98 | P36: 29.79
A37: 12 | B37: ТСЦ-301-1779 | C37: Воздуховоды из листовой стали толщиной 0,7 мм, периметром от 1100 до 1600 мм | D37: м2 | E37: 22.4 | F37: 199.53 | K37: 4469
A38: 13 | B38: ТЕР20-01-001-11 | C38: Прокладка воздуховодов из листовой стали класса Н (нормальные) толщиной 0,7 мм, периметром до 2400 мм | D38: 100 м2 | E38: 0.214 | F38: 1821 | G38: 1232.74 | H38: 124.57 | I38: 5.1 | K38: 390 | L38: 264 | M38: 27 | N38: 1 | O38: 100.06 | P38: 21.41
A39: 14 | B39: ТСЦ-301-1780 | C39: Воздуховоды из листовой стали толщиной 0,7 мм, периметром от 1700 до 4000 мм | D39: м2 | E39: 21.4 | F39: 213.09 | K39: 4560
A40: 15 | B40: ТЕР20-01-002-11 прим. | C40: Прокладка воздуховодов из листовой стали толщиной 2мм, периметром до 2400 мм | D40: 100 м2 | E40: 0.017 | F40: 2027.04 | G40: 1232.74 | H40: 124.57 | I40: 5.1 | K40: 34 | L40: 21 | M40: 2 | O40: 100.06 | P40: 1.7
A41: 16 | B41: ТСЦ-301-1780 прим. | C41: Воздуховоды из листовой стали толщиной 2 мм, периметром от 1700 до 4000 мм | D41: м2 | E41: 1.7 | F41: 213.09 | K41: 362
A42: 17 | B42: ТЕР20-01-005-09 прим. | C42: Установка короба из листовой стали толщиной 2 мм, 600х1600х2600h | D42: 100 м2 | E42: 0.114 | F42: 3427.49 | G42: 1334.58 | H42: 1127.39 | I42: 137.65 | K42: 391 | L42: 152 | M42: 129 | N42: 16 | O42: 96.99 | P42: 11.06
A43: 18 | B43: ТСЦ-301-1814 прим. | C43: Короб из листовой стали толщиной 2 мм, 600х1600х2600h | D43: м2 | E43: 11.4 | F43: 409.01 | K43: 4663
A44: 19 | B44: ТЕР20-01-001-08 | C44: Прокладка воздуховодов из листовой стали толщиной 0,7 мм, диаметром до 800 мм | D44: 100 м2 | E44: 0.04 | F44: 1854.16 | G44: 1232.74 | H44: 157.73 | I44: 6.55 | K44: 74 | L44: 49 | M44: 6 | O44: 100.06 | P44: 4
A45: 20 | B45: ТСЦ-301-1777 | C45: Воздуховоды из листовой стали толщиной 0,7 мм, диаметром до 800 мм | D45: м2 | E45: 4 | F45: 162.57 | K45: 650
A46: 21 | B46: ТЕР20-01-005-05 | C46: Прокладка воздуховодов из листовой стали толщиной 2 мм, диаметром до 800 мм | D46: 100 м2 | E46: 0.03 | F46: 5956.87 | G46: 2664.76 | H46: 1973.4 | I46: 222.98 | K46: 179 | L46: 80 | M46: 59 | N46: 7 | O46: 193.66 | P46: 5.81
A47: 22 | B47: ТСЦ-301-1812 | C47: Воздуховоды из листовой стали толщиной 2,0 мм, диаметром до 800 мм | D47: м2 | E47: 3 | F47: 397.4 | K47: 1192
A48: 23 | B48: ТЕР20-01-001-11 прим. | C48: Прокладка перехода из листовой стали толщиной 0,7 мм, 895х320-600х400 | D48: 100 м2 | E48: 0.024 | F48: 1821 | G48: 1232.74 | H48: 124.57 | I48: 5.1 | K48: 44 | L48: 30 | M48: 3 | O48: 100.06 | P48: 2.4
A49: 24 | B49: ТСЦ-301-1780 прим. | C49: Переход из листовой стали толщиной 0,7 мм, 895х320-600х400 | D49: м2 | E49: 2.4 | F49: 213.09 | K49: 511
A50: 25 | B50: ТСЦ-301-0475 | C50: Крепления для воздуховодов подвески СТД6208, СТД6209, СТД6210 | D50: т | E50: 0.04 | F50: 8739.36 | K50: 350
A51: 26 | B51: ТЕР20-02-006-07 | C51: Установка заслонок с электрическим приводом периметром до 1600 мм | D51: 1 шт. | E51: 2 | F51: 38.44 | G51: 23.24 | H51: 2.24 | K51: 77 | L51: 46 | M51: 4 | O51: 1.84 | P51: 3.68
A52: 27 | B52: Цена поставщика. | C52: Заслонка РК-303-10 с эл.приводом "Belimo LM230-S" (Цена:6828,00:1,18:4,42*1,02=1335,33) | D52: шт | E52: 1 | F52: 1335.33 | K52: 1335
A53: 28 | B53: ТЕР20-02-002-02 | C53: Установка решеток жалюзийных площадью в свету до 1,0 м2 | D53: 1 решетка | E53: 23 | F53: 36.93 | G53: 22.48 | H53: 4.44 | I53: 0.18 | K53: 849 | L53: 517 | M53: 102 | N53: 4 | O53: 1.78 | P53: 40.94
A54: 29 | B54: Цена поставщика. | C54: Решетка вентиляционная АМН 350х200 (Цена:733,72:1,18:4,42*1,02=143,49) | D54: шт | E54: 3 | F54: 143.49 | K54: 430
A55: 30 | B55: Цена поставщика. | C55: Решетка вентиляционная АМН 300х150 (Цена:350,00:1,18:4,42*1,02=68,45) | D55: шт | E55: 5 | F55: 68.45 | K55: 342
A56: 31 | B56: Цена поставщика. | C56: Решетка вентиляционная АМН 400х200 (Цена:630,00:1,18:4,42*1,02=123,21) | D56: шт | E56: 10 | F56: 123.21 | K56: 1232
A57: 32 | B57: Цена поставщика. | C57: Решетка наружная АРН 450х450 (Цена:2249,00:1,18:4,42*1,02=439,83) | D57: шт | E57: 4 | F57: 439.83 | K57: 1759
A58: 33 | B58: ТСЦ-301-0602 | C58: Решетки щелевые регулирующие марка Р-150, размер 150х150 мм | D58: м2 | E58: 0.023 | F58: 227.29 | K58: 5
A59: 34 | B59: ТСЦ-301-1746 прим. | C59: Лючок параметров. | D59: шт. | E59: 2 | F59: 6.5 | K59: 13
A60: 35 | B60: ТЕР26-01-009-01 прим. | C60: Оклеивание поверхности воздуховодов фольгированным рулонным материалом МБОР-10Ф | D60: 1 м3 | E60: 0.045 | F60: 993.04 | G60: 259.38 | H60: 71.42 | K60: 45 | L60: 12 | M60: 3 | O60: 18.85 | P60: 0.85
A61: Уд | B61: 1. 104-0009 | C61: Маты прошивные из минеральной ваты без обкладок М-100, толщина 60 мм | D61: м3 | E61: 1,54 0,0693 | F61: 414.12 | K61: 28.7
A62: 36 | B62: Цена поставщика. | C62: Стоимость матов базальтовых огнезащитных фольгированных МБОР-10Ф (Цена:305,33:1,18:4,42*1,02=59,71) | D62: м2 | E62: 4.5 | F62: 59.71 | K62: 269
A63: 37 | B63: ТЕР26-01-009-01 прим. | C63: Оклеивание поверхности воздуховодов матами прошивными из базальтового холста в обкладке фольгой с одной стороны МПБ-30 б=60мм. | D63: 1 м3 | E63: 0.96 | F63: 1630.78 | G63: 259.38 | H63: 71.42 | K63: 1566 | L63: 249 | M63: 69 | O63: 18.85 | P63: 18.1
A64: 38 | B64: Цена поставщика. | C64: Стоимость матов прошивных из базальтового холста в обкладке фольгой с одной стороны МПБ-30 Ф (Цена:169,92:1,18:4,42*1,02=33,23) | D64: м2 | E64: 16 | F64: 33.23 | K64: 532
A65: 39 | B65: ТЕР20-02-013-04 | C65: Установка узлов прохода вытяжных вентиляционных шахт диаметром патрубка до 800 мм | D65: 10 узлов | E65: 0.1 | F65: 769.06 | G65: 555.1 | H65: 20.17 | I65: 0.55 | K65: 77 | L65: 56 | M65: 2 | O65: 46.22 | P65: 4.62
A66: 40 | B66: ТСЦ-301-3117 | C66: Узлы прохода вытяжных вентиляционных шахт из листовой и сортовой стали с неутепленным клапаном и кольцом для сбора конденсата диаметром патрубка до 800 мм | D66: шт. | E66: 1 | F66: 1960.53 | K66: 1961
A67: 41 | B67: ТЕР20-02-019-01 прим. | C67: Установка рам жёсткости и крепления короба. | D67: 100 кг | E67: 0.0242 | F67: 1155.74 | G67: 77.9 | H67: 14.44 | K67: 28 | L67: 2 | O67: 6.02 | P67: 0.15
A68: 42 | B68: ТЕР20-02-004-07 | C68: Установка клапанов обратных периметром до 2400 мм | D68: 1 клапан | E68: 1 | F68: 49.76 | G68: 25.96 | H68: 3.74 | I68: 0.18 | K68: 50 | L68: 26 | M68: 4 | O68: 2.08 | P68: 2.08
A69: 43 | B69: ТСЦ-301-2078 | C69: Клапаны обратные общего назначения из листовой и сортовой стали прямоугольного сечения Коп-4 периметром до 3200 мм | D69: шт. | E69: 1 | F69: 1014.65 | K69: 1015
A70: 44 | B70: ТЕР13-03-002-04 | C70: Огрунтовка металлических поверхностей за один раз грунтовкой ГФ-021 | D70: 100 м2 | E70: 1.576 | F70: 417.46 | G70: 79.65 | H70: 10.15 | I70: 0.16 | K70: 658 | L70: 126 | M70: 16 | O70: 5.31 | P70: 8.37
A71: 45 | B71: ТЕР15-04-030-01 | C71: Масляная окраска металлических поверхностей (воздуховодов изнутри), количество окрасок 1 | D71: 100 м2 | E71: 0.885 | F71: 574.75 | G71: 120.81 | H71: 3.68 | I71: 0.16 | K71: 509 | L71: 107 | M71: 3 | O71: 9.68 | P71: 8.57
A72: 46 | B72: ТЕР15-04-030-02 | C72: Масляная окраска металлических поверхностей (воздуховодов снаружи), количество окрасок 2 | D72: 100 м2 | E72: 0.691 | F72: 709.24 | G72: 152.38 | H72: 3.68 | I72: 0.16 | K72: 490 | L72: 105 | M72: 3 | O72: 12.21 | P72: 8.44
A73: Раздел 2. В-1
A74: 47 | B74: ТЕР20-03-001-01 | C74: Установка вентиляторов радиальных массой до 0,05 т | D74: 1 вентилятор | E74: 1 | F74: 100.35 | G74: 78.55 | H74: 6.66 | I74: 0.18 | K74: 100 | L74: 79 | M74: 7 | O74: 6.54 | P74: 6.54
A75: 48 | B75: Цена поставщика. | C75: Стоимость вентилятора центробежного FUK-4700/SP и магнитного пускателя. (Цена:(20463,98+2635,91):1,18:4,42*1,02=4517,58) | D75: компл. | E75: 1 | F75: 4517.58 | K75: 4518
A76: 49 | B76: ТЕР20-06-005-01 прим. | C76: Установка фильтров производительностью до 10 тыс.м3/час | D76: 1 фильтр | E76: 1 | F76: 189.88 | G76: 137.67 | H76: 13.46 | I76: 0.36 | K76: 190 | L76: 138 | M76: 13 | O76: 10.16 | P76: 10.16
A77: 50 | B77: ТСЦ-301-2041 прим. | C77: Фильтр оросительный производительностью до 10 тыс. м3/час | D77: шт. | E77: 1 | F77: 4695.2 | K77: 4695
A78: 51 | B78: ТЕР20-02-008-01 прим. | C78: Установка: насадок с водоотводящим кольцом НВК-450 | D78: 100 кг | E78: 0.27 | F78: 76.62 | G78: 52.6 | H78: 10.92 | K78: 21 | L78: 14 | M78: 3 | O78: 3.97 | P78: 1.07
A79: 52 | B79: ТСЦ-301-2028 прим. | C79: Стоимость: насадок с водоотводящим кольцом. | D79: кг | E79: 27 | F79: 11.61 | K79: 313
A80: 53 | B80: ТЕР20-01-001-01 | C80: Прокладка воздуховодов из листовой стали толщиной 0,5 мм, диаметром до 200 мм | D80: 100 м2 | E80: 0.052 | F80: 2810.67 | G80: 2068.04 | H80: 170.31 | I80: 9.46 | K80: 146 | L80: 108 | M80: 9 | O80: 167.86 | P80: 8.73
A81: 54 | B81: ТСЦ-301-1771 | C81: Воздуховоды из листовой стали толщиной 0,5 мм, диаметром до 200 мм | D81: м2 | E81: 5.2 | F81: 278.47 | K81: 1448
A82: 55 | B82: ТЕР20-01-001-05 | C82: Прокладка воздуховодов из листовой стали толщиной 0,6 мм, диаметром до 355 мм | D82: 100 м2 | E82: 0.079 | F82: 2537.97 | G82: 1893.46 | H82: 139.84 | I82: 7.83 | K82: 200 | L82: 150 | M82: 11 | N82: 1 | O82: 153.69 | P82: 12.14
A83: 56 | B83: ТСЦ-301-1775 | C83: Воздуховоды из листовой стали толщиной 0,6 мм, диаметром до 450 мм | D83: м2 | E83: 7.9 | F83: 172.43 | K83: 1362
A84: 57 | B84: ТЕР20-01-001-18 | C84: Прокладка воздуховодов из листовой стали толщиной 1,0 мм, диаметром от 900 | D84: 100 м2 | E84: 0.132 | F84: 1522.92 | G84: 996.44 | H84: 122.03 | I84: 5.1 | K84: 201 | L84: 132 | M84: 16 | N84: 1 | O84: 80.88 | P84: 10.68
A85: 58 | B85: ТСЦ-301-1783 | C85: Воздуховоды из листовой стали толщиной 1,0 мм, диаметром до 1000 мм | D85: м2 | E85: 13.2 | F85: 232.78 | K85: 3073
A86: 59 | B86: ТЕР20-01-001-06 | C86: Прокладка воздуховодов из листовой стали толщиной 0,6 мм, диаметром до 450 мм | D86: 100 м2 | E86: 0.078 | F86: 2260.48 | G86: 1638.31 | H86: 127.29 | I86: 6.92 | K86: 176 | L86: 128 | M86: 10 | N86: 1 | O86: 132.98 | P86: 10.37
A87: 60 | B87: ТСЦ-301-1775 | C87: Воздуховоды из листовой стали толщиной 0,6 мм, диаметром до 450 мм | D87: м2 | E87: 7.8 | F87: 172.43 | K87: 1345
A88: 61 | B88: ТЕР20-01-005-04 | C88: Прокладка воздуховодов из листовой стали толщиной 2 мм, диаметром до 560 мм | D88: 100 м2 | E88: 0.059 | F88: 7600.47 | G88: 3109.21 | H88: 2908.86 | I88: 336.11 | K88: 448 | L88: 183 | M88: 172 | N88: 20 | O88: 225.96 | P88: 13.33
A89: 62 | B89: ТСЦ-301-1811 | C89: Воздуховоды из листовой стали толщиной 2,0 мм, диаметром до 560 мм | D89: м2 | E89: 5.9 | F89: 421.15 | K89: 2485
A90: 63 | B90: ТЕР20-01-001-07 прим. | C90: Прокладка переходов из листовой стали толщиной 0,7 мм, ф 280-450х500, ф450-450х500 | D90: 100 м2 | E90: 0.033 | F90: 2280.79 | G90: 1638.31 | H90: 147.6 | I90: 4.91 | K90: 75 | L90: 54 | M90: 5 | O90: 132.98 | P90: 4.39
A91: 64 | B91: ТСЦ-301-1780 прим. | C91: Переходы из листовой стали толщиной 0,7 мм, ф 280-450х500, ф450-450х500 | D91: м2 | E91: 3.3 | F91: 213.09 | K91: 703
A92: 65 | B92: ТЕР20-01-001-06 прим. | C92: Прокладка переходов из листовой стали толщиной 0,6 мм, ф450-ф249, ф450-157х305. | D92: 100 м2 | E92: 0.033 | F92: 2260.48 | G92: 1638.31 | H92: 127.29 | I92: 6.92 | K92: 75 | L92: 54 | M92: 4 | O92: 132.98 | P92: 4.39
A93: 66 | B93: ТСЦ-301-1775 прим. | C93: Переход из листовой стали толщиной 0,6 мм, ф450-ф249, ф450-157х305. | D93: м2 | E93: 3.3 | F93: 172.43 | K93: 569
A94: 67 | B94: ТЕР20-01-001-01 прим. | C94: Прокладка воздуховодов алюминия диаметром до 200 мм | D94: 100 м2 | E94: 0.002 | F94: 2810.67 | G94: 2068.04 | H94: 170.31 | I94: 9.46 | K94: 6 | L94: 4 | O94: 167.86 | P94: 0.34
A95: 68 | B95: ТСЦ-301-0158 | C95: Воздуховоды алюминиевые гибкие гофрированные класса Н, диаметром 100 мм | D95: м2 | E95: 0.2 | F95: 292.16 | K95: 58
A96: 69 | B96: ТСЦ-301-0475 | C96: Крепления для воздуховодов подвески СТД6208, СТД6209, СТД6210 | D96: т | E96: 0.03 | F96: 8739.36 | K96: 262
A97: 70 | B97: ТЕР13-03-002-04 | C97: Огрунтовка металлических поверхностей за один раз грунтовкой ГФ-021 | D97: 100 м2 | E97: 0.94 | F97: 417.46 | G97: 79.65 | H97: 10.15 | I97: 0.16 | K97: 392 | L97: 75 | M97: 10 | O97: 5.31 | P97: 4.99
A98: 71 | B98: ТЕР15-04-030-01 | C98: Масляная окраска металлических поверхностей (воздуховодов изнутри), количество окрасок 1 | D98: 100 м2 | E98: 0.466 | F98: 574.75 | G98: 120.81 | H98: 3.68 | I98: 0.16 | K98: 268 | L98: 56 | M98: 2 | O98: 9.68 | P98: 4.51
A99: 72 | B99: ТЕР15-04-030-02 | C99: Масляная окраска металлических поверхностей (воздуховодов снаружи), количество окрасок 2 | D99: 100 м2 | E99: 0.474 | F99: 709.24 | G99: 152.38 | H99: 3.68 | I99: 0.16 | K99: 336 | L99: 72 | M99: 2 | O99: 12.21 | P99: 5.79
A100: Раздел 3. В-2
A101: 73 | B101: ТЕР20-03-001-03 | C101: Установка вентиляторов массой до 0,2 т | D101: 1 вентилятор | E101: 1 | F101: 174.11 | G101: 122.5 | H101: 28.9 | I101: 1.46 | K101: 174 | L101: 123 | M101: 29 | N101: 1 | O101: 10.2 | P101: 10.2
A102: 74 | B102: Цена поставщика. | C102: Вентилятор канальный R 355 (Цена: 25344,90: 1,18:4,42*1,02=4956,62) | D102: комп-кт | E102: 1 | F102: 4956.62 | K102: 4957
A103: 75 | B103: Цена поставщика. | C103: Быстросъемная муфта FK 355 (Цена: 634,00: 1,18:4,42*1,02=123,99) | D103: шт | E103: 2 | F103: 123.99 | K103: 248
A104: 76 | B104: Цена поставщика. | C104: Трансформатор RTE 3,2 (Цена: 4986,00: 1,18:4,42*1,02=975,09) | D104: шт | E104: 1 | F104: 975.09 | K104: 975
...

Sheet 24360-И
A1: СОГЛАСОВАНО: | E1: ФГУП "Комбинат "Электрохимприбор" | M1: УТВЕРЖДАЮ:
G2: (наименование стройки) | M2: Зам. генерального директора
M3: Е.В.Гордеев
A4: _________________ | M4: _________________
A5: " _____ " ________________ 2012 г. | M5: "______ " __________2012 г.
G6: ЛОКАЛЬНЫЙ СМЕТНЫЙ РАСЧЕТ № 24360 -И
G7: (взамен сметы № 24360)
C9: на | D9: Реконструкцию внутренних электрических сетей. Площадка 2. Здание 234Г.
G10: (наименование работ и затрат, наименование объекта)
D12: Основание: проект № 24236-12-ЭМ "И" Тема КПМ Ж6268.220 | N12: Справочно, в тыс.руб. :
D13: Сметная стоимость _______________________________________________________________________________________________ | J13: ___________________________246,479 | L13: тыс. руб. | N13: с К=4,42 | P13: =P14+P15+P16 -> 1085.33
D14: строительных работ _______________________________________________________________________________________________ | J14: _______________________________________________________________________________________________13,160 | L14: тыс. руб. | N14: с К=4,42 | P14: =ROUND(13.16*4.42,3) -> 58.167
D15: монтажных работ _______________________________________________________________________________________________ | J15: _______________________________________________________________________________________________215,407 | L15: тыс. руб. | N15: с К=4,42 | P15: =ROUND(215.407*4.42,3) -> 952.099
D16: оборудования _______________________________________________________________________________________________ | J16: _______________________________________________________________________________________________17,912 | L16: тыс. руб. | N16: с К=4,19 | P16: =ROUND(17.915*4.19,3) -> 75.064
D17: Средства на оплату труда _______________________________________________________________________________________________ | J17: ___________________________24,858 | L17: тыс. руб. | N17: с К=4,42 | P17: =ROUND(24.858*4.42,3) -> 109.872
D18: Сметная трудоемкость _______________________________________________________________________________________________ | J18: _______________________________________________________________________________________________1382,77 | L18: чел.час
D19: Материалы ______________________________________ | K19: =K150/1000 -> 152.99 | L19: тыс.руб. | N19: с К=4,42 | P19: =K19*4.42 -> 676.2158
D20: Составлен(а) в базовых ценах 2001г. в редакции 2009г.
A22: № пп | B22: Обоснова-ние | C22: Наименование | D22: Ед. изм. | E22: Кол. | F22: Стоимость единицы, руб. | J22: Общая стоимость, руб. | O22: Т/з осн. раб.на ед. | P22: Т/з осн. раб. Всего | Q22: Общая масса обору-дования, т
F23: Всего | G23: В том числе | J23: Обору-дование | K23: Всего | L23: В том числе
G24: Осн.З/п | H24: Эк.Маш | I24: З/пМех | L24: Осн.З/п | M24: Эк.Маш | N24: З/пМех
A25: 1 | B25: 2 | C25: 3 | D25: 4 | E25: 5 | F25: 6 | G25: 7 | H25: 8 | I25: 9 | J25: 10 | K25: 11 | L25: 12 | M25: 13 | N25: 14 | O25: 15 | P25: 16 | Q25: 17
A26: Раздел 1. Демонтажные работы
A27: 1 | B27: ТЕРм08-03-572-07 | C27: Демонтаж: блок управления шкафного исполнения или распределительный пункт (шкаф), устанавливаемый на полу, высота и ширина до 1700х1100 мм КОЭФ. К ПОЗИЦИИ: демонтаж ОЗП=0,3; ЭМ=0,3 к расх.; ЗПМ=0,3; МАТ=0 к расх.; ТЗ=0,3; ТЗМ=0,3 | D27: 1 шт. | E27: 3 | F27: 58.28 | G27: 19.53 | H27: 38.75 | I27: 2.24 | K27: 175 | L27: 59 | M27: 116 | N27: 7 | O27: 1.4 | P27: 4.2
A28: 2 | B28: ТЕРр67-3-1 | C28: Демонтаж кабеля | D28: 100 м | E28: 8 | F28: 106.34 | G28: 105.94 | H28: 0.4 | I28: 0.16 | K28: 851 | L28: 848 | M28: 3 | N28: 1 | O28: 9.64 | P28: 77.12
A29: 3 | B29: ТЕРр67-4-1 | C29: Демонтаж выключателей, розеток | D29: 100 шт. | E29: 0.35 | F29: 64.18 | G29: 64.18 | K29: 22 | L29: 22 | O29: 5.84 | P29: 2.04
A30: 4 | B30: ТЕРр67-4-5 | C30: Демонтаж светильников для люминесцентных ламп | D30: 100 шт. | E30: 0.4 | F30: 205.2 | G30: 201.98 | H30: 3.22 | I30: 1.25 | K30: 82 | L30: 81 | M30: 1 | N30: 1 | O30: 17.89 | P30: 7.16
A31: Раздел 2. Монтажные работы
A32: 5 | B32: ТЕРм08-03-572-07 | C32: Блок управления шкафного исполнения или распределительный пункт (шкаф), устанавливаемый на полу, высота и ширина до 1700х1100 мм | D32: 1 шт. | E32: 2 | F32: 685.88 | G32: 65.1 | H32: 129.15 | I32: 7.46 | K32: 1372 | L32: 130 | M32: 258 | N32: 15 | O32: 4.66 | P32: 9.32
A33: 6 | B33: ТСЦ-110-0251 | C33: Вводное устройство ВРУ 1-11 КОЭФ. К ПОЗИЦИИ: Заготовительно-складские расходы на оборудование - согласно п.4.64 из МДС 81-35.2004 ПЗ=1,012 (ОЗП=1,012; ЭМ=1,012; МАТ=1,012); Транспортные расходы на оборудование - согласно п.4.60 из МДС 81-35.2004 ПЗ=1,03 (ОЗП=1,03; ЭМ=1,03; МАТ=1,03) | D33: шт. | E33: 1 | J33: 10242 | K33: 10242
A34: 7 | B34: ТСЦ-110-0252 прим. | C34: Вводное устройство ВРУ 1-50 КОЭФ. К ПОЗИЦИИ: Заготовительно-складские расходы на оборудование - согласно п.4.64 из МДС 81-35.2004 ПЗ=1,012 (ОЗП=1,012; ЭМ=1,012; МАТ=1,012); Транспортные расходы на оборудование - согласно п.4.60 из МДС 81-35.2004 ПЗ=1,03 (ОЗП=1,03; ЭМ=1,03; МАТ=1,03) | D34: шт. | E34: 1 | J34: 7670 | K34: 7670
A35: 8 | B35: ТЕРм08-03-599-10 | C35: Монтаж: бокс ЩРН-12модулей навесной , устанавливаемый на стене распорными дюбелями, масса щитка до 15 кг | D35: 1 шт. | E35: 1 | F35: 128.26 | G35: 58.25 | H35: 7.85 | I35: 0.36 | K35: 128 | L35: 58 | M35: 8 | O35: 4.17 | P35: 4.17
A36: 9 | B36: цена поставщика | C36: Бокс ЩРН-12модулей навесной пластик IP54 ИЭК MKP11-N-12-54-Z (Ц:346,12руб:1,18:4,42) КОЭФ. К ПОЗИЦИИ: Заготовительно-складские расходы на материалы - согласно п.4.64 из МДС 81-35.2004 МАТ=1,02 | D36: шт. | E36: 1 | F36: 67.69 | K36: 68
A37: 10 | B37: ТЕРм08-03-526-01 | C37: Автомат одно-, двух-, трехполюсный, устанавливаемый в боксе, на ток до 25 А | D37: 1 шт. | E37: 7 | F37: 174.77 | G37: 20.9 | H37: 1.28 | K37: 1223 | L37: 146 | M37: 9 | O37: 1.56 | P37: 10.92
A38: 11 | B38: цена поставщика | C38: Авт. выкл. ВА47-29 1Р 16А 4,5кА х-ка В ИЭК MVA20-1-016-B (Ц:54,78руб:1,18:4,42) КОЭФ. К ПОЗИЦИИ: Заготовительно-складские расходы на материалы - согласно п.4.64 из МДС 81-35.2004 МАТ=1,02 | D38: шт. | E38: 7 | F38: 10.71 | K38: 75
A39: 12 | B39: ТЕРм08-03-599-10 | C39: Монтаж: КМПн 2/5 навесной, устанавливаемый на стене распорными дюбелями, масса щитка до 15 кг | D39: 1 шт. | E39: 1 | F39: 128.26 | G39: 58.25 | H39: 7.85 | I39: 0.36 | K39: 128 | L39: 58 | M39: 8 | O39: 4.17 | P39: 4.17
A40: 13 | B40: цена поставщика | C40: КМПн 2/5 - ИЭК IP 55 корпус пластиковый навесной для 5 модульных автомат. выкл. MKP72-N-05-55(Ц:379,67руб:1,18:4,42) КОЭФ. К ПОЗИЦИИ: Заготовительно-складские расходы на материалы - согласно п.4.64 из МДС 81-35.2004 МАТ=1,02 | D40: шт. | E40: 1 | F40: 74.26 | K40: 74
A41: 14 | B41: ТЕРм08-03-526-01 | C41: Автомат одно-, двух-, трехполюсный, устанавливаемый в боксе, на ток до 25 А | D41: 1 шт. | E41: 3 | F41: 174.77 | G41: 20.9 | H41: 1.28 | K41: 524 | L41: 63 | M41: 4 | O41: 1.56 | P41: 4.68
A42: 15 | B42: цена поставщика | C42: Авт. выкл. ВА47-29 1Р 10А 4,5кА х-ка В ИЭК MVA20-1-010-B (Ц:54,78руб:1,18:4,42) КОЭФ. К ПОЗИЦИИ: Заготовительно-складские расходы на материалы - согласно п.4.64 из МДС 81-35.2004 МАТ=1,02 | D42: шт. | E42: 1 | F42: 10.71 | K42: 11
A43: 16 | B43: цена поставщика | C43: Авт. выкл. ВА47-29 1Р 5А 4,5кА х-ка В ИЭК MVA20-1-005-B (Ц:72,24руб:1,18:4,42) КОЭФ. К ПОЗИЦИИ: Заготовительно-складские расходы на материалы - согласно п.4.64 из МДС 81-35.2004 МАТ=1,02 | D43: шт. | E43: 1 | F43: 14.13 | K43: 14
A44: 17 | B44: цена поставщика | C44: Авт. выкл. ВА47-29 1Р 2А 4,5кА х-ка В ИЭК MVA20-1-002-B (Ц:72,24руб:1,18:4,42) КОЭФ. К ПОЗИЦИИ: Заготовительно-складские расходы на материалы - согласно п.4.64 из МДС 81-35.2004 МАТ=1,02 | D44: шт. | E44: 1 | F44: 14.13 | K44: 14
A45: 18 | B45: ТЕРм08-03-599-11 | C45: Монтаж: бокс ЩРН-24модуля навесной, устанавливаемый на стене распорными дюбелями, масса щитка до 40 кг | D45: 1 шт. | E45: 2 | F45: 178.88 | G45: 81.86 | H45: 23.4 | I45: 1.27 | K45: 358 | L45: 164 | M45: 47 | N45: 3 | O45: 5.86 | P45: 11.72
A46: 19 | B46: цена поставщика | C46: Бокс ЩРН-24модуля навесной пластик IP54 ИЭК MKP11-N-24-54-Z (Ц:700руб:1,18:4,42) КОЭФ. К ПОЗИЦИИ: Заготовительно-складские расходы на материалы - согласно п.4.64 из МДС 81-35.2004 МАТ=1,02 | D46: шт. | E46: 2 | F46: 136.89 | K46: 274
A47: 20 | B47: ТЕРм08-03-526-01 | C47: Автомат одно-, двух-, трехполюсный, устанавливаемый в боксе, на ток до 25 А | D47: 1 шт. | E47: 22 | F47: 174.77 | G47: 20.9 | H47: 1.28 | K47: 3845 | L47: 460 | M47: 28 | O47: 1.56 | P47: 34.32
A48: 21 | B48: цена поставщика | C48: Авт. выкл. ВА47-29 1Р 16А 4,5кА х-ка В ИЭК MVA20-1-016-B (Ц:54,78руб:1,18:4,42) КОЭФ. К ПОЗИЦИИ: Заготовительно-складские расходы на материалы - согласно п.4.64 из МДС 81-35.2004 МАТ=1,02 | D48: шт. | E48: 5 | F48: 10.71 | K48: 54
A49: 22 | B49: цена поставщика | C49: Авт. выкл. ВА47-29 1Р 25А 4,5кА х-ка В ИЭК MVA20-1-025-B (Ц:54,78руб:1,18:4,42) КОЭФ. К ПОЗИЦИИ: Заготовительно-складские расходы на материалы - согласно п.4.64 из МДС 81-35.2004 МАТ=1,02 | D49: шт. | E49: 1 | F49: 10.71 | K49: 11
A50: 23 | B50: цена поставщика | C50: Авт. выкл. ВА47-29 1Р 20А 4,5кА х-ка В ИЭК MVA20-1-020-B (Ц:57,71руб:1,18:4,42) КОЭФ. К ПОЗИЦИИ: Заготовительно-складские расходы на материалы - согласно п.4.64 из МДС 81-35.2004 МАТ=1,02 | D50: шт. | E50: 5 | F50: 11.29 | K50: 56
A51: 24 | B51: цена поставщика | C51: Авт. выкл. ВА47-29 1Р 16А 4,5кА х-ка В ИЭК MVA20-1-016-B (Ц:54,78руб:1,18:4,42) КОЭФ. К ПОЗИЦИИ: Заготовительно-складские расходы на материалы - согласно п.4.64 из МДС 81-35.2004 МАТ=1,02 | D51: шт. | E51: 7 | F51: 10.71 | K51: 75
A52: 25 | B52: цена поставщика | C52: Авт. выкл. ВА47-29 3Р 16А 4,5кА х-ка В ИЭК MVA20-3-016-B (Ц:173,05руб:1,18:4,42) КОЭФ. К ПОЗИЦИИ: Заготовительно-складские расходы на материалы - согласно п.4.64 из МДС 81-35.2004 МАТ=1,02 | D52: шт. | E52: 3 | F52: 33.84 | K52: 102
A53: 26 | B53: цена поставщика | C53: Диф. автомат АД12 2Р 20А 30мА ИЭК MAD10-2-020-C-030 (Ц:479,22руб:1,18:4,42) КОЭФ. К ПОЗИЦИИ: Заготовительно-складские расходы на материалы - согласно п.4.64 из МДС 81-35.2004 МАТ=1,02 | D53: шт. | E53: 1 | F53: 93.72 | K53: 94
A54: 27 | B54: ТЕРм08-03-532-04 | C54: Монтаж: пост управления кнопочный общего назначения, устанавливаемый на конструкции на стене или колонне, количество элементов поста до 3 | D54: 1 шт. | E54: 1 | F54: 122.2 | G54: 24.12 | H54: 1.28 | K54: 122 | L54: 24 | M54: 1 | O54: 1.8 | P54: 1.8
A55: 28 | B55: цена поставщика | C55: ПКУ15-21.141 (Ц:680руб:1,18:4,42) КОЭФ. К ПОЗИЦИИ: Заготовительно-складские расходы на материалы - согласно п.4.64 из МДС 81-35.2004 МАТ=1,02 | D55: шт. | E55: 1 | F55: 132.99 | K55: 133
A56: 29 | B56: ТЕРм08-03-602-01 | C56: Монтаж: электрополотенце | D56: 1 шт. | E56: 3 | F56: 24.58 | G56: 16.76 | H56: 3.67 | I56: 0.18 | K56: 74 | L56: 50 | M56: 11 | N56: 1 | O56: 1.2 | P56: 3.6
A57: 30 | B57: цена поставщика | C57: Сушилка для рук ВОЛНА (Ц:2185руб:1,18:4,42) КОЭФ. К ПОЗИЦИИ: Заготовительно-складские расходы на материалы - согласно п.4.64 из МДС 81-35.2004 МАТ=1,02 | D57: шт. | E57: 3 | F57: 427.32 | K57: 1282
A58: 31 | B58: ТЕРм08-03-594-02 | C58: Светильник отдельно устанавливаемый на штырях с количеством ламп в светильнике 2 | D58: 100 шт. | E58: 1.19 | F58: 6855.13 | G58: 1620.52 | H58: 2228.22 | I58: 710.91 | K58: 8158 | L58: 1928 | M58: 2652 | N58: 846 | O58: 116 | P58: 138.04
A59: 32 | B59: цена поставщика | C59: Светильник OPL/R236 20223630 (Ц:1766,90руб:1,18:4,42) КОЭФ. К ПОЗИЦИИ: Заготовительно-складские расходы на материалы - согласно п.4.64 из МДС 81-35.2004 МАТ=1,02 | D59: шт. | E59: 18 | F59: 345.55 | K59: 6220
A60: 33 | B60: цена поставщика | C60: Светильник OPL/S 236 25223630 (Ц:1776,02руб:1,18:4,42) КОЭФ. К ПОЗИЦИИ: Заготовительно-складские расходы на материалы - согласно п.4.64 из МДС 81-35.2004 МАТ=1,02 | D60: шт. | E60: 10 | F60: 347.33 | K60: 3473
A61: 34 | B61: цена поставщика | C61: Светильник OWP/R 236 21623630 (Ц:4016.20руб:1,18:4,42) КОЭФ. К ПОЗИЦИИ: Заготовительно-складские расходы на материалы - согласно п.4.64 из МДС 81-35.2004 МАТ=1,02 | D61: шт. | E61: 37 | F61: 785.44 | K61: 29061
A62: 35 | B62: цена поставщика | C62: Светильник ARCTIC SMC/SAN 236 60123630 (Ц:1634.67руб:1,18:4,42) КОЭФ. К ПОЗИЦИИ: Заготовительно-складские расходы на материалы - согласно п.4.64 из МДС 81-35.2004 МАТ=1,02 | D62: шт. | E62: 30 | F62: 319.69 | K62: 9591
A63: 36 | B63: цена поставщика | C63: Светильник K200/209 62030900 (Ц:992.48руб:1,18:4,42) КОЭФ. К ПОЗИЦИИ: Заготовительно-складские расходы на материалы - согласно п.4.64 из МДС 81-35.2004 МАТ=1,02 | D63: шт. | E63: 16 | F63: 194.1 | K63: 3106
A64: 37 | B64: цена поставщика | C64: Светильник NBT 11 F115 3201151500(Ц:1841.31руб:1,18:4,42) КОЭФ. К ПОЗИЦИИ: Заготовительно-складские расходы на материалы - согласно п.4.64 из МДС 81-35.2004 МАТ=1,02 | D64: шт. | E64: 7 | F64: 360.1 | K64: 2521
A65: 38 | B65: цена поставщика | C65: Светильник взрывозащищенный AVN 236 "Горэлт" (Ц:11692руб:1,18:4,42) КОЭФ. К ПОЗИЦИИ: Заготовительно-складские расходы на материалы - согласно п.4.64 из МДС 81-35.2004 МАТ=1,02 | D65: шт. | E65: 1 | F65: 2286.57 | K65: 2287
A66: 39 | B66: ТЕРм08-03-594-03 | C66: Светильник отдельно устанавливаемый на штырях с количеством ламп в светильнике до 4 | D66: 100 шт. | E66: 0.12 | F66: 8505.38 | G66: 2360.93 | H66: 3123.25 | I66: 963.82 | K66: 1021 | L66: 283 | M66: 375 | N66: 116 | O66: 169 | P66: 20.28
A67: 40 | B67: цена поставщика | C67: Светильник PRBLUX /S 418 15241830(Ц:3460.60руб:1,18:4,42) КОЭФ. К ПОЗИЦИИ: Заготовительно-складские расходы на материалы - согласно п.4.64 из МДС 81-35.2004 МАТ=1,02 | D67: шт. | E67: 12 | F67: 676.78 | K67: 8121
A68: 41 | B68: цена поставщика | C68: Блок аварийного питания INVERLUX SS2110037 (Ц:3152,39руб:1,18:4,42) КОЭФ. К ПОЗИЦИИ: Заготовительно-складские расходы на материалы - согласно п.4.64 из МДС 81-35.2004 МАТ=1,02 | D68: шт. | E68: 17 | F68: 616.51 | K68: 10481
A69: 42 | B69: цена поставщика | C69: Клипса для крепления светильников 20802 (Ц:47,95руб:1,18:4,42) КОЭФ. К ПОЗИЦИИ: Заготовительно-складские расходы на материалы - согласно п.4.64 из МДС 81-35.2004 МАТ=1,02 | D69: шт. | E69: 220 | F69: 9.37 | K69: 2061
A70: 43 | B70: ТСЦ-509-0696 | C70: Лампы люминесцентные ртутные низкого давления КОЭФ. К ПОЗИЦИИ: Заготовительно-складские расходы на материалы - согласно п.4.64 из МДС 81-35.2004 МАТ=1,02 | D70: 10 шт. | E70: 27.9 | F70: 116.18 | K70: 3241
A71: 44 | B71: ТЕРм08-03-591-01 | C71: Выключатель одноклавишный неутопленного типа при открытой проводке | D71: 100 шт. | E71: 0.42 | F71: 758.17 | G71: 551.82 | H71: 27.07 | I71: 0.55 | K71: 318 | L71: 232 | M71: 11 | O71: 39.5 | P71: 16.59
A72: 45 | B72: цена поставщика | C72: ВС20-1-0-ББ Выключатель одноклавишный для открытой установки EVB10-K01-10-DC(Ц:49,76руб:1,18:4,42) КОЭФ. К ПОЗИЦИИ: Заготовительно-складские расходы на материалы - согласно п.4.64 из МДС 81-35.2004 МАТ=1,02 | D72: шт. | E72: 24 | F72: 9.73 | K72: 234
A73: 46 | B73: цена поставщика | C73: ВС20-1-0-ГБ выкл 1кл о/у IP44 (цвет клавиши: белый) ГЕРМЕС (цвет клавиши: белый) EVM10-K01-10-44-EC (Ц:127,48руб:1,18:4,42) КОЭФ. К ПОЗИЦИИ: Заготовительно-складские расходы на материалы - согласно п.4.64 из МДС 81-35.2004 МАТ=1,02 | D73: шт. | E73: 18 | F73: 24.93 | K73: 449
A74: 47 | B74: ТЕРм08-03-591-04 | C74: Выключатель двухклавишный неутопленного типа при открытой проводке | D74: 100 шт. | E74: 0.1 | F74: 801.67 | G74: 613.28 | H74: 29.99 | I74: 0.73 | K74: 80 | L74: 61 | M74: 3 | O74: 43.9 | P74: 4.39
A75: 48 | B75: цена поставщика | C75: Выключатель двухклавишный для открытой установки ВС20-2-0-ГБ IP44 серия "ГЕРМЕС" (цвет клавиши: белый) EVM20-K01-10-44-EC (Ц:140,63руб:1,18:4,42) КОЭФ. К ПОЗИЦИИ: Заготовительно-складские расходы на материалы - согласно п.4.64 из МДС 81-35.2004 МАТ=1,02 | D75: шт. | E75: 10 | F75: 27.5 | K75: 275
A76: 49 | B76: ТЕРм08-03-591-08 | C76: Розетка штепсельная неутопленного типа при открытой проводке | D76: 100 шт. | E76: 0.29 | F76: 813.8 | G76: 603.5 | H76: 29.99 | I76: 0.73 | K76: 236 | L76: 175 | M76: 9 | O76: 43.2 | P76: 12.53
A77: 50 | B77: цена поставщика | C77: Розетка одноместная для открытой установки с з/к с крышкой РСб20-3-ГЧ IP44 серия "ГЕРМЕС" (цвет крышки:дымчатый) ERM12-K02-16-44-EC (Ц:127,48руб:1,18:4,42) КОЭФ. К ПОЗИЦИИ: Заготовительно-складские расходы на материалы - согласно п.4.64 из МДС 81-35.2004 МАТ=1,02 | D77: шт. | E77: 15 | F77: 24.93 | K77: 374
A78: 51 | B78: цена поставщика | C78: Розетка 114 стационарная 3Р+РЕ 16А 380В IP44 ИЭК PSR12-016-4 (Ц:143,28руб:1,18:4,42) КОЭФ. К ПОЗИЦИИ: Заготовительно-складские расходы на материалы - согласно п.4.64 из МДС 81-35.2004 МАТ=1,02 | D78: шт. | E78: 2 | F78: 28.02 | K78: 56
A79: 52 | B79: цена поставщика | C79: РС23-3-ББ Розетка трехместная с з/к для открытой установки ERB31-K01-16-DC (Ц:84,42руб:1,18:4,42) КОЭФ. К ПОЗИЦИИ: Заготовительно-складские расходы на материалы - согласно п.4.64 из МДС 81-35.2004 МАТ=1,02 | D79: шт. | E79: 6 | F79: 22.81 | K79: 137
A80: 53 | B80: цена поставщика | C80: РС22-3-ББ Розетка двухместная с з/к для открытой установки ERB21-K01-16-DC (Ц:87,26руб:1,18:4,42) КОЭФ. К ПОЗИЦИИ: Заготовительно-складские расходы на материалы - согласно п.4.64 из МДС 81-35.2004 МАТ=1,02 | D80: шт. | E80: 6 | F80: 18.08 | K80: 108
A81: 54 | B81: ТЕРм08-03-545-05 | C81: Монтаж: вилка переносная, с количеством зажимов до 4 | D81: 1 шт. | E81: 2 | F81: 137.5 | G81: 31.8 | H81: 2.36 | K81: 275 | L81: 64 | M81: 5 | O81: 2.4 | P81: 4.8
A82: 55 | B82: цена поставщика | C82: Вилка 014 3Р+РЕ 16А 380В IP44 ИЭК PSR02-016-4 (Ц:84,42руб:1,18:4,42) КОЭФ. К ПОЗИЦИИ: Заготовительно-складские расходы на материалы - согласно п.4.64 из МДС 81-35.2004 МАТ=1,02 | D82: шт. | E82: 2 | F82: 28.02 | K82: 56
A83: 56 | B83: цена поставщика | C83: Коробка КМ41021 распаячная 92х92x45мм для полых стен (с саморезами, метал. лапки, с крышкой ) UKG11-092-092-040-M (Ц:24,11руб:1,18:4,42) КОЭФ. К ПОЗИЦИИ: Заготовительно-складские расходы на материалы - согласно п.4.64 из МДС 81-35.2004 МАТ=1,02 | D83: шт. | E83: 30 | F83: 4.71 | K83: 141
A84: 57 | B84: цена поставщика | C84: Коробка КМ41235 распаячная для о/п 85х85х40мм IP44 (RAL7035, 6 гермовводов) UKO11-085-085-040-K41-44 (Ц:29,37руб:1,18:4,42) КОЭФ. К ПОЗИЦИИ: Заготовительно-складские расходы на материалы - согласно п.4.64 из МДС 81-35.2004 МАТ=1,02 | D84: шт. | E84: 20 | F84: 5.74 | K84: 115
A85: 58 | B85: ТЕРм08-03-529-01 | C85: Контактор постоянного тока на конструкции на ток до 160 А | D85: 1 шт. | E85: 2 | F85: 325.94 | G85: 47.78 | H85: 4.85 | I85: 0.18 | K85: 652 | L85: 96 | M85: 10 | O85: 3.42 | P85: 6.84
A86: 59 | B86: цена поставщика | C86: Контактор КМИ10960 9А в оболочке Ue=220В/АС3 IP54 ИЭК KKM16-009-220-00 (Ц:967,48руб:1,18:4,42) КОЭФ. К ПОЗИЦИИ: Заготовительно-складские расходы на материалы - согласно п.4.64 из МДС 81-35.2004 МАТ=1,02 | D86: шт. | E86: 2 | F86: 189.21 | K86: 378
A87: 60 | B87: ТЕРм08-02-407-01 | C87: Труба стальная по установленным конструкциям, по стенам с креплением скобами, диаметр до 25 мм | D87: 100 м | E87: 0.3 | F87: 2527.2 | G87: 408.1 | H87: 897.93 | I87: 320.97 | K87: 758 | L87: 122 | M87: 269 | N87: 96 | O87: 30.8 | P87: 9.24
A88: 61 | B88: ТСЦ-103-0002 | C88: Трубы стальные сварные водогазопроводные с резьбой черные легкие (неоцинкованные) диаметр условного прохода 20 мм, толщина стенки 2,5 мм | D88: м | E88: 30 | F88: 14.72 | K88: 442
A89: 62 | B89: ТЕРм08-02-412-01 | C89: Затягивание провода в проложенные трубы и металлические рукава первого одножильного или многожильного в общей оплетке, суммарное сечение до 2,5 мм2 | D89: 100 м | E89: 0.3 | F89: 658.05 | G89: 74.33 | H89: 2.92 | I89: 0.18 | K89: 197 | L89: 22 | M89: 1 | O89: 5.61 | P89: 1.68
A90: 63 | B90: ТЕРм08-02-413-01 | C90: Провод (кабель) , количество проводов в резинобитумной трубке до 2, сечение провода до 6 мм2 | D90: 100 м трубок | E90: 6.5 | F90: 1497.34 | G90: 267.65 | H90: 64.3 | I90: 4 | K90: 9733 | L90: 1740 | M90: 418 | N90: 26 | O90: 20.2 | P90: 131.3
A91: 64 | B91: цена поставщика | C91: Труба гофр.ПВХ d 20 с зондом (100 м) ИЭК CTG20-20-K41-100I (Ц:6,41руб:1,18:4,42) КОЭФ. К ПОЗИЦИИ: Заготовительно-складские расходы на материалы - согласно п.4.64 из МДС 81-35.2004 МАТ=1,02 | D91: м | E91: 650 | F91: 1.25 | K91: 813
A92: 65 | B92: цена поставщика | C92: Муфта гибкая труба-труба IP65 CXT16 ИЭК CTA10D-CXT16-K41-050 (Ц:95,97руб:1,18:4,42) КОЭФ. К ПОЗИЦИИ: Заготовительно-складские расходы на материалы - согласно п.4.64 из МДС 81-35.2004 МАТ=1,02 | D92: шт | E92: 180 | F92: 18.77 | K92: 3379
A93: 66 | B93: ТСЦ-501-8214 | C93: Кабель силовой с медными жилами с поливинилхлоридной изоляцией в поливинилхлоридной оболочке без защитного покрова ВВГ, напряжением 0,66 Кв, число жил 5 и сечением 16 мм2 | D93: 1000 м | E93: 0.005 | F93: 92019.99 | K93: 460
A94: 67 | B94: ТСЦ-501-8211 | C94: Кабель силовой с медными жилами с поливинилхлоридной изоляцией в поливинилхлоридной оболочке без защитного покрова ВВГ, напряжением 0,66 Кв, число жил 5 и сечением 4,0 мм2 | D94: 1000 м | E94: 0.008 | F94: 25925 | K94: 207
A95: 68 | B95: ТЕРм08-02-402-01 | C95: Кабель двух-четырехжильный по установленным конструкциям и лоткам с установкой ответвительных коробок в помещениях с нормальной средой сечением жилы до 10 мм2 | D95: 100 м | E95: 7.43 | F95: 1131.61 | G95: 202.73 | H95: 704.04 | I95: 87.33 | K95: 8408 | L95: 1506 | M95: 5231 | N95: 649 | O95: 15.3 | P95: 113.68
A96: 69 | B96: ТЕРм08-02-401-01 | C96: Кабель двух-четырехжильный сечением жилы до 16 мм2 с креплением накладными скобами, полосками с установкой ответвительных коробок | D96: 100 м | E96: 2.8 | F96: 4032.86 | G96: 683.7 | H96: 957.86 | I96: 390.47 | K96: 11292 | L96: 1914 | M96: 2682 | N96: 1093 | O96: 51.6 | P96: 144.48
A97: 70 | B97: ТСЦ-501-8210 | C97: Кабель силовой с медными жилами с поливинилхлоридной изоляцией в поливинилхлоридной оболочке без защитного покрова ВВГ, напряжением 0,66 Кв, число жил 5 и сечением 2,5 мм2 | D97: 1000 м | E97: 0.1734 | F97: 16109 | K97: 2793
A98: 71 | B98: ТСЦ-501-8191 | C98: Кабель силовой с медными жилами с поливинилхлоридной изоляцией в поливинилхлоридной оболочке без защитного покрова ВВГ, напряжением 0,66 Кв, число жил 3 и сечением 2,5 мм2 | D98: 1000 м | E98: 0.561 | F98: 10382 | K98: 5824
A99: 72 | B99: ТСЦ-501-8190 | C99: Кабель силовой с медными жилами с поливинилхлоридной изоляцией в поливинилхлоридной оболочке без защитного покрова ВВГ, напряжением 0,66 Кв, число жил 3 и сечением 1,5 мм2 | D99: 1000 м | E99: 0.949 | F99: 6962.8 | K99: 6608
A100: 73 | B100: ТСЦ-501-0808 | C100: Кабели контрольные с медными жилами с поливинилхлоридной изоляцией и оболочкой марки КВВГ, с числом жил - 7 и сечением 1,5 мм2 | D100: 1000 м | E100: 0.041 | F100: 12524 | K100: 513
A101: 74 | B101: ТЕРм08-02-396-05 прим. | C101: Монтаж: кабель канал по стенам, длина 2 м | D101: 100 м | E101: 6.5 | F101: 1840.21 | G101: 498.2 | H101: 788.16 | I101: 202.95 | K101: 11961 | L101: 3238 | M101: 5123 | N101: 1319 | O101: 37.6 | P101: 244.4
A102: 75 | B102: цена поставщика | C102: Кабель-канал 25х16 "ЭЛЕКОР" CKK10-025-016-1-K01 (Ц:25,40руб:1,18:4,42) КОЭФ. К ПОЗИЦИИ: Заготовительно-складские расходы на материалы - согласно п.4.64 из МДС 81-35.2004 МАТ=1,02 | D102: м | E102: 600 | F102: 4.97 | K102: 2982
A103: 76 | B103: цена поставщика | C103: Внешний угол КМН 25х16 "ЭЛЕКОР" CKK10D-N-025-016-K01 (Ц:10,30руб:1,18:4,42) КОЭФ. К ПОЗИЦИИ: Заготовительно-складские расходы на материалы - согласно п.4.64 из МДС 81-35.2004 МАТ=1,02 | D103: шт | E103: 100 | F103: 4.97 | K103: 497
...

Sheet 24364
A1: СОГЛАСОВАНО: | E1: ФГУП "Комбинат "Электрохимприбор" | M1: УТВЕРЖДАЮ:
G2: (наименование стройки)
A3: _____________________________ | M3: _____________________________
A4: " _____ " ________________ 2012г. | G4: ЛОКАЛЬНЫЙ СМЕТНЫЙ РАСЧЕТ № 24364 | M4: "______ " _______________2012г.
G5: (локальная смета)
C7: на | D7: Реконструкцию водопровода и канализации. Площадка 2 Здание 234 Г
H8: (наименование работ и затрат, наименование объекта)
D10: Основание: № 24240-12-ВК КПМ Ж 6268.220
D11: Сметная стоимость _______________________________________________________________________________________________ | J11: ___________________________141,727 | L11: тыс. руб.
D12: строительных работ _______________________________________________________________________________________________ | J12: =31.627*4.42 -> 139.79134 | L12: тыс. руб.
D13: монтажных работ _______________________________________________________________________________________________ | J13: =0.438*4.42 -> 1.93596 | L13: тыс. руб.
D14: Средства на оплату труда _______________________________________________________________________________________________ | J14: =2.78*4.42 -> 12.2876 | L14: тыс. руб.
D15: Сметная трудоемкость _______________________________________________________________________________________________ | J15: _______________________________________________________________________________________________199,68 | L15: чел.час
D16: Материалы ___________________________________________________________ | J16: =J97*4.42/1000 -> 105.69988 | L16: тыс.руб.
D17: Составлен(а) (в редакции 2009г) в ценах 2001года с переводом в текущие с К=4,42
A20: № пп | B20: Обоснование | C20: Наименование | D20: Ед. изм. | E20: Кол. | F20: Стоимость единицы, руб. | J20: Общая стоимость, руб. | N20: Т/з осн. раб.на ед. | O20: Т/з осн. раб. Всего | P20: Т/з мех. на ед. | Q20: Т/з мех. Всего
F21: Всего | G21: В том числе | J21: Всего | K21: В том числе
G22: Осн.З/п | H22: Эк.Маш | I22: З/пМех | K22: Осн.З/п | L22: Эк.Маш | M22: З/пМех
A23: 1 | B23: 2 | C23: 3 | D23: 4 | E23: 5 | F23: 6 | G23: 7 | H23: 8 | I23: 9 | J23: 10 | K23: 11 | L23: 12 | M23: 13 | N23: 14 | O23: 15 | P23: 16 | Q23: 17
A24: Раздел 1. Разборка.
A25: 1 | B25: ТЕРр65-1-2 | C25: Разборка трубопроводов из водогазопроводных труб диаметром до 63 мм | D25: 100 м | E25: 0.5 | F25: 831.21 | G25: 698.15 | H25: 13.92 | I25: 2.66 | J25: 416 | K25: 349 | L25: 7 | M25: 1 | N25: 59.62 | O25: 29.81 | P25: 0.17 | Q25: 0.09
A26: 2 | B26: ТЕРр65-2-1 | C26: Разборка трубопроводов из чугунных канализационных труб диаметром 50 мм | D26: 100 м | E26: 0.025 | F26: 825.86 | G26: 819.41 | H26: 6.45 | I26: 2.5 | J26: 21 | K26: 21 | N26: 68.8 | O26: 1.72 | P26: 0.16
A27: 3 | B27: ТЕРр65-2-2 | C27: Разборка трубопроводов из чугунных канализационных труб диаметром 100 мм | D27: 100 м | E27: 0.025 | F27: 1028.82 | G27: 1015.92 | H27: 12.9 | I27: 5 | J27: 26 | K27: 26 | N27: 85.3 | O27: 2.13 | P27: 0.32 | Q27: 0.01
A28: 4 | B28: ТЕРр65-4-2 | C28: Разборка унитазов и писсуаров | D28: 100 приборов | E28: 0.01 | F28: 778.41 | G28: 766.72 | H28: 11.69 | I28: 4.53 | J28: 8 | K28: 8 | N28: 63.84 | O28: 0.64 | P28: 0.29
A29: 5 | B29: ТЕРр65-4-8 | C29: Разборка смывных бачков чугунных или фаянсовых на стене | D29: 100 приборов | E29: 0.01 | F29: 570.65 | G29: 520.27 | H29: 50.38 | I29: 19.53 | J29: 6 | K29: 5 | L29: 1 | N29: 43.32 | O29: 0.43 | P29: 1.25 | Q29: 0.01
A30: 6 | B30: ТЕРр65-4-1 | C30: Разборка умывальников и раковин | D30: 100 приборов | E30: 0.01 | F30: 626.59 | G30: 616.11 | H30: 10.48 | I30: 4.06 | J30: 6 | K30: 6 | N30: 51.3 | O30: 0.51 | P30: 0.26
A31: 7 | B31: ТЕР17-01-001-18 прим. | C31: Разборка поддонов душевых КОЭФ. К ПОЗИЦИИ: Разборка. ОЗП=0,4; МАТ=0 | D31: 10 компл. | E31: 0.1 | F31: 135.97 | G31: 59.02 | H31: 76.95 | I31: 3.59 | J31: 14 | K31: 6 | L31: 8 | N31: 4.36 | O31: 0.44 | P31: 0.23 | Q31: 0.02
A32: Раздел 2. Водопровод.
A33: 8 | B33: ТЕР16-02-002-02 | C33: Прокладка трубопроводов водоснабжения из стальных водогазопроводных оцинкованных труб диаметром 20 мм | D33: 100 м | E33: 0.2 | F33: 5654.2 | G33: 502.3 | H33: 79.16 | I33: 2.73 | J33: 1131 | K33: 100 | L33: 16 | M33: 1 | N33: 37.07 | O33: 7.41 | P33: 0.15 | Q33: 0.03
A34: 9 | B34: ТЕР16-02-002-01 | C34: Прокладка трубопроводов водоснабжения из стальных водогазопроводных оцинкованных труб диаметром 15 мм | D34: 100 м | E34: 0.7 | F34: 5020.27 | G34: 502.3 | H34: 79.16 | I34: 2.73 | J34: 3514 | K34: 352 | L34: 55 | M34: 2 | N34: 37.07 | O34: 25.95 | P34: 0.15 | Q34: 0.11
A35: 10 | B35: ТСЦ-302-1832 | C35: Кран шаровой муфтовый 11Б27П1, диаметром 20 мм | D35: шт. | E35: 4 | F35: 39.32 | J35: 157
A36: 11 | B36: ТСЦ-302-1831 | C36: Кран шаровой муфтовый 11Б27П1, диаметром 15 мм | D36: шт. | E36: 12 | F36: 25.14 | J36: 302
A37: 12 | B37: ТСЦ-301-1224 | C37: Крепления для трубопроводов: кронштейны, планки, хомуты | D37: кг | E37: 18 | F37: 17.02 | J37: 306
A38: 13 | B38: ТЕР17-01-008-01 | C38: Установка нагревателей индивидуальных водоводяных | D38: 10 компл. | E38: 0.2 | F38: 1309.83 | G38: 1157.52 | H38: 128.27 | I38: 16.36 | J38: 262 | K38: 232 | L38: 26 | M38: 3 | N38: 87.36 | O38: 17.47 | P38: 0.99 | Q38: 0.2
A39: Уд | B39: 1. 301-1513 | C39: Нагреватель индивидуальный водоводяной наружный диаметр корпуса 273 мм, длина 1,25 (со змеевиком диаметром 25х2 мм длиной 19,2 м, число витков 30), поверхность нагрева 1,6 м2 | D39: компл. | E39: 10 2 | F39: 2545.78 | J39: 5091.56
A40: 14 | B40: Цена поставщика. | C40: Стоитмость водонагревателя Ariston ABS Shuttle 80V (Цена:13790,00:1,18:4,42*1,02=2696,87) | D40: шт | E40: 2 | F40: 2696.87 | J40: 5394
A41: 15 | B41: ТСЦ-301-1224 прим. | C41: Крепления для электроводонагревательного котла. | D41: кг | E41: 9.58 | F41: 17.02 | J41: 163
A42: 16 | B42: ТЕР13-03-004-26 прим. | C42: Окраска крепления для электроводонагревательного котла эмалью | D42: 100 м2 | E42: 0.001 | F42: 630.91 | G42: 48.95 | H42: 6.68 | I42: 0.16 | J42: 1 | N42: 3.83 | P42: 0.01
A43: 17 | B43: ТЕРр65-6-10 прим. | C43: Установка гибких подводок | D43: 100 приборов | E43: 0.12 | F43: 677.14 | G43: 669.67 | H43: 7.47 | I43: 0.78 | J43: 81 | K43: 80 | L43: 1 | N43: 52.4 | O43: 6.29 | P43: 0.05 | Q43: 0.01
A44: Уд | B44: 1. 301-1520 | C44: Подводка гибкая армированная резиновая 500 мм | D44: шт. | E44: 100 12 | F44: 33.31 | J44: 399.72
A45: 18 | B45: Цена поставщика. | C45: Гибкая подводка для смесителей G=1/2, L=400мм (Цена: 62,00:1,18:4,42*1,02=12,12) | D45: шт | E45: 12 | F45: 12.12 | J45: 145
A46: 19 | B46: ТЕР16-06-005-01 прим. | C46: Установка счетчиков (водомеров) диаметром до 40 мм | D46: 1 счетчик | E46: 1 | F46: 7.47 | G46: 5.43 | H46: 1.09 | J46: 7 | K46: 5 | L46: 1 | N46: 0.41 | O46: 0.41
A47: Уд | B47: 1. 301-3165 | C47: Счетчики (водомеры) крыльчатые диаметром 32 мм | D47: шт. | E47: 1 1 | F47: 1258.9 | J47: 1258.9
A48: 20 | B48: ТСЦ-301-3181 | C48: Счетчики (водомеры) крыльчатые диаметром 15 мм | D48: шт. | E48: 1 | F48: 135.29 | J48: 135
A49: 21 | B49: ТЕР18-06-007-01 | C49: Установка фильтров диаметром 25 мм | D49: 10 фильтров | E49: 0.1 | F49: 180.6 | G49: 108.39 | H49: 64.42 | I49: 0.18 | J49: 18 | K49: 11 | L49: 6 | N49: 8.18 | O49: 0.82 | P49: 0.01
A50: Уд | B50: 1. 301-1213 | C50: Фильтры для очистки воды в трубопроводах систем отопления диаметром 25 мм | D50: шт. | E50: 10 1 | F50: 516.72 | J50: 516.72
A51: 22 | B51: Цена поставщика. | C51: Фильтр латунный муфтовый Ду 20 ФММ (Цена: 300,00:1,18:4,42*1,02=58,67) | D51: шт | E51: 1 | F51: 58.67 | J51: 59
A52: 23 | B52: ТЕР18-07-001-02 | C52: Установка манометров с трехходовым краном | D52: 1 компл. | E52: 2 | F52: 244.31 | G52: 3.07 | J52: 489 | K52: 6 | N52: 0.22 | O52: 0.44
A53: 24 | B53: ТЕР16-02-002-05 прим. | C53: Переход стальной концентрический Ду40-ДУ25 | D53: 100 м | E53: 0.002 | F53: 8494.65 | G53: 502.3 | H53: 79.16 | I53: 2.73 | J53: 17 | K53: 1 | N53: 37.07 | O53: 0.07 | P53: 0.15
A54: 25 | B54: ТСЦ-301-3366 прим. | C54: Рукав резинотканевый диаметром до 16 мм | D54: м | E54: 6 | F54: 25 | J54: 150
A55: 26 | B55: ТЕРм12-16-002-01 | C55: Насос ручной ПРТ-М | D55: 1 шт. | E55: 1 | F55: 85.69 | G55: 84.01 | J55: 86 | K55: 84 | N55: 6.2 | O55: 6.2
A56: 27 | B56: Цена поставщика. | C56: Насос Grundfos MQ 3-35 (Цена:15550,00:1,18:4,42*1,02=3041,07) | D56: шт | E56: 1 | F56: 3041.07 | J56: 3041
A57: 28 | B57: ТЕР16-02-002-03 | C57: Прокладка трубопроводов водоснабжения из стальных водогазопроводных оцинкованных труб диаметром 25 мм | D57: 100 м трубопровода | E57: 0.08 | F57: 6208.42 | G57: 502.3 | H57: 79.16 | I57: 2.73 | J57: 497 | K57: 40 | L57: 6 | N57: 37.07 | O57: 2.97 | P57: 0.15 | Q57: 0.01
A58: 29 | B58: ТСЦ-301-1224 | C58: Крепления для трубопроводов: кронштейны, планки, хомуты | D58: кг | E58: 1.6 | F58: 17.02 | J58: 27
A59: 30 | B59: ТЕР16-02-002-06 прим. | C59: Переход стальной концентрический Ду50-ДУ25 | D59: 100 м | E59: 0.002 | F59: 10345.12 | G59: 645.39 | H59: 142.18 | I59: 3.82 | J59: 21 | K59: 1 | N59: 47.63 | O59: 0.1 | P59: 0.21
A60: 31 | B60: ТСЦ-302-1833 | C60: Кран шаровой муфтовый 11Б27П1, диаметром 25 мм | D60: шт. | E60: 3 | F60: 56.62 | J60: 170
A61: 32 | B61: ТСЦ-302-1266 прим. | C61: Вентили проходные муфтовые 15Б1БК для воды и пара диаметром 25 мм | D61: шт. | E61: 2 | F61: 35.11 | J61: 70
A62: 33 | B62: ТЕР16-02-007-01 | C62: Установка фланцевых соединений на стальных трубопроводах диаметром 50 мм | D62: 1 соединение | E62: 1 | F62: 125.49 | G62: 13.41 | H62: 5.04 | J62: 125 | K62: 13 | L62: 5 | N62: 0.96 | O62: 0.96
A63: 34 | B63: ТСЦ-507-0966 прим. | C63: Фланцы стальные диаметром 50 мм | D63: шт. | E63: 1 | F63: 35.9 | J63: 36
A64: 35 | B64: ТЕР16-07-003-03 | C64: Врезка в действующие внутренние сети трубопроводов отопления и водоснабжения диаметром 25 мм | D64: 1 врезка | E64: 1 | F64: 127.66 | G64: 62.31 | H64: 5.56 | J64: 128 | K64: 62 | L64: 6 | N64: 4.46 | O64: 4.46
A65: 36 | B65: ТЕР16-07-005-01 | C65: Гидравлическое испытание трубопроводов систем отопления, водопровода и горячего водоснабжения диаметром до 50 мм | D65: 100 м | E65: 0.35 | F65: 104.4 | G65: 82.16 | H65: 15.29 | J65: 37 | K65: 29 | L65: 5 | N65: 5.01 | O65: 1.75
A66: 37 | B66: ТЕР13-03-002-04 | C66: Огрунтовка металлических поверхностей за один раз грунтовкой ГФ-021 | D66: 100 м2 | E66: 0.08 | F66: 417.46 | G66: 79.65 | H66: 10.15 | I66: 0.16 | J66: 33 | K66: 6 | L66: 1 | N66: 5.31 | O66: 0.42 | P66: 0.01
A67: 38 | B67: ТЕР13-03-004-23 | C67: Окраска металлических огрунтованных поверхностей краской БТ-177 | D67: 100 м2 | E67: 0.08 | F67: 388.79 | G67: 36.81 | H67: 13.3 | I67: 0.16 | J67: 31 | K67: 3 | L67: 1 | N67: 2.88 | O67: 0.23 | P67: 0.01
A68: 39 | B68: ТЕР26-01-009-01 | C68: Изоляция трубопроводов матами минераловатными марок 75, 100, плитами минераловатными на синтетическом связующем марки 75 | D68: 1 м3 изоляции | E68: 0.15 | F68: 1630.78 | G68: 259.38 | H68: 71.42 | J68: 245 | K68: 39 | L68: 11 | N68: 18.85 | O68: 2.83
A69: 40 | B69: Цена поставщика. | C69: Стоимость матов прошивных из базальтового холста в обкладке фольгой с одной стороны МПБ-30 Ф (Цена:3599,00:1,18:4,42*1,02=703,85) | D69: м3 | E69: 0.15 | F69: 703.85 | J69: 106
A70: Раздел 3. Канализация.
A71: 41 | B71: ТЕР16-01-005-02 | C71: Прокладка по стенам зданий и в каналах трубопроводов из чугунных канализационных труб диаметром 100 мм | D71: 100 м | E71: 0.01 | F71: 23792.45 | G71: 1158.12 | H71: 201.32 | I71: 6.55 | J71: 238 | K71: 12 | L71: 2 | N71: 85.47 | O71: 0.85 | P71: 0.36
A72: 42 | B72: ТЕР16-04-001-02 | C72: Прокладка трубопроводов канализации из полиэтиленовых труб высокой плотности диаметром 100 мм | D72: 100 м | E72: 0.3 | F72: 8610.79 | G72: 860.55 | H72: 36.81 | I72: 1.09 | J72: 2583 | K72: 258 | L72: 11 | N72: 61.6 | O72: 18.48 | P72: 0.06 | Q72: 0.02
A73: 43 | B73: ТЕР16-04-001-01 | C73: Прокладка трубопроводов канализации из полиэтиленовых труб высокой плотности диаметром 50 мм | D73: 100 м | E73: 0.02 | F73: 5197.98 | G73: 897.43 | H73: 15.84 | I73: 0.36 | J73: 104 | K73: 18 | N73: 64.24 | O73: 1.28 | P73: 0.02
A74: 44 | B74: ТСЦ-301-1098 | C74: Хомуты для крепления канализационных и водосточных пластмассовых трубопроводов, диаметром 100 мм | D74: т | E74: 0.0084 | F74: 36386 | J74: 306
A75: 45 | B75: ТЕР16-02-002-05 | C75: Прокладка трубопроводов водоснабжения из стальных водогазопроводных оцинкованных труб диаметром 40 мм | D75: 100 м | E75: 0.1 | F75: 8494.65 | G75: 502.3 | H75: 79.16 | I75: 2.73 | J75: 849 | K75: 50 | L75: 8 | N75: 37.07 | O75: 3.71 | P75: 0.15 | Q75: 0.02
A76: 46 | B76: ТСЦ-302-1835 | C76: Кран шаровой муфтовый 11Б27П1, диаметром 40 мм | D76: шт. | E76: 2 | F76: 161.84 | J76: 324
A77: 47 | B77: ТСЦ-301-1224 | C77: Крепления для трубопроводов: кронштейны, планки, хомуты | D77: кг | E77: 2.2 | F77: 17.02 | J77: 37
A78: 48 | B78: ТЕР17-01-003-01 | C78: Установка унитазов с бачком непосредственно присоединенным | D78: 10 компл. | E78: 0.3 | F78: 5639.05 | G78: 330.18 | H78: 56.04 | I78: 5 | J78: 1692 | K78: 99 | L78: 17 | M78: 2 | N78: 24.64 | O78: 7.39 | P78: 0.32 | Q78: 0.1
A79: 49 | B79: ТЕР17-01-001-14 | C79: Установка умывальников одиночных с подводкой холодной и горячей воды | D79: 10 компл. | E79: 0.3 | F79: 407.19 | G79: 293.36 | H79: 29.83 | I79: 2.03 | J79: 122 | K79: 88 | L79: 9 | M79: 1 | N79: 21.65 | O79: 6.5 | P79: 0.13 | Q79: 0.04
A80: 50 | B80: ТСЦ-301-0670 прим. | C80: Раковина керамическая. | D80: компл. | E80: 3 | F80: 290.36 | J80: 871
A81: 51 | B81: ТЕР17-01-001-18 | C81: Установка поддонов душевых чугунных и стальных мелких | D81: 10 компл. | E81: 0.2 | F81: 5313.64 | G81: 147.56 | H81: 76.95 | I81: 3.59 | J81: 1063 | K81: 30 | L81: 15 | M81: 1 | N81: 10.89 | O81: 2.18 | P81: 0.23 | Q81: 0.05
A82: 52 | B82: ТЕР17-01-002-03 | C82: Установка смесителей | D82: 10 шт. | E82: 0.2 | F82: 1246.07 | G82: 94.85 | H82: 0.29 | J82: 249 | K82: 19 | N82: 7 | O82: 1.4
A83: 53 | B83: ТСЦ-301-0624 | C83: Смесители для душевых установок СМ-Д-ШЛ с душевой сеткой на гибком шланге | D83: компл. | E83: 2 | F83: 136.01 | J83: 272
A84: Итого прямые затраты по смете в ценах 2001г. | J84: 26191 | K84: 2059 | L84: 218 | M84: 11 | O84: 156.25 | Q84: 0.72
A85: Итого прямые затраты по смете с учетом коэффициентов к итогам | J85: 26997 | K85: 2763 | L85: 320 | M85: 17 | O85: 199.68 | Q85: 1.02
A86: В том числе, справочно:
A87: Районный к-т 4,3% (Поз. 1-6, 8-15, 19-25, 27-36, 40-53, 17, 39, 18, 26) | J87: 88 | K87: 88
A88: При ремонте и реконструкции зданий и сооружений работы, аналогичные технологическим процессам в новом строительстве ОЗП=1,15; ЭМ=1,25; ЗПМ=1,25; ТЗ=1,15; ТЗМ=1,25 (Поз. 8-15, 19-25, 27-36, 40-53, 16, 37-39, 18, 26) | J88: 294 | K88: 244 | L88: 50 | M88: 2 | O88: 17.142 | Q88: 0.145
A89: Условия производства работ ОЗП=1,2; ЭМ=1,2; ЗПМ=1,2; ТЗ=1,2; ТЗМ=1,2 (Поз. 8-15, 19-25, 27-36, 40-53, 16, 37-39, 18, 26) | J89: 424 | K89: 374 | L89: 50 | M89: 3 | O89: 26.284 | Q89: 0.146
A90: Накладные расходы | J90: 3225
A91: Сметная прибыль | J91: 1843
A92: Итоги по смете:
A93: Итого Строительные работы | J93: 31627 | O93: 191.12 | Q93: 1.02
A94: Итого Монтажные работы | J94: 438 | O94: 8.56
A95: Итого | J95: 32065 | O95: 199.68 | Q95: 1.02
A96: В том числе:
A97: Материалы | J97: 23914
A98: Машины и механизмы | J98: =320-17 -> 303
A99: ФОТ | J99: 2780
A100: Накладные расходы | J100: 3225
A101: Сметная прибыль | J101: 1843
A102: Пересчёт цен в текущие. 32 065 * 4,42 | J102: 141727
A103: ВСЕГО по смете | J103: 141727 | O103: 199.68 | Q103: 1.02
B105: Примечание: материал от разборки, пригодный для дальнейшего использования, передается балансодержателю по акту.
...

Sheet 24368
A1: СОГЛАСОВАНО: | E1: ФГУП "Комбинат "Электрохимприбор" | M1: УТВЕРЖДАЮ:
G2: (наименование стройки)
A3: _____________________________ | M3: _____________________________
A4: " _____ " ________________ 2012г. | G4: ЛОКАЛЬНЫЙ СМЕТНЫЙ РАСЧЕТ № 24368 | M4: "______ " _______________2012г.
G5: (локальная смета)
C7: на | D7: Реконструкцию отопления. Площадка 2 Здание 234 Г
H8: (наименование работ и затрат, наименование объекта)
D10: Основание: № 24248-12-ОВ КПМ Ж 6268.220
D11: Сметная стоимость строительных работ _______________________________________________________________________________________________ | J11: ___________________________266,318 | L11: тыс. руб.
D12: Средства на оплату труда _______________________________________________________________________________________________ | J12: =7.543*4.42 -> 33.34006 | L12: тыс. руб.
D13: Сметная трудоемкость _______________________________________________________________________________________________ | J13: _______________________________________________________________________________________________553,75 | L13: чел.час
D14: Материалы ___________________________________________________________ | J14: =J98*4.42/1000 -> 170.45288 | L14: тыс.руб.
D15: Составлен(а) (в редакции 2009г) в ценах 2001года с переводом в текущие с К=4,42
A18: № пп | B18: Обоснование | C18: Наименование | D18: Ед. изм. | E18: Кол. | F18: Стоимость единицы, руб. | J18: Общая стоимость, руб. | N18: Т/з осн. раб.на ед. | O18: Т/з осн. раб. Всего | P18: Т/з мех. на ед. | Q18: Т/з мех. Всего
F19: Всего | G19: В том числе | J19: Всего | K19: В том числе
G20: Осн.З/п | H20: Эк.Маш | I20: З/пМех | K20: Осн.З/п | L20: Эк.Маш | M20: З/пМех
A21: 1 | B21: 2 | C21: 3 | D21: 4 | E21: 5 | F21: 6 | G21: 7 | H21: 8 | I21: 9 | J21: 10 | K21: 11 | L21: 12 | M21: 13 | N21: 14 | O21: 15 | P21: 16 | Q21: 17
A22: Раздел 1. Разборка.
A23: Отопление.
A24: 1 | B24: ТЕРр65-14-5 прим. | C24: Разборка регистров из стальных сварных труб | D24: 100 м | E24: 0.818 | F24: 1518.39 | G24: 1414.78 | H24: 22.69 | J24: 1242 | K24: 1157 | L24: 19 | N24: 117.8 | O24: 96.36
A25: 2 | B25: ТЕРр65-19-01 | C25: Разборка радиаторов весом до: 80 кг | D25: 100 шт. | E25: 0.04 | F25: 1267.86 | G25: 1219.9 | H25: 47.96 | I25: 26.9 | J25: 51 | K25: 49 | L25: 2 | M25: 1 | N25: 110 | O25: 4.4 | P25: 2.24 | Q25: 0.09
A26: 3 | B26: ТЕР16-05-001-01 прим. | C26: Разборка вентилей диаметром: до 25 мм КОЭФ. К ПОЗИЦИИ: Разборка. ОЗП=0,4; МАТ=0 | D26: 1 шт. | E26: 19 | F26: 9.21 | G26: 7.52 | H26: 1.69 | J26: 175 | K26: 143 | L26: 32 | N26: 0.59 | O26: 11.21
A27: 4 | B27: ТЕР16-05-001-02 прим. | C27: Разборка вентилей диаметром: до 50 мм КОЭФ. К ПОЗИЦИИ: Разборка ОЗП=0,4; МАТ=0 | D27: 1 шт. | E27: 2 | F27: 9.64 | G27: 7.52 | H27: 2.12 | J27: 19 | K27: 15 | L27: 4 | N27: 0.59 | O27: 1.18
A28: 5 | B28: ТЕРр65-13-1 | C28: Разборка воздухосборников | D28: 100 шт. | E28: 0.01 | F28: 589.69 | G28: 589.69 | J28: 6 | K28: 6 | N28: 49.1 | O28: 0.49
A29: 6 | B29: ТЕР16-05-001-01 прим. | C29: Разборка пробко-спускных кранов КОЭФ. К ПОЗИЦИИ: Разборка. ОЗП=0,4; МАТ=0 | D29: 1 шт. | E29: 5 | F29: 9.21 | G29: 7.52 | H29: 1.69 | J29: 46 | K29: 38 | L29: 8 | N29: 0.59 | O29: 2.95
A30: 7 | B30: ТЕРр65-14-1 | C30: Разборка трубопроводов из водогазопроводных труб в зданиях и сооружениях на резьбе диаметром до 32 мм | D30: 100 м | E30: 1.7 | F30: 453.98 | G30: 453.98 | J30: 772 | K30: 772 | N30: 37.8 | O30: 64.26
A31: 8 | B31: ТЕРр65-14-2 | C31: Разборка трубопроводов из водогазопроводных труб в зданиях и сооружениях на резьбе диаметром до 50 мм | D31: 100 м | E31: 0.32 | F31: 656.95 | G31: 656.95 | J31: 210 | K31: 210 | N31: 54.7 | O31: 17.5
A32: Узел управления.
A33: 9 | B33: ТЕР16-05-001-02 прим. | C33: Разборка вентилей диаметром: до 50 мм КОЭФ. К ПОЗИЦИИ: Разборка ОЗП=0,4; МАТ=0 | D33: 1 шт. | E33: 4 | F33: 9.64 | G33: 7.52 | H33: 2.12 | J33: 39 | K33: 31 | L33: 8 | N33: 0.59 | O33: 2.36
A34: 10 | B34: ТЕР18-07-001-02 прим. | C34: Разборка манометров с трехходовым краном КОЭФ. К ПОЗИЦИИ: Разборка ОЗП=0,4; МАТ=0 | D34: 1 компл. | E34: 3 | F34: 1.23 | G34: 1.23 | J34: 4 | K34: 4 | N34: 0.09 | O34: 0.27
A35: 11 | B35: ТЕР18-07-001-04 прим. | C35: Разборка термометров в оправе прямых и угловых КОЭФ. К ПОЗИЦИИ: Разборка ОЗП=0,4; МАТ=0 | D35: 1 компл. | E35: 3 | F35: 1.64 | G35: 1.64 | J35: 5 | K35: 5 | N35: 0.12 | O35: 0.36
A36: 12 | B36: ТЕРр65-13-2 | C36: Разборка грязевиков | D36: 100 шт. | E36: 0.01 | F36: 1909.59 | G36: 1909.59 | J36: 19 | K36: 19 | N36: 159 | O36: 1.59
A37: 13 | B37: ТЕР16-05-001-01 прим. | C37: Разборка вентилей диаметром: до 25 мм КОЭФ. К ПОЗИЦИИ: Разборка. ОЗП=0,4; МАТ=0 | D37: 1 шт. | E37: 3 | F37: 9.21 | G37: 7.52 | H37: 1.69 | J37: 28 | K37: 23 | L37: 5 | N37: 0.59 | O37: 1.77
A38: Раздел 2. Отопление.
A39: 14 | B39: ТЕР18-03-001-01 | C39: Установка радиаторов чугунных | D39: 100 кВт | E39: 0.208 | F39: 23624.42 | G39: 956.09 | H39: 487.05 | I39: 42.84 | J39: 4914 | K39: 199 | L39: 101 | M39: 9 | N39: 75.7 | O39: 15.75 | P39: 2.72 | Q39: 0.57
A40: 15 | B40: ТЕР16-02-005-06 | C40: Установка регистров диаметром до 125 мм | D40: 100 м | E40: 0.249 | F40: 16399.57 | G40: 1546.9 | H40: 393.58 | I40: 11.83 | J40: 4083 | K40: 385 | L40: 98 | M40: 3 | N40: 115.44 | O40: 28.74 | P40: 0.65 | Q40: 0.16
A41: 16 | B41: ТЕР16-02-005-07 | C41: Установка регистров диаметром до 150 мм | D41: 100 м | E41: 0.17 | F41: 19494.65 | G41: 1546.9 | H41: 378.69 | I41: 11.83 | J41: 3314 | K41: 263 | L41: 64 | M41: 2 | N41: 115.44 | O41: 19.62 | P41: 0.65 | Q41: 0.11
A42: 17 | B42: ТСЦ-302-0469 | C42: Краны регулирующие двойной регулировки пробковые КРДП латунные, диаметром 15 мм | D42: шт. | E42: 17 | F42: 36.65 | J42: 623
A43: 18 | B43: ТСЦ-302-1831 | C43: Кран шаровой муфтовый 11Б27П1, диаметром 15 мм | D43: шт. | E43: 4 | F43: 25.14 | J43: 101
A44: 19 | B44: ТСЦ-302-1832 | C44: Кран шаровой муфтовый 11Б27П1, диаметром 20 мм | D44: шт. | E44: 2 | F44: 39.32 | J44: 79
A45: 20 | B45: Цена поставщика. | C45: Кран Маевского латунный ф15 (Цена:15,13:1,18:4,42*1,02=2,96) | D45: шт | E45: 2 | F45: 2.96 | J45: 6
A46: 21 | B46: ТЕР16-02-001-01 | C46: Прокладка трубопроводов отопления из стальных водогазопроводных неоцинкованных труб диаметром 15 мм | D46: 100 м | E46: 1.57 | F46: 3897.38 | G46: 446.74 | H46: 69.04 | I46: 2.73 | J46: 6119 | K46: 701 | L46: 108 | M46: 4 | N46: 32.97 | O46: 51.76 | P46: 0.15 | Q46: 0.24
A47: 22 | B47: ТЕР16-02-001-02 | C47: Прокладка трубопроводов отопления из стальных водогазопроводных неоцинкованных труб диаметром 20 мм | D47: 100 м | E47: 0.23 | F47: 4340.3 | G47: 446.74 | H47: 69.04 | I47: 2.73 | J47: 998 | K47: 103 | L47: 16 | M47: 1 | N47: 32.97 | O47: 7.58 | P47: 0.15 | Q47: 0.03
A48: 23 | B48: ТЕР16-02-001-03 | C48: Прокладка трубопроводов отопления из стальных водогазопроводных неоцинкованных труб диаметром 25 мм | D48: 100 м | E48: 0.38 | F48: 4893.53 | G48: 446.74 | H48: 69.04 | I48: 2.73 | J48: 1860 | K48: 170 | L48: 26 | M48: 1 | N48: 32.97 | O48: 12.53 | P48: 0.15 | Q48: 0.06
A49: 24 | B49: ТЕР16-02-001-04 | C49: Прокладка трубопроводов отопления из стальных водогазопроводных неоцинкованных труб диаметром 32 мм | D49: 100 м | E49: 0.52 | F49: 5528.68 | G49: 446.74 | H49: 69.04 | I49: 2.73 | J49: 2875 | K49: 232 | L49: 36 | M49: 1 | N49: 32.97 | O49: 17.14 | P49: 0.15 | Q49: 0.08
A50: 25 | B50: ТЕР16-02-001-05 | C50: Прокладка трубопроводов отопления из стальных водогазопроводных неоцинкованных труб диаметром 40 мм | D50: 100 м | E50: 0.47 | F50: 6103.76 | G50: 446.74 | H50: 69.04 | I50: 2.73 | J50: 2869 | K50: 210 | L50: 32 | M50: 1 | N50: 32.97 | O50: 15.5 | P50: 0.15 | Q50: 0.07
A51: 26 | B51: ТЕР16-02-001-06 | C51: Прокладка трубопроводов отопления из стальных водогазопроводных неоцинкованных труб диаметром 50 мм | D51: 100 м | E51: 0.24 | F51: 7297.98 | G51: 554.47 | H51: 130.14 | I51: 3.46 | J51: 1752 | K51: 133 | L51: 31 | M51: 1 | N51: 40.92 | O51: 9.82 | P51: 0.19 | Q51: 0.05
A52: 27 | B52: ТСЦ-301-1224 | C52: Крепления для трубопроводов: кронштейны, планки, хомуты | D52: кг | E52: 68.2 | F52: 17.02 | J52: 1161
A53: 28 | B53: ТЕР18-06-003-05 | C53: Установка воздухосборников наружным диаметром 159 мм | D53: 1 шт. | E53: 2 | F53: 224.41 | G53: 16.21 | H53: 9.06 | I53: 0.18 | J53: 449 | K53: 32 | L53: 18 | N53: 1.21 | O53: 2.42 | P53: 0.01 | Q53: 0.02
A54: 29 | B54: ТЕР16-07-005-01 | C54: Гидравлическое испытание трубопроводов систем отопления, водопровода и горячего водоснабжения диаметром до 50 мм | D54: 100 м трубопровода | E54: 3.41 | F54: 104.4 | G54: 82.16 | H54: 15.29 | J54: 356 | K54: 280 | L54: 52 | N54: 5.01 | O54: 17.08
A55: 30 | B55: ТЕР15-04-030-04 | C55: Масляная окраска металлических труб диаметром менее 50 мм и т.п., количество окрасок 2 | D55: 100 м2 | E55: 0.253 | F55: 1384.09 | G55: 886.83 | H55: 3.68 | I55: 0.16 | J55: 350 | K55: 224 | L55: 1 | N55: 71.06 | O55: 17.98 | P55: 0.01
A56: 31 | B56: ТЕР26-01-009-01 | C56: Изоляция трубопроводов матами минераловатными марок 75, 100, плитами минераловатными на синтетическом связующем марки 75 | D56: 1 м3 изоляции | E56: 0.084 | F56: 445.68 | G56: 259.38 | H56: 71.42 | J56: 37 | K56: 22 | L56: 6 | N56: 18.85 | O56: 1.58
A57: Уд | B57: 1. 101-1876 | C57: Сталь листовая оцинкованная толщиной листа 0,8 мм | D57: т | E57: 0,0265 0,002226 | F57: 17616.25 | J57: 39.21
A58: Уд | B58: 2. 104-0009 | C58: Маты прошивные из минеральной ваты без обкладок М-100, толщина 60 мм | D58: м3 | E58: 1,54 0,1294 | F58: 414.12 | J58: 53.59
A59: Уд | B59: 3. 104-0077 | C59: Стеклопластик рулонный марки РСТ-А-Л-В | D59: 1000 м2 | E59: 0,002204 0,0001851 | F59: 21560 | J59: 3.99
A60: Уд | B60: 4. 506-0878 | C60: Листы алюминиевые марки АД1Н, толщиной 1 мм | D60: кг | E60: 0,78 0,06552 | F60: 42.32 | J60: 2.77
A61: 32 | B61: Цена поставщика. | C61: Стоимость матов прошивных теплоизоляционных в обкладке фольгой с одной стороны МПБ-30/Ф1 (Цена:2832,00:1,18:4,42*1,02=553,85) | D61: м3 | E61: 0.084 | F61: 553.85 | J61: 47
A62: Раздел 3. Узел управления.
A63: 33 | B63: ТСЦ-302-1263 | C63: Вентили проходные фланцевые 15С22НЖ для воды и пара, давлением 4 МПа (40 кгс/см2), диаметром 50 мм | D63: шт. | E63: 2 | F63: 564 | J63: 1128
A64: 34 | B64: ТСЦ-302-1269 | C64: Вентили проходные фланцевые 15КЧ19П для воды и пара, давлением 1,6 МПа (16 кгс/см2), диаметром 50 мм | D64: шт. | E64: 2 | F64: 156.8 | J64: 314
A65: 35 | B65: ТЕР16-05-001-01 прим. | C65: Установка кранов диаметром до 25 мм | D65: 1 шт. | E65: 5 | F65: 84.1 | G65: 18.79 | H65: 4.23 | J65: 421 | K65: 94 | L65: 21 | N65: 1.47 | O65: 7.35
A66: 36 | B66: ТСЦ-302-1833 | C66: Кран шаровой муфтовый 11Б27П1, диаметром 25 мм | D66: шт. | E66: 1 | F66: 56.62 | J66: 57
A67: 37 | B67: ТСЦ-302-1831 | C67: Кран шаровой муфтовый 11Б27П1, диаметром 15 мм | D67: шт. | E67: 4 | F67: 25.14 | J67: 101
A68: 38 | B68: ТЕР18-06-002-06 | C68: Установка грязевиков наружным диаметром патрубков до 159 мм | D68: 1 шт. | E68: 2 | F68: 2329.71 | G68: 109.17 | H68: 24.16 | I68: 0.73 | J68: 4659 | K68: 218 | L68: 48 | M68: 1 | N68: 8.34 | O68: 16.68 | P68: 0.04 | Q68: 0.08
A69: 39 | B69: ТЕР18-07-001-02 | C69: Установка манометров с трехходовым краном | D69: 1 компл. | E69: 4 | F69: 244.31 | G69: 3.07 | J69: 977 | K69: 12 | N69: 0.22 | O69: 0.88
A70: 40 | B70: Цена поставщика. | C70: Отборное устройство давления ЗК4-279.10-90 (Цена: 470,00:1,18:4,42*1,02=91,92) | D70: шт | E70: 6 | F70: 91.92 | J70: 552
A71: 41 | B71: ТЕР18-07-001-04 | C71: Установка термометров в оправе прямых и угловых | D71: 1 компл. | E71: 4 | F71: 365.03 | G71: 4.11 | J71: 1460 | K71: 16 | N71: 0.31 | O71: 1.24
A72: 42 | B72: ТЕР16-02-004-02 | C72: Прокладка трубопроводов отопления из стальных бесшовных труб диаметром до 65 мм | D72: 100 м | E72: 0.08 | F72: 7903.63 | G72: 991.41 | H72: 189.78 | I72: 4.19 | J72: 632 | K72: 79 | L72: 15 | N72: 72.05 | O72: 5.76 | P72: 0.23 | Q72: 0.02
A73: 43 | B73: ТЕР16-02-004-01 | C73: Прокладка трубопроводов отопления из стальных бесшовных труб диаметром до 50 мм | D73: 100 м | E73: 0.02 | F73: 7249.68 | G73: 837.02 | H73: 157.48 | I73: 3.46 | J73: 145 | K73: 17 | L73: 3 | N73: 60.83 | O73: 1.22 | P73: 0.19
A74: 44 | B74: ТСЦ-301-1224 | C74: Крепления для трубопроводов: кронштейны, планки, хомуты | D74: кг | E74: 2 | F74: 17.02 | J74: 34
A75: 45 | B75: ТЕР16-07-005-01 | C75: Гидравлическое испытание трубопроводов систем отопления, водопровода и горячего водоснабжения диаметром до 50 мм | D75: 100 м | E75: 0.1 | F75: 104.4 | G75: 82.16 | H75: 15.29 | J75: 10 | K75: 8 | L75: 2 | N75: 5.01 | O75: 0.5
A76: 46 | B76: ТЕР26-01-009-01 | C76: Изоляция трубопроводов матами минераловатными марок 75, 100, плитами минераловатными на синтетическом связующем марки 75 | D76: 1 м3 изоляции | E76: 0.095 | F76: 445.68 | G76: 259.38 | H76: 71.42 | J76: 42 | K76: 25 | L76: 7 | N76: 18.85 | O76: 1.79
A77: Уд | B77: 1. 101-1876 | C77: Сталь листовая оцинкованная толщиной листа 0,8 мм | D77: т | E77: 0,0265 0,002517 | F77: 17616.25 | J77: 44.34
A78: Уд | B78: 2. 104-0009 | C78: Маты прошивные из минеральной ваты без обкладок М-100, толщина 60 мм | D78: м3 | E78: 1,54 0,1463 | F78: 414.12 | J78: 60.59
A79: Уд | B79: 3. 104-0077 | C79: Стеклопластик рулонный марки РСТ-А-Л-В | D79: 1000 м2 | E79: 0,002204 0,0002094 | F79: 21560 | J79: 4.51
A80: Уд | B80: 4. 506-0878 | C80: Листы алюминиевые марки АД1Н, толщиной 1 мм | D80: кг | E80: 0,78 0,0741 | F80: 42.32 | J80: 3.14
A81: 47 | B81: Цена поставщика. | C81: Стоимость матов прошивных теплоизоляционных в обкладке фольгой с одной стороны МПБ-30/Ф1 (Цена:2832,00:1,18:4,42*1,02=553,85) | D81: м3 | E81: 0.1463 | F81: 553.85 | J81: 81
A82: Итого прямые затраты по смете в ценах 2001г. | J82: 45222 | K82: 5895 | L82: 763 | M82: 25 | O82: 457.62 | Q82: 1.58
A83: Итого прямые затраты по смете с учетом коэффициентов к итогам | J83: 47175 | K83: 7505 | L83: 1106 | M83: 38 | O83: 553.75 | Q83: 2.32
A84: В том числе, справочно:
A85: Районный к-т 4,3% (Поз. 1-2, 5, 7-8, 12, 3-4, 6, 9-11, 13-19, 21-26, 28-29, 33-43, 45, 20, 31-32, 46-47, 30) | J85: 255 | K85: 253 | L85: 1 | M85: 1
A86: При ремонте и реконструкции зданий и сооружений работы, аналогичные технологическим процессам в новом строительстве ОЗП=1,15; ЭМ=1,25; ЗПМ=1,25; ТЗ=1,15; ТЗМ=1,25 (Поз. 14-19, 21-26, 28-29, 33-43, 45, 20, 31-32, 46-47, 30) | J86: 706 | K86: 536 | L86: 172 | M86: 6 | O86: 37.938 | Q86: 0.3725
A87: Условия производства работ ОЗП=1,2; ЭМ=1,2; ЗПМ=1,2; ТЗ=1,2; ТЗМ=1,2 (Поз. 14-19, 21-26, 28-29, 33-43, 45, 20, 31-32, 46-47, 30) | J87: 992 | K87: 821 | L87: 171 | M87: 6 | O87: 58.174 | Q87: 0.372
A88: Накладные расходы | J88: 8315
A89: Сметная прибыль | J89: 4763
A90: Итоги по смете:
A91: Внутренние санитарно-технические работы: демонтаж и разборка (ремонтно-строительные) | J91: 5259 | O91: 184.6 | Q91: 0.09
A92: Сантехнические работы - внутренние (трубопроводы, водопровод, канализация, отопление, газоснабжение, вентиляция и кондиционирование воздуха) | J92: 52514 | O92: 339.67 | Q92: 2.23
A93: Теплоизоляционные работы | J93: 346 | O93: 4.66
A94: Материалы для строительных работ | J94: 1195
A95: Отделочные работы | J95: 939 | O95: 24.82
A96: Итого | J96: 60253 | O96: 553.75 | Q96: 2.32
A97: В том числе:
A98: Материалы | J98: 38564
A99: Машины и механизмы | J99: =1106-38 -> 1068
A100: ФОТ | J100: 7543
A101: Накладные расходы | J101: 8315
A102: Сметная прибыль | J102: 4763
A103: ВСЕГО по смете | J103: =SUM(J98:J102) -> 60253
A104: Пересчёт цен в текущие. 60 253 * 4,42 | J104: 266318
...

Sheet 24379
A1: СОГЛАСОВАНО: | E1: ФГУП "Комбинат "Электрохимприбор" | M1: УТВЕРЖДАЮ:
G2: (наименование стройки)
A3: _____________________________ | M3: _____________________________
A4: " _____ " ________________ 2012г. | G4: ЛОКАЛЬНЫЙ СМЕТНЫЙ РАСЧЕТ № 24379 | M4: "______ " _______________2012г.
G5: (локальная смета)
C7: на | D7: Реконструкцию теплоснабжения. Площадка 2 Здание 234 Г
H8: (наименование работ и затрат, наименование объекта)
D10: Основание: № 24250-12-ОВ КПМ Ж 6268.220 | N10: Справочно, в тыс.руб. :
D11: Сметная стоимость строительных работ _______________________________________________________________________________________________ | J11: ___________________________7,968 | L11: тыс. руб. | N11: с К=4,42 | P11: =7.968*4.42 -> 35.21856
D12: Средства на оплату труда _______________________________________________________________________________________________ | J12: ___________________________0,669 | L12: тыс. руб. | N12: с К=4,42 | P12: =0.669*4.42 -> 2.95698
D13: Сметная трудоемкость _______________________________________________________________________________________________ | J13: _______________________________________________________________________________________________46,91 | L13: чел.час
D14: Материалы ______________________________________ | K14: =J62/1000 -> 5.876 | L14: тыс.руб. | N14: с К=4,42 | P14: =5.876*4.42 -> 25.97192
D15: Составлен(а) в базовых ценах 2001г. в редакции 2009г.
A17: № пп | B17: Обоснование | C17: Наименование | D17: Ед. изм. | E17: Кол. | F17: Стоимость единицы, руб. | J17: Общая стоимость, руб. | N17: Т/з осн. раб.на ед. | O17: Т/з осн. раб. Всего | P17: Т/з мех. на ед. | Q17: Т/з мех. Всего
F18: Всего | G18: В том числе | J18: Всего | K18: В том числе
G19: Осн.З/п | H19: Эк.Маш | I19: З/пМех | K19: Осн.З/п | L19: Эк.Маш | M19: З/пМех
A20: 1 | B20: 2 | C20: 3 | D20: 4 | E20: 5 | F20: 6 | G20: 7 | H20: 8 | I20: 9 | J20: 10 | K20: 11 | L20: 12 | M20: 13 | N20: 14 | O20: 15 | P20: 16 | Q20: 17
A21: Раздел 1. Теплоснабжение.
A22: 1 | B22: ТЕР16-05-001-02 | C22: Установка вентилей на трубопроводах из стальных труб диаметром до 50 мм | D22: 1 шт. | E22: 1 | F22: 138.58 | G22: 18.79 | H22: 5.32 | J22: 139 | K22: 19 | L22: 5 | N22: 1.47 | O22: 1.47
A23: 2 | B23: ТЕР16-05-001-01 | C23: Установка вентилей на трубопроводах из стальных труб диаметром до 25 мм | D23: 1 шт. | E23: 2 | F23: 84.1 | G23: 18.79 | H23: 4.23 | J23: 168 | K23: 38 | L23: 8 | N23: 1.47 | O23: 2.94
A24: 3 | B24: ТСЦ-302-1262 прим. | C24: Вентили проходные фланцевые 15С22НЖ диаметром до 40 мм | D24: шт. | E24: 2 | F24: 495 | J24: 990
A25: 4 | B25: ТСЦ-302-1267 | C25: Вентили проходные фланцевые 15КЧ19П1 для воды, давлением 1,6 МПа (16 кгс/см2), диаметром 25 мм | D25: шт. | E25: 1 | F25: 49.27 | J25: 49
A26: 5 | B26: ТСЦ-302-1831 | C26: Кран шаровой муфтовый 11Б27П1, диаметром 15 мм | D26: шт. | E26: 11 | F26: 25.14 | J26: 277
A27: 6 | B27: ТЕР16-05-003-01 прим. | C27: Установка клапанов диаметром 25 мм | D27: 1 шт. | E27: 1 | F27: 75 | G27: 24.35 | H27: 3.71 | J27: 75 | K27: 24 | L27: 4 | N27: 1.86 | O27: 1.86
A28: Уд | B28: 1. 301-1666 | C28: Клапаны предохранительные малоподъемные однорычажные фланцевые 17ч3бр1 диаметром 25 мм | D28: шт. | E28: 1 1 | F28: 125.13 | J28: 125.13
A29: 7 | B29: ТСЦ-301-1488 | C29: Клапаны обратные В-В размером 1" | D29: шт. | E29: 1 | F29: 81.57 | J29: 82
A30: 8 | B30: Цена поставщика. | C30: Конденсатоотводчик ф 15 (Цена: 190,00:1,18:4,42*1,02=37,16) | D30: шт | E30: 1 | F30: 37.16 | J30: 37
A31: 9 | B31: ТЕР18-07-001-04 | C31: Установка термометров в оправе прямых и угловых | D31: 1 компл. | E31: 2 | F31: 365.03 | G31: 4.11 | J31: 730 | K31: 8 | N31: 0.31 | O31: 0.62
A32: 10 | B32: ТЕР18-07-001-02 | C32: Установка манометров с трехходовым краном | D32: 1 компл. | E32: 2 | F32: 244.31 | G32: 3.07 | J32: 489 | K32: 6 | N32: 0.22 | O32: 0.44
A33: 11 | B33: Цена поставщика. | C33: Отборное устройство (Цена: 470,00:1,18:4,42*1,02=91,92) | D33: шт | E33: 2 | F33: 91.92 | J33: 184
A34: 12 | B34: ТЕР16-05-003-01 | C34: Установка клапанов предохранительных однорычажных диаметром 25 мм | D34: 1 шт. | E34: 1 | F34: 200.13 | G34: 24.35 | H34: 3.71 | J34: 200 | K34: 24 | L34: 4 | N34: 1.86 | O34: 1.86
A35: 13 | B35: ТЕР16-02-005-01 | C35: Прокладка трубопроводов отопления и водоснабжения из стальных электросварных труб диаметром до 40 мм | D35: 100 м | E35: 0.05 | F35: 6013.84 | G35: 837.02 | H35: 157.48 | I35: 3.46 | J35: 301 | K35: 42 | L35: 8 | N35: 60.83 | O35: 3.04 | P35: 0.19 | Q35: 0.01
A36: 14 | B36: ТЕР16-02-001-05 | C36: Прокладка трубопроводов отопления из стальных водогазопроводных неоцинкованных труб диаметром 40 мм | D36: 100 м | E36: 0.07 | F36: 6103.76 | G36: 446.74 | H36: 69.04 | I36: 2.73 | J36: 427 | K36: 31 | L36: 5 | N36: 32.97 | O36: 2.31 | P36: 0.15 | Q36: 0.01
A37: 15 | B37: ТЕР16-02-001-03 | C37: Прокладка трубопроводов отопления из стальных водогазопроводных неоцинкованных труб диаметром 25 мм | D37: 100 м | E37: 0.195 | F37: 4893.53 | G37: 446.74 | H37: 69.04 | I37: 2.73 | J37: 954 | K37: 87 | L37: 13 | M37: 1 | N37: 32.97 | O37: 6.43 | P37: 0.15 | Q37: 0.03
A38: 16 | B38: ТЕР16-02-001-01 | C38: Прокладка трубопроводов отопления из стальных водогазопроводных неоцинкованных труб диаметром 15 мм | D38: 100 м | E38: 0.22 | F38: 3897.38 | G38: 446.74 | H38: 69.04 | I38: 2.73 | J38: 857 | K38: 98 | L38: 15 | M38: 1 | N38: 32.97 | O38: 7.25 | P38: 0.15 | Q38: 0.03
A39: 17 | B39: ТСЦ-301-1224 | C39: Крепления для трубопроводов: кронштейны, планки, хомуты | D39: кг | E39: 10.7 | F39: 17.02 | J39: 182
A40: 18 | B40: ТЕР16-07-005-01 | C40: Гидравлическое испытание трубопроводов систем отопления, водопровода и горячего водоснабжения диаметром до 50 мм | D40: 100 м | E40: 0.535 | F40: 104.4 | G40: 82.16 | H40: 15.29 | J40: 56 | K40: 44 | L40: 8 | N40: 5.01 | O40: 2.68
A41: 19 | B41: ТЕР13-03-004-26 прим. | C41: Антикоррозийнное покрытие трубопроводов. | D41: 100 м2 | E41: 0.05 | F41: 65.66 | G41: 48.95 | H41: 6.68 | I41: 0.16 | J41: 3 | K41: 2 | N41: 3.83 | O41: 0.19 | P41: 0.01
A42: Уд | B42: 1. 113-0246 | C42: Эмаль ПФ-115 серая | D42: т | E42: 0,019 0,00095 | F42: 29750 | J42: 28.26
A43: 20 | B43: ТСЦ-113-0427 | C43: Антикоррозийный состав "ГЕРМОКРОН-ГИДРО" | D43: кг | E43: 0.95 | F43: 48.31 | J43: 46
A44: 21 | B44: ТЕР26-01-009-01 прим. | C44: Изоляция трубопроводов матами МПБ-30/ф1, б=30мм. | D44: 1 м3 | E44: 0.15 | F44: 445.68 | G44: 259.38 | H44: 71.42 | J44: 67 | K44: 39 | L44: 11 | N44: 18.85 | O44: 2.83
A45: Уд | B45: 1. 101-1876 | C45: Сталь листовая оцинкованная толщиной листа 0,8 мм | D45: т | E45: 0,0265 0,003975 | F45: 17616.25 | J45: 70.02
A46: Уд | B46: 2. 104-0009 | C46: Маты прошивные из минеральной ваты без обкладок М-100, толщина 60 мм | D46: м3 | E46: 1,54 0,231 | F46: 414.12 | J46: 95.66
A47: Уд | B47: 3. 104-0077 | C47: Стеклопластик рулонный марки РСТ-А-Л-В | D47: 1000 м2 | E47: 0,002204 0,0003306 | F47: 21560 | J47: 7.13
A48: Уд | B48: 4. 506-0878 | C48: Листы алюминиевые марки АД1Н, толщиной 1 мм | D48: кг | E48: 0,78 0,117 | F48: 42.32 | J48: 4.95
A49: 22 | B49: Цена поставщика. | C49: Стоимость матов прошивных теплоизоляционных в обкладке фольгой с одной стороны МПБ-30/Ф1 (Цена:3599,00:1,18:4,42*1,02=703,85) | D49: м3 | E49: 0.15 | F49: 703.85 | J49: 106
A50: 23 | B50: ТЕР15-04-030-04 | C50: Масляная окраска металлических труб диаметром менее 50 мм и т.п., количество окрасок 2 | D50: 100 м2 | E50: 0.001 | F50: 1384.09 | G50: 886.83 | H50: 3.68 | I50: 0.16 | J50: 1 | K50: 1 | N50: 71.06 | O50: 0.07 | P50: 0.01
A51: Итого прямые затраты по смете в ценах 2001г. | J51: 6420 | K51: 463 | L51: 81 | M51: 2 | O51: 33.99 | Q51: 0.08
A52: Итого прямые затраты по смете с учетом коэффициентов к итогам | J52: 6664 | K52: 665 | L52: 123 | M52: 4 | O52: 46.91 | Q52: 0.12
A53: В том числе, справочно:
A54: Районный к-т 4,3% (Поз. 1-18, 21-22) | J54: 20 | K54: 20
A55: При ремонте и реконструкции зданий и сооружений работы, аналогичные технологическим процессам в новом строительстве ОЗП=1,15; ЭМ=1,25; ЗПМ=1,25; ТЗ=1,15; ТЗМ=1,25 (Поз. 1-18, 21-22) | J55: 93 | K55: 72 | L55: 20 | O55: 5.0595 | Q55: 0.02
A56: Условия производства работ ОЗП=1,2; ЭМ=1,2; ЗПМ=1,2; ТЗ=1,2; ТЗМ=1,2 (Поз. 1-18, 21-22) | J56: 131 | K56: 110 | L56: 20 | M56: 1 | O56: 7.758 | Q56: 0.02
A57: Накладные расходы | J57: 840
A58: Сметная прибыль | J58: 464
A59: Итоги по смете:
A60: Итого | J60: 7968 | O60: 46.91 | Q60: 0.12
A61: В том числе:
A62: Материалы | J62: 5876
A63: Машины и механизмы | J63: =123-4 -> 119
A64: ФОТ | J64: 669
A65: Накладные расходы | J65: 840
A66: Сметная прибыль | J66: 464
A67: ВСЕГО по смете | J67: =SUM(J62:J66) -> 7968 | Q67: 0.12
B69: Составил ___________________ | I69: Проверил _____________________

Sheet 24406
A1: СОГЛАСОВАНО: | E1: ФГУП "Комбинат "Электрохимприбор" | M1: УТВЕРЖДАЮ:
G2: (наименование стройки) | M2: Зам. генерального директора
A3: _____________________________ | M3: Е.В.Гордеев
A4: " _____ " ________________ 2012г. | G4: ЛОКАЛЬНЫЙ СМЕТНЫЙ РАСЧЕТ № 24406
G5: (локальная смета) | M5: "______ " __________2012 г.
C7: на | D7: Наружные сети водопровода и канализации. Площадка 2 Здание 234 Г
H8: (наименование работ и затрат, наименование объекта)
D10: Основание: пр. № 24279-12-НВК КПМ Ж 6268.220 | N10: Справочно, в тыс.руб. :
D11: Сметная стоимость строительных работ _______________________________________________________________________________________________ | J11: ___________________________33,312 | L11: тыс. руб. | N11: с К=4,42 | P11: =33.312*4.42 -> 147.23904
D12: Средства на оплату труда _______________________________________________________________________________________________ | J12: ___________________________3,282 | L12: тыс. руб. | N12: с К=4,42 | P12: =3.282*4.42 -> 14.50644
D13: Сметная трудоемкость _______________________________________________________________________________________________ | J13: _______________________________________________________________________________________________225,3 | L13: чел.час
D14: Материалы ______________________________________ | K14: =J75/1000 -> 21.738 | L14: тыс.руб. | N14: с К=4,42 | P14: =21.738*4.42 -> 96.08196
D15: Составлен(а) в базовых ценах 2001г. в редакции 2009г.
A18: № пп | B18: Обоснование | C18: Наименование | D18: Ед. изм. | E18: Кол. | F18: Стоимость единицы, руб. | J18: Общая стоимость, руб. | N18: Т/з осн. раб.на ед. | O18: Т/з осн. раб. Всего | P18: Т/з мех. на ед. | Q18: Т/з мех. Всего
F19: Всего | G19: В том числе | J19: Всего | K19: В том числе
G20: Осн.З/п | H20: Эк.Маш | I20: З/пМех | K20: Осн.З/п | L20: Эк.Маш | M20: З/пМех
A21: 1 | B21: 2 | C21: 3 | D21: 4 | E21: 5 | F21: 6 | G21: 7 | H21: 8 | I21: 9 | J21: 10 | K21: 11 | L21: 12 | M21: 13 | N21: 14 | O21: 15 | P21: 16 | Q21: 17
A22: Раздел 1. Водопровод.
A23: 1 | B23: ТЕР01-01-003-08 | C23: Разработка грунта в отвал экскаваторами «драглайн» или «обратная лопата» с ковшом вместимостью 0,65 (0,5-1) м3, группа грунтов 2 | D23: 1000 м3 | E23: 0.178 | F23: 3778.42 | G23: 115.18 | H23: 3663.24 | I23: 385.27 | J23: 673 | K23: 21 | L23: 652 | M23: 69 | N23: 10.48 | O23: 1.87 | P23: 22.77 | Q23: 4.05
A24: 2 | B24: ТЕР01-02-055-08 | C24: Разработка грунта вручную с креплениями в траншеях шириной до 2 м, глубиной до 3 м, группа грунтов 2 | D24: 100 м3 | E24: 0.198 | F24: 3117.84 | G24: 3117.84 | J24: 617 | K24: 617 | N24: 264 | O24: 52.27
A25: 3 | B25: ТЕР01-01-013-08 | C25: Разработка грунта с погрузкой на автомобили-самосвалы экскаваторами с ковшом вместимостью 0,65 (0,5-1) м3, группа грунтов 2 | D25: 1000 м3 | E25: 0.001 | F25: 5028.78 | G25: 125.4 | H25: 4898.28 | I25: 559.88 | J25: 5 | L25: 5 | M25: 1 | N25: 11.41 | O25: 0.01 | P25: 33.09 | Q25: 0.03
A26: 4 | B26: СЦП3-3-5-1 | C26: Перевозка грузов автомобилями-самосвалами (работающими вне карьеров): расстояние 5 км, класс груза I КОЭФ. К ПОЗИЦИИ: п.17.Доп1 При перевозке грузов к провозной плате (тарифам) применять поправочный коэффициент ПЗ=1,37 | D26: т | E26: 2.398 | F26: 10.58 | H26: 10.58 | J26: 25 | L26: 25
A27: 5 | B27: ТЕР23-01-001-01 | C27: Устройство основания под трубопроводы песчаного | D27: 10 м3 | E27: 0.0885 | F27: 1636.02 | G27: 117.4 | H27: 26.91 | I27: 5.47 | J27: 145 | K27: 10 | L27: 2 | N27: 10.2 | O27: 0.9 | P27: 0.35 | Q27: 0.03
A28: 6 | B28: ТЕР01-01-033-02 | C28: Засыпка траншей и котлованов с перемещением грунта до 5 м бульдозерами мощностью 59 кВт (80 л.с.), группа грунтов 2 | D28: 1000 м3 | E28: 0.177 | F28: 822.69 | H28: 822.69 | I28: 138.55 | J28: 146 | L28: 146 | M28: 25 | P28: 8.87 | Q28: 1.57
A29: 7 | B29: ТЕР01-02-061-02 | C29: Засыпка вручную траншей, пазух котлованов и ям, группа грунтов 2 | D29: 100 м3 | E29: 0.197 | F29: 1027.4 | G29: 1027.4 | J29: 202 | K29: 202 | N29: 97.2 | O29: 19.15
A30: 8 | B30: ТЕР01-02-005-01 | C30: Уплотнение грунта пневматическими трамбовками, группа грунтов 1-2 | D30: 100 м3 | E30: 1.97 | F30: 604.71 | G30: 150.49 | H30: 454.22 | I30: 47.48 | J30: 1191 | K30: 296 | L30: 895 | M30: 94 | N30: 12.53 | O30: 24.68 | P30: 3.04 | Q30: 5.99
A31: 9 | B31: ТЕР16-04-002-11 | C31: Прокладка трубопроводов водоснабжения из напорных полиэтиленовых труб низкого давления среднего типа наружным диаметром 160 мм | D31: 100 м | E31: 0.16 | F31: 17436.34 | G31: 1772.02 | H31: 1458.43 | I31: 218.17 | J31: 2790 | K31: 284 | L31: 233 | M31: 35 | N31: 132.24 | O31: 21.16 | P31: 12.51 | Q31: 2
A32: 10 | B32: ТЕР16-04-002-09 | C32: Прокладка трубопроводов водоснабжения из напорных полиэтиленовых труб низкого давления среднего типа наружным диаметром 110 мм | D32: 100 м | E32: 0.14 | F32: 10198.41 | G32: 1725.38 | H32: 1636.42 | I32: 252.18 | J32: 1428 | K32: 242 | L32: 229 | M32: 35 | N32: 128.76 | O32: 18.03 | P32: 14.46 | Q32: 2.02
A33: 11 | B33: ТЕР16-04-002-05 | C33: Прокладка трубопроводов водоснабжения из напорных полиэтиленовых труб низкого давления среднего типа наружным диаметром 50 мм | D33: 100 м | E33: 0.005 | F33: 5227.97 | G33: 1977.03 | H33: 1502.26 | I33: 234.74 | J33: 26 | K33: 10 | L33: 8 | M33: 1 | N33: 141.52 | O33: 0.71 | P33: 13.46 | Q33: 0.07
A34: 12 | B34: ТСЦ-507-0900 прим. | C34: Тройник литой полиэтиленовый диаметр 160 мм | D34: шт. | E34: 1 | F34: 1414.27 | J34: 1414
A35: 13 | B35: ТСЦ-507-0783 | C35: Переход полиэтиленовый , 160х110 | D35: шт. | E35: 2 | F35: 266.77 | J35: 534
A36: 14 | B36: ТСЦ-507-0782 | C36: Переход полиэтиленовый 110х63 | D36: шт. | E36: 1 | F36: 124.27 | J36: 124
A37: 15 | B37: ТЕР16-05-001-05 | C37: Установка задвижек, на трубопроводах диаметром до 150 мм | D37: 1 шт. | E37: 1 | F37: 492.19 | G37: 85.88 | H37: 20.84 | I37: 0.73 | J37: 492 | K37: 86 | L37: 21 | M37: 1 | N37: 6.72 | O37: 6.72 | P37: 0.04 | Q37: 0.04
A38: 16 | B38: ТСЦ-302-1179 | C38: Задвижки 30ч6бр диаметром 150 мм | D38: шт. | E38: 1 | F38: 911.96 | J38: 912
A39: 17 | B39: ТСЦ-507-0971 | C39: Фланцы стальные плоские приварные из стали ВСт3сп2, ВСт3сп3, давлением 0,6 МПа (6 кгс/см2), диаметром 150 мм | D39: шт. | E39: 1 | F39: 101.48 | J39: 101
A40: 18 | B40: ТЕР16-05-001-03 | C40: Установка задвижек, на трубопроводах диаметром до 100 мм | D40: 1 шт. | E40: 1 | F40: 278.39 | G40: 37.19 | H40: 11.67 | I40: 0.36 | J40: 278 | K40: 37 | L40: 12 | N40: 2.91 | O40: 2.91 | P40: 0.02 | Q40: 0.02
A41: 19 | B41: Цена поставщика. | C41: Задвижки фланцевая 4000Е2 диаметром 100 мм (Цена: 11539,30:4,42*1,02=2662,91) | D41: шт. | E41: 1 | F41: 2662.91 | J41: 2663
A42: 20 | B42: ТЕР16-05-001-02 | C42: Установка задвижек, на трубопроводах диаметром до 50 мм | D42: 1 шт. | E42: 1 | F42: 138.58 | G42: 18.79 | H42: 5.32 | J42: 139 | K42: 19 | L42: 5 | N42: 1.47 | O42: 1.47
A43: 21 | B43: Цена поставщика. | C43: Задвижки фланцевая 4000Е2 диаметром 50 мм (Цена: 6734,83:4,42*1,02=1554,19) | D43: шт. | E43: 1 | F43: 1554.19 | J43: 1554
A44: 22 | B44: Цена поставщика. | C44: Фланец "Система 2000" диаметром 110мм (Цена: 4197,83:4,42*1,02=968,73) | D44: шт. | E44: 2 | F44: 968.73 | J44: 1937
A45: 23 | B45: Цена поставщика. | C45: Фланец "Система 2000" диаметром 50мм (Цена: 2980,16:4,42*1,02=687,73) | D45: шт. | E45: 2 | F45: 687.73 | J45: 1375
A46: 24 | B46: Цена поставщика. | C46: Шток телескопический 2-2,5м (DN 50-100) (Цена: 4271,05:4,42*1,02=985,63) | D46: шт. | E46: 2 | F46: 985.63 | J46: 1971
A47: 25 | B47: ТЕР07-01-028-11 прим. | C47: Установка опорных плит. | D47: 100 шт. | E47: 0.02 | F47: 6969.96 | G47: 2701.44 | H47: 2725.3 | I47: 315.95 | J47: 139 | K47: 54 | L47: 55 | M47: 6 | N47: 201.6 | O47: 4.03 | P47: 17.36 | Q47: 0.35
A48: 26 | B48: Цена поставщика. | C48: Плита опорная для задвижек. (Цена: 710,17:4,42*1,02=163,88) | D48: шт. | E48: 2 | F48: 163.88 | J48: 328
A49: 27 | B49: ТЕР16-05-001-03 прим. | C49: Установка ковера. | D49: 1 шт. | E49: 2 | F49: 278.39 | G49: 37.19 | H49: 11.67 | I49: 0.36 | J49: 557 | K49: 74 | L49: 23 | M49: 1 | N49: 2.91 | O49: 5.82 | P49: 0.02 | Q49: 0.04
A50: 28 | B50: ТСЦ-301-3193 | C50: Ковер для задвижек. (Цена: 3250,44:4,42*1,02=750,10) | D50: шт. | E50: 2 | F50: 750.1 | J50: 1500
A51: 29 | B51: ТЕР16-07-003-10 | C51: Врезка в действующие внутренние сети трубопроводов отопления и водоснабжения диаметром 150 мм | D51: 1 врезка | E51: 1 | F51: 1343.06 | G51: 128.18 | H51: 24.21 | I51: 0.73 | J51: 1343 | K51: 128 | L51: 24 | M51: 1 | N51: 9.46 | O51: 9.46 | P51: 0.04 | Q51: 0.04
A52: 30 | B52: ТЕР16-07-005-03 | C52: Гидравлическое испытание трубопроводов систем отопления, водопровода и горячего водоснабжения диаметром до 200 мм | D52: 100 м | E52: 0.305 | F52: 179.06 | G52: 82.16 | H52: 15.29 | J52: 55 | K52: 25 | L52: 5 | N52: 5.01 | O52: 1.53
A53: Раздел 2. Канализация.
A54: 31 | B54: ТЕР01-01-003-08 | C54: Разработка грунта в отвал экскаваторами «драглайн» или «обратная лопата» с ковшом вместимостью 0,65 (0,5-1) м3, группа грунтов 2 | D54: 1000 м3 | E54: 0.07 | F54: 3778.42 | G54: 115.18 | H54: 3663.24 | I54: 385.27 | J54: 264 | K54: 8 | L54: 256 | M54: 27 | N54: 10.48 | O54: 0.73 | P54: 22.77 | Q54: 1.59
A55: 32 | B55: ТЕР01-02-055-08 | C55: Разработка грунта вручную с креплениями в траншеях шириной до 2 м, глубиной до 3 м, группа грунтов 2 | D55: 100 м3 | E55: 0.022 | F55: 3117.84 | G55: 3117.84 | J55: 69 | K55: 69 | N55: 264 | O55: 5.81
A56: 33 | B56: ТЕР01-01-013-08 | C56: Разработка грунта с погрузкой на автомобили-самосвалы экскаваторами с ковшом вместимостью 0,65 (0,5-1) м3, группа грунтов 2 | D56: 1000 м3 | E56: 0.012 | F56: 5028.78 | G56: 125.4 | H56: 4898.28 | I56: 559.88 | J56: 60 | K56: 2 | L56: 58 | M56: 7 | N56: 11.41 | O56: 0.14 | P56: 33.09 | Q56: 0.4
A57: 34 | B57: СЦП3-3-5-1 | C57: Перевозка грузов автомобилями-самосвалами (работающими вне карьеров): расстояние 5 км, класс груза I | D57: т | E57: 24.72 | F57: 7.72 | H57: 7.72 | J57: 191 | L57: 191
A58: 35 | B58: ТЕР23-01-001-01 | C58: Устройство основания: песчаного | D58: 10 м3 | E58: 0.009 | F58: 1356.3 | G58: 117.2 | H58: 26.9 | I58: 5.46 | J58: 12 | K58: 1 | N58: 10.2 | O58: 0.09 | P58: 0.35
A59: 36 | B59: ТЕР01-01-033-02 | C59: Засыпка траншей и котлованов с перемещением грунта до 5 м бульдозерами мощностью 59 кВт (80 л.с.), группа грунтов 2 | D59: 1000 м3 | E59: 0.058 | F59: 822.69 | H59: 822.69 | I59: 138.55 | J59: 48 | L59: 48 | M59: 8 | P59: 8.87 | Q59: 0.51
A60: 37 | B60: ТЕР01-02-061-02 | C60: Засыпка вручную траншей, пазух котлованов и ям, группа грунтов 2 | D60: 100 м3 | E60: 0.0178 | F60: 1027.4 | G60: 1027.4 | J60: 18 | K60: 18 | N60: 97.2 | O60: 1.73
A61: 38 | B61: ТЕР16-04-001-02 | C61: Прокладка трубопроводов канализации из полиэтиленовых труб высокой плотности диаметром: 100 мм | D61: 100 м | E61: 0.045 | F61: 8603.66 | G61: 860.55 | H61: 24.45 | I61: 4.53 | J61: 387 | K61: 39 | L61: 1 | N61: 61.6 | O61: 2.77 | P61: 0.28 | Q61: 0.01
A62: 39 | B62: ТЕР23-03-001-03 | C62: Устройство круглых сборных железобетонных канализационных колодцев диаметром 1 м в сухих грунтах | D62: 10 м3 | E62: 0.036 | F62: 20216.39 | G62: 1772.46 | H62: 2930.56 | I62: 348.28 | J62: 728 | K62: 64 | L62: 106 | M62: 13 | N62: 138.69 | O62: 4.99 | P62: 19.21 | Q62: 0.69
A63: 40 | B63: ТСЦ-101-2535 | C63: Люки чугунные легкий | D63: шт. | E63: 1 | F63: 511.7 | J63: 512
A64: 41 | B64: ТЕР16-07-004-02 | C64: Врезка в действующие внутренние сети трубопроводов канализации диаметром 100 мм | D64: 1 врезка | E64: 1 | F64: 199.38 | G64: 107.37 | H64: 1.09 | J64: 199 | K64: 107 | L64: 1 | N64: 8.94 | O64: 8.94
A65: Итого прямые затраты по смете в ценах 2001г. | J65: 27152 | K65: 2413 | L65: 3001 | M65: 324 | O65: 195.92 | Q65: 19.45
A66: Итого прямые затраты по смете с учетом коэффициентов к итогам | J66: 28066 | K66: 2893 | L66: 3435 | M66: 389 | O66: 225.3 | Q66: 22.37
A67: В том числе, справочно:
A68: Районный к-т 4,3% (Поз. 1, 3, 6, 8, 31, 33, 36, 2, 7, 32, 37, 5, 35, 39-40, 9-24, 26-30, 38, 41, 25) | J68: 117 | K68: 104 | L68: 14 | M68: 14
A69: 4. Производство строительных и других работ на открытых и полуоткрытых производственных площадках в стесненных условиях ОЗП=1,15; ЭМ=1,15; ЗПМ=1,15; ТЗ=1,15; ТЗМ=1,15 (Поз. 1, 3, 6, 8, 31, 33, 36, 2, 7, 32, 37, 5, 35, 39-40, 9-24, 26-30, 38, 41, 25) | J69: 797 | K69: 377 | L69: 420 | M69: 51 | O69: 29.388 | Q69: 2.9175
A70: Накладные расходы | J70: 3463
A71: Сметная прибыль | J71: 1783
A72: Итоги по смете:
A73: Итого | J73: 33312 | O73: 225.3 | Q73: 22.37
A74: В том числе:
A75: Материалы | J75: 21738
A76: Машины и механизмы | J76: =3435-389 -> 3046
A77: ФОТ | J77: 3282
A78: Накладные расходы | J78: 3463
A79: Сметная прибыль | J79: 1783
A80: ВСЕГО по смете | J80: 33312 | O80: 225.3 | Q80: 22.37
B83: Составил ___________________ | I83: Проверил _____________________

Sheet 24481
A1: СОГЛАСОВАНО: | E1: ФГУП "Комбинат "Электрохимприбор" | M1: УТВЕРЖДАЮ:
G2: (наименование стройки) | M2: Зам.генерального директора
A3: _________________ | N3: Е.В. Гордеев
A4: " _____ " ________________ 2012 г. | M4: __________________
G5: ЛОКАЛЬНЫЙ СМЕТНЫЙ РАСЧЕТ № 24481 | M5: "______ " __________2012 г.
G6: (локальная смета)
C8: на | D8: реконструкцию баллонной. Площадка 2. Здание 234Г
H9: (наименование работ и затрат, наименование объекта)
D11: Основание: проект №24329-12-АС тема КПМ Ж6268.220 | N11: Справочно, в тыс.руб. :
D12: Сметная стоимость строительных работ _______________________________________________________________________________________________ | J12: ___________________________51,063 | L12: тыс. руб. | N12: с К=4,42 | P12: 225.698
D13: Средства на оплату труда _______________________________________________________________________________________________ | J13: ___________________________2,107 | L13: тыс. руб. | N13: с К=4,42 | P13: 9.313
D14: Сметная трудоемкость _______________________________________________________________________________________________ | J14: _______________________________________________________________________________________________145,58 | L14: чел.час
D15: Материалы _________________________________________________________ | K15: 43,828 тыс.руб. | N15: с К=4,42 | P15: 193.72
D16: Составлен(а) в базовых ценах 2001г. в редакции 2009г.
A18: № пп | B18: Обоснование | C18: Наименование | D18: Ед. изм. | E18: Кол. | F18: Стоимость единицы, руб. | J18: Общая стоимость, руб. | N18: Т/з осн. раб.на ед. | O18: Т/з осн. раб. Всего | P18: Т/з мех. на ед. | Q18: Т/з мех. Всего
F19: Всего | G19: В том числе | J19: Всего | K19: В том числе
G20: Осн.З/п | H20: Эк.Маш | I20: З/пМех | K20: Осн.З/п | L20: Эк.Маш | M20: З/пМех
A21: 1 | B21: 2 | C21: 3 | D21: 4 | E21: 5 | F21: 6 | G21: 7 | H21: 8 | I21: 9 | J21: 10 | K21: 11 | L21: 12 | M21: 13 | N21: 14 | O21: 15 | P21: 16 | Q21: 17
A22: Раздел 1. Монолитная опорная плита
A23: 1 | B23: ТЕР08-01-002-02 | C23: Устройство основания под фундаменты щебеночного | D23: 1 м3 | E23: 0.794 | F23: 288.26 | G23: 27.62 | H23: 67.69 | I23: 7.48 | J23: 229 | K23: 22 | L23: 54 | M23: 6 | N23: 2.4 | O23: 1.91 | P23: 0.54 | Q23: 0.43
A24: 2 | B24: ТЕР06-01-001-01 | C24: Устройство бетонной подготовки | D24: 100 м3 | E24: 0.02 | F24: 9627.53 | G24: 1978.2 | H24: 4648.35 | I24: 327.6 | J24: 193 | K24: 40 | L24: 93 | M24: 7 | N24: 180 | O24: 3.6 | P24: 18 | Q24: 0.36
A25: 3 | B25: ТСЦ-401-0066 | C25: Бетон тяжелый, крупность заполнителя 20 мм, класс В15 (М200) | D25: м3 | E25: 2.04 | F25: 593.48 | J25: 1211
A26: 4 | B26: ТЕР06-01-015-10 | C26: Армирование подстилающих слоев и набетонок | D26: 1 т | E26: 0.119 | F26: 438.07 | G26: 157.75 | H26: 44.41 | I26: 2.91 | J26: 52 | K26: 19 | L26: 5 | N26: 12.64 | O26: 1.5 | P26: 0.16 | Q26: 0.02
A27: 5 | B27: ТСЦ-204-0066 | C27: Арматура-сетка из арматурной стали диаметром 12-14 мм | D27: т | E27: 0.119 | F27: 6299.31 | J27: 750
A28: 6 | B28: ТСЦ-204-0037 | C28: Надбавки к ценам заготовок за сборку и сварку каркасов и сеток плоских, диаметром 12 мм | D28: т | E28: 0.119 | F28: 2069.7 | J28: 246
A29: Раздел 2. Монтаж металлических конструкций
A30: 7 | B30: ТЕР09-01-001-01 | C30: Монтаж каркасов одноэтажных производственных зданий одно- и многопролетных без фонарей пролетом до 24 м, высотой до 15 м без кранов | D30: 1 т конструкций | E30: 1.203 | F30: 1137.76 | G30: 303.52 | H30: 535.13 | I30: 53.33 | J30: 1369 | K30: 365 | L30: 644 | M30: 64 | N30: 22.4 | O30: 26.95 | P30: 2.81 | Q30: 3.38
A31: 8 | B31: ТСЦ-201-0778 | C31: Прочие индивидуальные сварные конструкции, масса сборочной единицы до 0,1 т | D31: т | E31: 1.203 | F31: 13506.5 | J31: 16248
A32: 9 | B32: ТЕР46-03-009-02 | C32: Пробивка в кирпичных стенах гнезд размером до 260х260 мм | D32: 100 шт. | E32: 0.02 | F32: 3359.59 | G32: 689.7 | H32: 2669.89 | I32: 247.26 | J32: 67 | K32: 14 | L32: 53 | M32: 5 | N32: 53.3 | O32: 1.07 | P32: 15.83 | Q32: 0.32
A33: 10 | B33: ТЕР46-03-017-05 | C33: Заделка отверстий, гнезд и борозд в стенах бетоном | D33: 1 м3 заделки | E33: 0.01 | F33: 2078.32 | G33: 857.51 | H33: 44.07 | J33: 21 | K33: 9 | N33: 75.22 | O33: 0.75
A34: 11 | B34: ТЕР13-03-002-04 | C34: Огрунтовка металлических поверхностей за один раз грунтовкой ГФ-021 | D34: 100 м2 | E34: 0.18 | F34: 417.46 | G34: 79.65 | H34: 10.15 | I34: 0.16 | J34: 75 | K34: 14 | L34: 2 | N34: 5.31 | O34: 0.96 | P34: 0.01
A35: 12 | B35: ТЕР26-02-009-01 | C35: Огнезащитное покрытие металлических огрунтованных (грунтом ГФ-021) поверхностей балок покрытия материалом огнезащитным терморасширяющимся | D35: 100 м2 покрытия | E35: 0.096 | F35: 2788.4 | G35: 2296.32 | H35: 323.21 | J35: 268 | K35: 220 | L35: 31 | N35: 184 | O35: 17.66
A36: 13 | B36: ТСЦ-113-0519 | C36: Материал огнезащитный терморасширяющийся | D36: кг | E36: 21.12 | F36: 85 | J36: 1795
A37: 14 | B37: ТЕР13-03-004-26 | C37: Окраска прочих металлических огрунтованных поверхностей эмалью ПФ КОЭФ. К ПОЗИЦИИ: за 2 раза ПЗ=2 (ОЗП=2; ЭМ=2 к расх.; ЗПМ=2; МАТ=2 к расх.; ТЗ=2; ТЗМ=2) | D37: 100 м2 | E37: 0.084 | F37: 1261.82 | G37: 97.9 | H37: 13.36 | I37: 0.32 | J37: 106 | K37: 8 | L37: 1 | N37: 7.66 | O37: 0.64 | P37: 0.02
A38: Раздел 3. Облицовка каркаса сэндвич-панелями. Проемы
A39: 15 | B39: ТЕР11-01-004-05 | C39: Устройство гидроизоляции обмазочной в один слой толщиной 2 мм | D39: 100 м2 | E39: 0.017 | F39: 1498.8 | G39: 415.88 | H39: 223.72 | I39: 2.81 | J39: 25 | K39: 7 | L39: 4 | N39: 26.97 | O39: 0.46 | P39: 0.18
A40: 16 | B40: ТЕР15-01-062-02 прим. | C40: Наружная облицовка поверхности стен сэндвич-панелями ПСТМ.200 | D40: 100 м2 | E40: 0.32 | F40: 12576.39 | G40: 1374.1 | H40: 221.38 | I40: 5.28 | J40: 4024 | K40: 440 | L40: 71 | M40: 2 | N40: 106.19 | O40: 33.98 | P40: 0.29 | Q40: 0.09
A41: 17 | B41: Цена поставщика | C41: Сэндвич-панели ПСТМ (цена: 798:4,42:1,18х1,02=156,06) | D41: м2 | E41: 32 | F41: 156.06 | J41: 4994
A42: 18 | B42: Цена поставщика | C42: Саморез для крепления сэндвич-панелей ПСТМ.200 (цена: 15365:4,42:1,18х1,02=3004,89) | D42: 1000шт. | E42: 0.192 | F42: 3004.89 | J42: 577
A43: 19 | B43: ТЕР07-05-039-05 прим. | C43: Устройство герметизации стеновых панелей пеной монтажной | D43: 100 м шва | E43: 0.201 | F43: 379.32 | G43: 105.81 | H43: 273.51 | J43: 76 | K43: 21 | L43: 55 | N43: 8.81 | O43: 1.77
A44: 20 | B44: ТСЦ-101-2388 | C44: Герметик пенополиуретановый (пена монтажная) типа Makrofleks, Soudal в баллонах по 750 мл | D44: шт. | E44: 14.5 | F44: 68 | J44: 986
A45: 21 | B45: ТЕР09-04-002-03 | C45: Монтаж кровельного покрытия из многослойных панелей заводской готовности при высоте до 50 м | D45: 100 м2 покрытия | E45: 0.085 | F45: 2690.79 | G45: 577.66 | H45: 1925.66 | I45: 172.5 | J45: 229 | K45: 49 | L45: 164 | M45: 15 | N45: 45.2 | O45: 3.84 | P45: 9.74 | Q45: 0.83
A46: 22 | B46: ТСЦ-201-0287 прим. | C46: Панели трехслойные стеновые с обшивками из стальных профилированных листов с утеплителем из минераловатных плит доборные, толщина утеплителя 150 мм - ПКТП.150 | D46: м2 | E46: 8.5 | F46: 769.55 | J46: 6541
A47: 23 | B47: Цена поставщика | C47: Саморез для крепления сэндвич-панелей ПКТП.150 (цена: 11555:4,42:1,18х1,02=2259,78) | D47: 1000шт. | E47: 0.051 | F47: 2259.78 | J47: 115
A48: 24 | B48: ТЕР07-05-039-04 | C48: Устройство герметизации стеновых панелей пеной монтажной | D48: 100 м шва | E48: 0.118 | F48: 186.31 | G48: 50.92 | H48: 135.39 | J48: 22 | K48: 6 | L48: 16 | N48: 4.24 | O48: 0.5
A49: 25 | B49: ТСЦ-101-2388 | C49: Герметик пенополиуретановый (пена монтажная) типа Makrofleks, Soudal в баллонах по 750 мл | D49: шт. | E49: 8.5 | F49: 68 | J49: 578
A50: 26 | B50: ТЕР07-05-039-06 прим. | C50: Устройство герметизации горизонтальных и вертикальных стыков герметиком силиконовым КОЭФ. К ПОЗИЦИИ: МАТ=0 к расх. | D50: 100 м шва | E50: 0.01 | F50: 1131.72 | G50: 240.14 | H50: 891.58 | I50: 57.33 | J50: 11 | K50: 2 | L50: 9 | M50: 1 | N50: 18.79 | O50: 0.19 | P50: 3.67 | Q50: 0.04
A51: 27 | B51: ТСЦ-101-1759 | C51: Герметик силиконовый для наружных швов | D51: л | E51: 0.05 | F51: 79.1 | J51: 4
A52: 28 | B52: ТЕР12-01-010-01 | C52: Устройство мелких покрытий из листовой оцинкованной стали (отливы) | D52: 100 м2 | E52: 0.063 | F52: 15322.3 | G52: 1354.13 | H52: 58.83 | I52: 3.64 | J52: 965 | K52: 85 | L52: 4 | N52: 112.75 | O52: 7.1 | P52: 0.2 | Q52: 0.01
A53: 29 | B53: ФЕР09-04-012-01 | C53: Установка металлических дверных блоков в готовые проемы КОЭФ. К ПОЗИЦИИ: Приведение расценок ФЕР к территориальному уровню (Письмо УРЦЦС Ц-297 от 12.04.2011) ОЗП=1,41; ЭМ=1,242; ЗПМ=1,41; МАТ=1,052 | D53: 1 м2 проема | E53: 1.89 | F53: 84.31 | G53: 33.57 | H53: 23.68 | J53: 159 | K53: 63 | L53: 45 | N53: 2.4 | O53: 4.54
A54: 30 | B54: ФССЦ-203-8136 | C54: Дверь противопожарная металлическая остекленная однопольная ДПМО-01/60, размером 900х2100 мм КОЭФ. К ПОЗИЦИИ: Приведение расценок ФЕР к территориальному уровню (Письмо УРЦЦС Ц-297 от 12.04.2011) МАТ=1,052 к расх. | D54: шт. | E54: 1 | F54: 3951.31 | J54: 3951
A55: Раздел 4. Отмостка
A56: 31 | B56: ТЕР11-01-001-02 | C56: Уплотнение грунта щебнем | D56: 100 м2 | E56: 0.055 | F56: 835.84 | G56: 90.94 | H56: 93.47 | I56: 13.75 | J56: 46 | K56: 5 | L56: 5 | M56: 1 | N56: 7.7 | O56: 0.42 | P56: 0.88 | Q56: 0.05
A57: 32 | B57: ТЕР11-01-002-04 | C57: Устройство подстилающих слоев щебеночных | D57: 1 м3 | E57: 0.33 | F57: 276.85 | G57: 46.55 | H57: 65.15 | I57: 8.59 | J57: 91 | K57: 15 | L57: 21 | M57: 3 | N57: 3.73 | O57: 1.23 | P57: 0.55 | Q57: 0.18
A58: 33 | B58: ТЕР06-01-001-01 | C58: Устройство бетонной отмостки | D58: 100 м3 | E58: 0.008 | F58: 9627.53 | G58: 1978.2 | H58: 4648.35 | I58: 327.6 | J58: 77 | K58: 16 | L58: 37 | M58: 3 | N58: 180 | O58: 1.44 | P58: 18 | Q58: 0.14
A59: 34 | B59: ТСЦ-401-0063 | C59: Бетон тяжелый, крупность заполнителя 20 мм, класс В7,5 (М100) | D59: м3 | E59: 0.82 | F59: 562.22 | J59: 461
A60: Итого прямые затраты по смете в ценах 2001г. | J60: 46562 | K60: 1420 | L60: 1314 | M60: 107 | O60: 110.51 | Q60: 5.85
A61: Итого прямые затраты по смете с учетом коэффициентов к итогам | J61: 47651 | K61: 1950 | L61: 1873 | M61: 157 | O61: 145.58 | Q61: 8.27
A62: В том числе, справочно:
A63: Районный к-т 4,3% (Поз. 1-4, 33-34, 7-8, 17-18, 20-23, 25, 29-30, 9-11, 14, 12-13, 15, 31-32, 16, 19, 24, 26, 28) | J63: 64 | K63: 61 | L63: 5 | M63: 5
A64: При ремонте и реконструкции зданий и сооружений работы, аналогичные технологическим процессам в новом строительстве ОЗП=1,15; ЭМ=1,25; ЗПМ=1,25; ТЗ=1,15; ТЗМ=1,25 (Поз. 1-4, 33-34, 7-8, 17-18, 20-23, 25, 29-30, 11, 14, 12-13, 15, 31-32, 16, 19, 24, 26, 28) | J64: 536 | K64: 219 | L64: 316 | M64: 26 | O64: 16.3035 | Q64: 1.3825
A65: Производство ремонтных и других работ на открытых и полуоткрытых производственных площадках в стесненных условиях ОЗП=1,15; ЭМ=1,15; ЗПМ=1,15; ТЗ=1,15; ТЗМ=1,15 (Поз. 1-4, 33-34, 7-8, 17-18, 20-23, 25, 29-30, 11, 14, 12-13, 15, 31-32, 16, 19, 24, 26, 28) | J65: 489 | K65: 251 | L65: 237 | M65: 20 | O65: 18.7515 | Q65: 1.0365
A66: Накладные расходы | J66: 2131
A67: В том числе, справочно:
A68: 90% ФОТ (от 807) (Поз. 7-8, 17-18, 20-23, 25, 29-30, 11, 14) | J68: 726
A69: 100% ФОТ (от 302) (Поз. 12-13) | J69: 302
A70: 105% ФОТ (от 729) (Поз. 2-4, 33-34, 16) | J70: 766
A71: 110% ФОТ (от 29) (Поз. 9-10) | J71: 32
A72: 120% ФОТ (от 117) (Поз. 28) | J72: 140
A73: 122% ФОТ (от 39) (Поз. 1) | J73: 48
A74: 123% ФОТ (от 43) (Поз. 15, 31-32) | J74: 53
A75: 155% ФОТ (от 41) (Поз. 19, 24, 26) | J75: 64
A76: Сметная прибыль | J76: 1281
A77: В том числе, справочно:
A78: 55%*0.85 ФОТ (от 610) (Поз. 16) | J78: 285
A79: 65%*0.85 ФОТ (от 236) (Поз. 2-4, 33-34, 28) | J79: 131
A80: 70%*0.85 ФОТ (от 361) (Поз. 9-11, 14, 12-13) | J80: 215
A81: 75%*0.85 ФОТ (от 43) (Поз. 15, 31-32) | J81: 27
A82: 80%*0.85 ФОТ (от 39) (Поз. 1) | J82: 27
A83: 85%*0.85 ФОТ (от 777) (Поз. 7-8, 17-18, 20-23, 25, 29-30) | J83: 561
A84: 100%*0.85 ФОТ (от 41) (Поз. 19, 24, 26) | J84: 35
A85: Итоги по смете:
A86: Конструкции из кирпича и блоков | J86: 336 | O86: 2.53 | Q86: 0.62
A87: Бетонные и железобетонные монолитные конструкции в промышленном строительстве | J87: 2273 | O87: 8.65 | Q87: 0.75
A88: Материалы для строительных работ | J88: 1000
A89: Строительные металлические конструкции | J89: 37567 | O89: 46.72 | Q89: 6.05
A90: Работы по реконструкции зданий и сооружений (усиление и замена существующих конструкций, разборка и возведение отдельных конструктивных элементов) | J90: 138 | O90: 1.82 | Q90: 0.32
A91: Защита строительных конструкций и оборудования от коррозии | J91: 236 | O91: 2.12
A92: Теплоизоляционные работы | J92: 2641 | O92: 23.36
A93: Полы | J93: 266 | O93: 2.79 | Q93: 0.33
A94: Отделочные работы | J94: 5148 | O94: 44.94 | Q94: 0.13
A95: Бетонные и железобетонные сборные конструкции в жилищно-гражданском строительстве | J95: 254 | O95: 3.25 | Q95: 0.06
A96: Кровли | J96: 1204 | O96: 9.4 | Q96: 0.01
A97: Итого | J97: 51063 | O97: 145.58 | Q97: 8.27
A98: В том числе:
A99: Материалы | J99: 43828
A100: Машины и механизмы | J100: 1716
A101: ФОТ | J101: 2107
A102: Накладные расходы | J102: 2131
A103: Сметная прибыль | J103: 1281
...

Sheet 24493
A1: СОГЛАСОВАНО: | E1: ФГУП "Комбинат "Электрохимприбор" | M1: УТВЕРЖДАЮ:
G2: (наименование стройки) | M2: Зам. генерального директора
M3: Е.В.Гордеев
A4: _________________ | M4: _________________
A5: " _____ " ________________ 2012 г. | M5: "______ " __________2012 г.
G6: ЛОКАЛЬНЫЙ СМЕТНЫЙ РАСЧЕТ № 24493
G7: (локальная смета)
C9: на | D9: Реконструкцию наружных электрических сетей. Площадка 2. Здание 234Г.
G10: (наименование работ и затрат, наименование объекта)
D12: Основание: проект № 24317-12-ЭС | N12: Справочно, в тыс.руб. :
D13: Сметная стоимость _______________________________________________________________________________________________ | J13: ___________________________156,439 | L13: тыс. руб. | N13: с К=4,42 | P13: =P14+P15 -> 691.46038
D14: строительных работ _______________________________________________________________________________________________ | J14: _______________________________________________________________________________________________53,074 | L14: тыс. руб. | N14: с К=4,42 | P14: =53.074*4.42 -> 234.58708
D15: монтажных работ _______________________________________________________________________________________________ | J15: _______________________________________________________________________________________________103,365 | L15: тыс. руб. | N15: с К=4,42 | P15: =103.365*4.42 -> 456.8733
D16: Средства на оплату труда _______________________________________________________________________________________________ | J16: ___________________________7,267 | L16: тыс. руб. | N16: с К=6,05 | P16: =7.267*4.42 -> 32.12014
D17: Сметная трудоемкость _______________________________________________________________________________________________ | J17: _______________________________________________________________________________________________455,54 | L17: чел.час
D18: Материалы ______________________________________ | K18: =K103/1000 -> 126.618 | L18: тыс.руб. | N18: с К=4,42 | P18: =K18*4.42 -> 559.65156
D19: Составлен(а) в базовых ценах 2001г. в редакции 2009г.
A21: № пп | B21: Обоснова-ние | C21: Наименование | D21: Ед. изм. | E21: Кол. | F21: Стоимость единицы, руб. | J21: Общая стоимость, руб. | O21: Т/з осн. раб.на ед. | P21: Т/з осн. раб. Всего | Q21: Общая масса обору-дования, т
F22: Всего | G22: В том числе | J22: Обору-дование | K22: Всего | L22: В том числе
G23: Осн.З/п | H23: Эк.Маш | I23: З/пМех | L23: Осн.З/п | M23: Эк.Маш | N23: З/пМех
A24: 1 | B24: 2 | C24: 3 | D24: 4 | E24: 5 | F24: 6 | G24: 7 | H24: 8 | I24: 9 | J24: 10 | K24: 11 | L24: 12 | M24: 13 | N24: 14 | O24: 15 | P24: 16 | Q24: 17
A25: Раздел 1. Монтажные работы
A26: 1 | B26: ТЕРм08-02-141-04 | C26: Кабель до 35 кВ в готовых траншеях без покрытий, масса 1 м до 6 кг | D26: 100 м кабеля | E26: 1.2 | F26: 1606.72 | G26: 295.39 | H26: 1194.52 | I26: 113.96 | K26: 1928 | L26: 354 | M26: 1433 | N26: 137 | O26: 21.8 | P26: 26.16
A27: 2 | B27: ТЕРм08-02-142-01 | C27: Устройство постели при одном кабеле в траншее | D27: 100 м кабеля | E27: 1.2 | F27: 1549.97 | G27: 89.84 | H27: 1458.33 | I27: 90.82 | K27: 1860 | L27: 108 | M27: 1750 | N27: 109 | O27: 6.63 | P27: 7.96
A28: 3 | B28: ТСЦ-408-0122 | C28: Песок природный для строительных работ средний | D28: м3 | E28: 18 | F28: 135.61 | K28: 2441
A29: 4 | B29: ТЕРм08-02-143-01 | C29: Покрытие кабеля, проложенного в траншее кирпичом одного кабеля | D29: 100 м кабеля | E29: 0.6 | F29: 1329.11 | G29: 88.21 | H29: 1239.14 | I29: 77.17 | K29: 797 | L29: 53 | M29: 743 | N29: 46 | O29: 6.51 | P29: 3.91
A30: 5 | B30: ТСЦ-404-0001 | C30: Кирпич керамический одинарный, размером 250х120х65 мм, марка 25 | D30: 1000 шт. | E30: 0.48 | F30: 607.88 | K30: 292
A31: 6 | B31: ТЕРм08-02-148-04 | C31: Кабель до 35 кВ в проложенных трубах, блоках и коробах, масса 1 м кабеля до 6 кг | D31: 100 м кабеля | E31: 0.6 | F31: 1879.03 | G31: 390.24 | H31: 1398.34 | I31: 138.3 | K31: 1127 | L31: 234 | M31: 839 | N31: 83 | O31: 28.8 | P31: 17.28
A32: 7 | B32: ТЕРм08-02-407-04 | C32: Труба стальная по установленным конструкциям, по стенам с креплением скобами, диаметр до 80 мм | D32: 100 м | E32: 0.3 | F32: 3835.55 | G32: 894.38 | H32: 1619.62 | I32: 548.19 | K32: 1151 | L32: 268 | M32: 486 | N32: 164 | O32: 67.5 | P32: 20.25
A33: 8 | B33: ТСЦ-103-0008 | C33: Трубы стальные сварные водогазопроводные с резьбой черные легкие (неоцинкованные) диаметр условного прохода 80 мм, толщина стенки 3,5 мм | D33: м | E33: 30 | F33: 68.04 | K33: 2041
A34: 9 | B34: ТЕРм08-02-407-02 | C34: Труба стальная по установленным конструкциям, по стенам с креплением скобами, диаметр до 40 мм | D34: 100 м | E34: 0.15 | F34: 3009.12 | G34: 549.88 | H34: 1234.04 | I34: 433.04 | K34: 451 | L34: 82 | M34: 185 | N34: 65 | O34: 41.5 | P34: 6.23
A35: 10 | B35: ТСЦ-103-0005 | C35: Трубы стальные сварные водогазопроводные с резьбой черные легкие (неоцинкованные) диаметр условного прохода 40 мм, толщина стенки 3 мм | D35: м | E35: 15 | F35: 32.13 | K35: 482
A36: 11 | B36: ТЕРм08-02-155-01 | C36: Герметизация уплотнительной массой в трубах с обоих концов | D36: 1 проход кабеля | E36: 4 | F36: 22.58 | G36: 6.37 | K36: 90 | L36: 25 | O36: 0.47 | P36: 1.88
A37: 12 | B37: ТСЦ-501-8424 | C37: Кабель силовой с медными жилами с поливинилхлоридной изоляцией с броней из стальной ленты в шланге из поливинилхлорида ВБбШв, напряжением 1,0 Кв, число жил 4 и сечением 25 мм2 | D37: 1000 м | E37: 0.0306 | F37: 109586.01 | K37: 3353
A38: 13 | B38: ТСЦ-501-8417 | C38: Кабель силовой с медными жилами с поливинилхлоридной изоляцией с броней из стальной ленты в шланге из поливинилхлорида ВБбШв, напряжением 1,0 Кв, число жил 4 и сечением 150 мм2 КОЭФ. К ПОЗИЦИИ: МАТ=1,2 к расх. | D38: 1000 м | E38: 0.153 | F38: 484516.8 | K38: 74131
A39: 14 | B39: ТЕРм08-02-158-14 | C39: Заделка концевая сухая для 3-4-жильного кабеля с пластмассовой и резиновой изоляцией напряжением до 1 кВ, сечение одной жилы до 35 мм2 | D39: 1 шт. | E39: 2 | F39: 26.56 | G39: 15.58 | H39: 2.92 | I39: 0.18 | K39: 53 | L39: 31 | M39: 6 | O39: 1.15 | P39: 2.3
A40: 15 | B40: ТЕРм08-02-158-16 | C40: Заделка концевая сухая для 3-4-жильного кабеля с пластмассовой и резиновой изоляцией напряжением до 1 кВ, сечение одной жилы до 185 мм2 | D40: 1 шт. | E40: 4 | F40: 32.51 | G40: 21.41 | H40: 2.92 | I40: 0.18 | K40: 130 | L40: 86 | M40: 12 | N40: 1 | O40: 1.58 | P40: 6.32
A41: 16 | B41: ТЕРм08-02-144-04 | C41: Присоединение к зажимам жил проводов или кабелей сечением до 35 мм2 | D41: 100 шт. | E41: 0.08 | F41: 236.34 | G41: 231.71 | K41: 19 | L41: 19 | O41: 17.1 | P41: 1.37
A42: 17 | B42: ТЕРм08-02-144-06 | C42: Присоединение к зажимам жил проводов или кабелей сечением до 150 мм2 | D42: 100 шт. | E42: 0.32 | F42: 392.52 | G42: 384.82 | K42: 126 | L42: 123 | O42: 28.4 | P42: 9.09
A43: 18 | B43: ТСЦ-509-0041 | C43: Наконечники кабельные медные | D43: шт. | E43: 12 | F43: 30.67 | K43: 368
A44: 19 | B44: ТЕРм08-02-166-05 | C44: Муфта соединительная свинцовая с защитным кожухом для кабеля напряжением до 10 кВ с заливкой кожуха массой, сечение жил до 185 мм2 | D44: 1 шт. | E44: 2 | F44: 267.15 | G44: 189.7 | H44: 20.46 | I44: 1.27 | K44: 534 | L44: 379 | M44: 41 | N44: 3 | O44: 14 | P44: 28
A45: 20 | B45: ТСЦ-502-0779 | C45: Муфта термоусаживаемая соединительная для кабеля с пластмассовой изоляцией с броней на напряжение до 1 кВ марки ПСттб4-150/240 с болтовыми наконечниками | D45: компл. | E45: 2 | F45: 1056.34 | K45: 2113
A46: 21 | B46: Цена поставщика | C46: Муфта термоусаживаемая соединительная для кабеля с пластмассовой изоляцией с броней на напряжение до 1 кВ марки ПСттб4-50/50 с болтовыми наконечниками (Ц:1174,80руб:1,18:4,42) | D46: компл. | E46: 1 | F46: 225.25 | K46: 225
A47: 22 | B47: ТЕРм08-02-166-02 | C47: Муфта соединительная свинцовая с защитным кожухом для кабеля напряжением до 10 кВ с заливкой кожуха массой, сечение жил до 35 мм2 | D47: 1 шт. | E47: 1 | F47: 174.95 | G47: 115.99 | H47: 11.69 | I47: 0.73 | K47: 175 | L47: 116 | M47: 12 | N47: 1 | O47: 8.56 | P47: 8.56
A48: 23 | B48: ТЕРм08-01-016-01 | C48: Предохранитель напряжением 35 кВ | D48: 1 шт. | E48: 6 | F48: 110.45 | G48: 38.48 | H48: 27.56 | I48: 1.64 | K48: 663 | L48: 231 | M48: 165 | N48: 10 | O48: 2.84 | P48: 17.04
A49: 24 | B49: ТСЦ-509-2049 прим. | C49: Предохранители ПН-2-200 | D49: шт. | E49: 6 | F49: 32.47 | K49: 195
A50: 25 | B50: ТЕРм08-03-572-04 | C50: Блок управления шкафного исполнения или распределительный пункт (шкаф), устанавливаемый на стене, высота и ширина до 1200х1000 мм | D50: 1 шт. | E50: 1 | F50: 555.09 | G50: 48.76 | H50: 95.07 | I50: 5.28 | K50: 555 | L50: 49 | M50: 95 | N50: 5 | O50: 3.49 | P50: 3.49
A51: 26 | B51: ТСЦ-504-0294 прим. | C51: Ящик учета ЯУРП-П-100 | D51: шт. | E51: 1 | F51: 1658.09 | K51: 1658
A52: Заземление
A53: 27 | B53: ТЕРм08-02-471-01 | C53: Заземлитель вертикальный из угловой стали размером 50х50х5 мм | D53: 10 шт. | E53: 0.3 | F53: 933.5 | G53: 141.78 | H53: 71.23 | I53: 3.46 | K53: 280 | L53: 43 | M53: 21 | N53: 1 | O53: 10.7 | P53: 3.21
A54: 28 | B54: ТЕРм08-02-472-07 | C54: Проводник заземляющий открыто по строительным основаниям из полосовой стали сечением 160 мм2 | D54: 100 м | E54: 0.3 | F54: 1744 | G54: 282.23 | H54: 103.2 | I54: 4.55 | K54: 523 | L54: 85 | M54: 31 | N54: 1 | O54: 21.3 | P54: 6.39
A55: 29 | B55: ТЕРм08-02-472-02 | C55: Заземлитель горизонтальный из стали полосовой сечением 160 мм2 | D55: 100 м | E55: 0.8 | F55: 1242.52 | G55: 219.95 | H55: 92.37 | I55: 4 | K55: 994 | L55: 176 | M55: 74 | N55: 3 | O55: 16.6 | P55: 13.28
A56: 30 | B56: ТЕР01-02-055-03 | C56: Разработка грунта вручную с креплениями в траншеях шириной до 2 м, глубиной до 2 м, группа грунтов 3 (траншея под проводник заземления 300х500(h)мм КОЭФ. К ПОЗИЦИИ: 3.192 Разработка траншей глубиной до 2 м с вертикальными стенками без креплений ОЗП=0,8; ТЗ=0,8; 3.193 Разработка грунта в траншеях шириной менее 1 м при наличии креплений ОЗП=1,1; ТЗ=1,1 | D56: 100 м3 грунта | E56: 0.12 | F56: 2889.2 | G56: 2889.2 | K56: 347 | L56: 347 | O56: 244.64 | P56: 29.36
A57: 31 | B57: ТЕР01-02-061-02 | C57: Засыпка вручную траншей, пазух котлованов и ям, группа грунтов 2 | D57: 100 м3 грунта | E57: 0.12 | F57: 1027.4 | G57: 1027.4 | K57: 123 | L57: 123 | O57: 97.2 | P57: 11.66
A58: Раздел 2. Строительные работы
A59: Откоп существующего кабеля L=115м
A60: 32 | B60: ТЕР01-02-057-02 | C60: Разработка грунта вручную в траншеях глубиной до 2 м без креплений с откосами, группа грунтов 2 | D60: 100 м3 грунта | E60: 0.518 | F60: 1692.46 | G60: 1692.46 | K60: 877 | L60: 877 | O60: 154 | P60: 79.77
A61: 33 | B61: ТЕР01-01-033-05 | C61: Засыпка траншей и котлованов с перемещением грунта до 5 м бульдозерами мощностью 79 кВт (108 л.с.), группа грунтов 2 | D61: 1000 м3 грунта | E61: 0.0345 | F61: 445.76 | H61: 445.76 | I61: 70.73 | K61: 15 | M61: 15 | N61: 2
A62: Устройство траншеи
A63: 34 | B63: ТЕР01-01-003-09 | C63: Разработка грунта в отвал экскаваторами «драглайн» или «обратная лопата» с ковшом вместимостью 0,65 (0,5-1) м3, группа грунтов 3 | D63: 1000 м3 грунта | E63: 0.054 | F63: 4796.33 | G63: 145.29 | H63: 4651.04 | I63: 489.16 | K63: 259 | L63: 8 | M63: 251 | N63: 26 | O63: 13.22 | P63: 0.71
A64: 35 | B64: ТЕР01-02-057-02 | C64: Разработка грунта вручную в траншеях глубиной до 2 м без креплений с откосами, группа грунтов 2 (зачистка дна траншеи) | D64: 100 м3 грунта | E64: 0.016 | F64: 1692.46 | G64: 1692.46 | K64: 27 | L64: 27 | O64: 154 | P64: 2.46
A65: 36 | B65: ТЕР01-01-033-05 | C65: Засыпка траншей и котлованов с перемещением грунта до 5 м бульдозерами мощностью 79 кВт (108 л.с.), группа грунтов 2 | D65: 1000 м3 грунта | E65: 0.036 | F65: 445.76 | H65: 445.76 | I65: 70.73 | K65: 16 | M65: 16 | N65: 3
A66: 37 | B66: ТЕР01-02-061-02 | C66: Засыпка вручную траншей, пазух котлованов и ям, группа грунтов 2 | D66: 100 м3 грунта | E66: 0.016 | F66: 1027.4 | G66: 1027.4 | K66: 16 | L66: 16 | O66: 97.2 | P66: 1.56
A67: 38 | B67: ТЕР01-02-057-03 | C67: Разработка грунта вручную в траншеях глубиной до 2 м без креплений с откосами, группа грунтов 3 (шурфы 4 шт; из расчета 1м3 на 1шт) | D67: 100 м3 грунта | E67: 0.04 | F67: 2725.52 | G67: 2725.52 | K67: 109 | L67: 109 | O67: 248 | P67: 9.92
A68: 39 | B68: ТЕР01-02-061-03 | C68: Засыпка вручную траншей, пазух котлованов и ям, группа грунтов 3 (шурфы) | D68: 100 м3 грунта | E68: 0.04 | F68: 1278.97 | G68: 1278.97 | K68: 51 | L68: 51 | O68: 121 | P68: 4.84
A69: 40 | B69: ТЕР01-02-005-02 | C69: Уплотнение грунта пневматическими трамбовками, группа грунтов 3-4 | D69: 100 м3 уплотненного грунта | E69: 0.36 | F69: 721.54 | G69: 179.67 | H69: 541.87 | I69: 56.7 | K69: 260 | L69: 65 | M69: 195 | N69: 20 | O69: 14.96 | P69: 5.39
A70: 41 | B70: ТЕР22-01-011-03 | C70: Укладка стальных водопроводных труб диаметром 100 мм | D70: 1 км | E70: 0.04 | F70: 102266.83 | G70: 5150.27 | H70: 4754.2 | I70: 605.7 | K70: 4091 | L70: 206 | M70: 190 | N70: 24 | O70: 353 | P70: 14.12
A71: 42 | B71: ТСЦ-103-0010 | C71: Трубы стальные сварные водогазопроводные с резьбой черные легкие (неоцинкованные) диаметр условного прохода 100 мм, толщина стенки 4 мм | D71: м | E71: 40 | F71: 100.13 | K71: 4005
A72: Вскрытие и восстановление асфальтобетона
A73: 43 | B73: ТЕР27-03-008-04 | C73: Разборка покрытий и оснований асфальтобетонных | D73: 100 м3 конструкций | E73: 0.17 | F73: 9798.75 | G73: 2105.46 | H73: 7693.29 | I73: 716.85 | K73: 1666 | L73: 358 | M73: 1308 | N73: 122 | O73: 179.8 | P73: 30.57
A74: 44 | B74: ТЕР27-03-008-02 | C74: Разборка покрытий и оснований щебеночных | D74: 100 м3 конструкций | E74: 0.36 | F74: 674.6 | G74: 145.29 | H74: 529.31 | I74: 65.38 | K74: 243 | L74: 52 | M74: 191 | N74: 24 | O74: 13.22 | P74: 4.76
A75: 45 | B75: ТЕР27-04-005-01 | C75: Устройство оснований толщиной 15 см из щебня фракции 40-70 мм при укатке каменных материалов с пределом прочности на сжатие свыше 98,1 МПа (1000 кгс/см2) однослойных | D75: 1000 м2 основания | E75: 0.24 | F75: 32528.99 | G75: 429.21 | H75: 5950.28 | I75: 827.17 | K75: 7807 | L75: 103 | M75: 1428 | N75: 199 | O75: 37.29 | P75: 8.95
A76: 46 | B76: ТЕР27-06-026-01 | C76: Розлив битума (0,8кг на 1м2) | D76: 1 т | E76: 0.192 | F76: 2017.46 | H76: 46.53 | I76: 11.16 | K76: 387 | M76: 9 | N76: 2
A77: 47 | B77: ТЕР27-06-020-01 | C77: Устройство покрытия толщиной 4 см из горячих асфальтобетонных смесей плотных мелкозернистых типа АБВ, плотность каменных материалов 2,5-2,9 т/м3 | D77: 1000 м2 покрытия | E77: 0.24 | F77: 55602.96 | G77: 518.97 | H77: 2984 | I77: 322.26 | K77: 13345 | L77: 125 | M77: 716 | N77: 77 | O77: 38.3 | P77: 9.19
A78: 48 | B78: ТЕР27-06-021-01 | C78: На каждые 0,5 см изменения толщины покрытия добавлять или исключать к расценке 27-06-020-01 КОЭФ. К ПОЗИЦИИ: Новый коэффициент ПЗ=6 (ОЗП=6; ЭМ=6 к расх.; ЗПМ=6; МАТ=6 к расх.; ТЗ=6; ТЗМ=6) | D78: 1000 м2 покрытия | E78: 0.24 | F78: 39009.36 | G78: 7.32 | H78: 19.92 | K78: 9362 | L78: 2 | M78: 5 | O78: 0.54 | P78: 0.13
A79: Итого прямые затраты по смете в ценах 2001г. | K79: 141761 | L79: 4931 | M79: 10217 | N79: 1128 | P79: 396.11
A80: Итого прямые затраты по смете с учетом коэффициентов к итогам | K80: 144338 | L80: 5915 | M80: 11805 | N80: 1352 | P80: 455.54
A81: В том числе, справочно:
A82: Районный к-т 4,3% (Поз. 30-32, 35, 37-39, 33-34, 36, 40-41, 43-48, 1-2, 4, 6-7, 9, 11, 14-19, 22-23, 25, 27-29) | K82: 261 | L82: 212 | M82: 49 | N82: 49
A83: Заготовительно-складские расходы на материалы - согласно п.4.64 из МДС 81-35.2004 МАТ=1,02 (Поз. 21) | K83: 5
A84: 4. Производство монтажных работ на открытых и полуоткрытых производственных площадках в стесненных условиях ОЗП=1,15; ЭМ=1,15; ЗПМ=1,15; ТЗ=1,15; ТЗМ=1,15 (Поз. 30-32, 35, 37-39, 33-34, 36, 40-41, 43-48, 1-2, 4, 6-7, 9, 11, 14-19, 22-23, 25, 27-29) | K84: 2311 | L84: 772 | M84: 1540 | N84: 176 | P84: 59.4165
A85: Накладные расходы | K85: 7322
A86: В том числе, справочно:
A87: 80% ФОТ (от 1860) (Поз. 30-32, 35, 37-39) | K87: 1488
A88: 95% ФОТ (от 3855) (Поз. 33-34, 36, 40, 1-2, 4, 6-7, 9, 11, 14-19, 22-23, 25, 27-29) | K88: 3663
A89: 130% ФОТ (от 276) (Поз. 41) | K89: 359
A90: 142% ФОТ (от 1276) (Поз. 43-48) | K90: 1812
A91: Сметная прибыль | K91: 4779
A92: В том числе, справочно:
A93: 45% ФОТ (от 1860) (Поз. 30-32, 35, 37-39) | K93: 837
A94: 50% ФОТ (от 148) (Поз. 33-34, 36, 40) | K94: 74
A95: 65% ФОТ (от 3707) (Поз. 1-2, 4, 6-7, 9, 11, 14-19, 22-23, 25, 27-29) | K95: 2410
A96: 89% ФОТ (от 276) (Поз. 41) | K96: 246
A97: 95% ФОТ (от 1276) (Поз. 43-48) | K97: 1212
A98: Итоги по смете:
A99: Итого Строительные работы | K99: 53074 | P99: 245.41
A100: Итого Монтажные работы | K100: 103365 | P100: 210.13
A101: Итого | K101: 156439 | P101: 455.54
A102: В том числе:
A103: Материалы | K103: 126618
...

Sheet 24496
A1: СОГЛАСОВАНО: | E1: ФГУП "Комбинат "Электрохимприбор" | M1: УТВЕРЖДАЮ:
G2: (наименование стройки) | M2: Зам. генерального директора
A3: _____________________________ | M3: Е.В.Гордеев
A4: " _____ " ________________ 2012г. | G4: ЛОКАЛЬНЫЙ СМЕТНЫЙ РАСЧЕТ № 24496
G5: (локальная смета) | M5: "______ " __________2012 г.
C7: на | D7: Теплосети. Площадка 2 Здание 234 Г (инв.7401055). Реконструкция.
H8: (наименование работ и затрат, наименование объекта)
D10: Основание: № 24316-12-ТС КПМ Ж6268.220 | N10: Справочно, в тыс.руб. :
D11: Сметная стоимость строительных работ _______________________________________________________________________________________________ | J11: ___________________________33,817 | L11: тыс. руб. | N11: с К=4,42 | P11: =33.817*4.42 -> 149.47114
D12: Средства на оплату труда _______________________________________________________________________________________________ | J12: ___________________________2,439 | L12: тыс. руб. | N12: с К=4,42 | P12: =2.439*4.42 -> 10.78038
D13: Сметная трудоемкость _______________________________________________________________________________________________ | J13: _______________________________________________________________________________________________157,1 | L13: чел.час
D14: Материалы ___________________________________________________________ | J14: =J74/1000 -> 23.474 | L14: тыс.руб. | N14: с К=4,42 | P14: =23.474*4.42 -> 103.75508
D15: Составлен(а) в базовых ценах 2001г. в редакции 2009г.
A18: № пп | B18: Обоснование | C18: Наименование | D18: Ед. изм. | E18: Кол. | F18: Стоимость единицы, руб. | J18: Общая стоимость, руб. | N18: Т/з осн. раб.на ед. | O18: Т/з осн. раб. Всего | P18: Т/з мех. на ед. | Q18: Т/з мех. Всего
F19: Всего | G19: В том числе | J19: Всего | K19: В том числе
G20: Осн.З/п | H20: Эк.Маш | I20: З/пМех | K20: Осн.З/п | L20: Эк.Маш | M20: З/пМех
A21: 1 | B21: 2 | C21: 3 | D21: 4 | E21: 5 | F21: 6 | G21: 7 | H21: 8 | I21: 9 | J21: 10 | K21: 11 | L21: 12 | M21: 13 | N21: 14 | O21: 15 | P21: 16 | Q21: 17
A22: Раздел 1. Разборка.
A23: 1 | B23: ТЕР07-06-001-01 прим. | C23: Разборка непроходных каналов одноячейковых, перекрываемых или опирающихся на плиту КОЭФ. К ПОЗИЦИИ: Разборка ОЗП=0,8; МАТ=0 | D23: 100 м3 | E23: 0.014 | F23: 11261.32 | G23: 3860.88 | H23: 7400.44 | I23: 812.45 | J23: 158 | K23: 54 | L23: 104 | M23: 11 | N23: 298.37 | O23: 4.18 | P23: 44.64 | Q23: 0.63
A24: 2 | B24: ТЕР24-01-008-01 прим. | C24: Разборка трубопроводов в непроходном канале в изоляции, диаметр труб 50 мм КОЭФ. К ПОЗИЦИИ: Разборка ОЗП=0,6; МАТ=0 | D24: 1 км | E24: 0.05 | F24: 12294.79 | G24: 4841.48 | H24: 7453.31 | I24: 713.84 | J24: 615 | K24: 242 | L24: 373 | M24: 36 | N24: 351.85 | O24: 17.59 | P24: 42.52 | Q24: 2.13
A25: Раздел 2. Земляные работы.
A26: 3 | B26: ТЕР01-01-003-08 | C26: Разработка грунта в отвал экскаваторами «драглайн» или «обратная лопата» с ковшом вместимостью 0,65 (0,5-1) м3, группа грунтов 2 | D26: 1000 м3 | E26: 0.159 | F26: 3778.42 | G26: 115.18 | H26: 3663.24 | I26: 385.27 | J26: 601 | K26: 18 | L26: 583 | M26: 61 | N26: 10.48 | O26: 1.67 | P26: 22.77 | Q26: 3.62
A27: 4 | B27: ТЕР01-02-055-08 | C27: Разработка грунта вручную с креплениями в траншеях шириной до 2 м, глубиной до 3 м, группа грунтов 2 | D27: 100 м3 | E27: 0.049 | F27: 3117.84 | G27: 3117.84 | J27: 153 | K27: 153 | N27: 264 | O27: 12.94
A28: 5 | B28: ТЕР01-01-013-08 | C28: Разработка грунта с погрузкой на автомобили-самосвалы экскаваторами с ковшом вместимостью 0,65 (0,5-1) м3, группа грунтов 2 | D28: 1000 м3 | E28: 0.015 | F28: 5028.78 | G28: 125.4 | H28: 4898.28 | I28: 559.88 | J28: 75 | K28: 2 | L28: 73 | M28: 8 | N28: 11.41 | O28: 0.17 | P28: 33.09 | Q28: 0.5
A29: 6 | B29: СЦП3-3-5-1 | C29: Перевозка грузов автомобилями-самосвалами (работающими вне карьеров): расстояние 5 км, класс груза I КОЭФ. К ПОЗИЦИИ: 17 При перевозке грузов к провозной плате (тарифам) применять поправочный коэффициент ПЗ=1,37 | D29: т | E29: 30 | F29: 10.58 | H29: 10.58 | J29: 317 | L29: 317
A30: 7 | B30: ТЕР01-01-033-02 | C30: Засыпка траншей и котлованов с перемещением грунта до 5 м бульдозерами мощностью 59 кВт (80 л.с.), группа грунтов 2 | D30: 1000 м3 | E30: 0.14 | F30: 822.69 | H30: 822.69 | I30: 138.55 | J30: 115 | L30: 115 | M30: 19 | P30: 8.87 | Q30: 1.24
A31: 8 | B31: ТЕР01-02-061-02 | C31: Засыпка вручную траншей, пазух котлованов и ям, группа грунтов 2 | D31: 100 м3 | E31: 0.043 | F31: 1027.4 | G31: 1027.4 | J31: 44 | K31: 44 | N31: 97.2 | O31: 4.18
A32: Раздел 3. Теплосеть.
A33: 9 | B33: ТЕР08-01-002-01 прим. | C33: Устройство основания песчаного | D33: 1 м3 | E33: 2.2 | F33: 238.3 | G33: 26.47 | H33: 41.11 | I33: 4.09 | J33: 524 | K33: 58 | L33: 90 | M33: 9 | N33: 2.3 | O33: 5.06 | P33: 0.29 | Q33: 0.64
A34: 10 | B34: ТЕР07-06-001-01 | C34: Устройство непроходных каналов одноячейковых, перекрываемых или опирающихся на плиту | D34: 100 м3 | E34: 0.014 | F34: 24777.56 | G34: 4826.1 | H34: 9250.55 | I34: 1015.56 | J34: 347 | K34: 68 | L34: 130 | M34: 14 | N34: 372.96 | O34: 5.22 | P34: 55.8 | Q34: 0.78
A35: 11 | B35: ТСЦ-403-2074 | C35: Лотки (серия 3.006.1-2.87 вып.1) Л4-8 бетон В15 (М200), объем 0,72 м3, расход аматуры 51,58 кг | D35: шт. | E35: 2 | F35: 1219.64 | J35: 2439
A36: 12 | B36: ТСЦ-403-0176 | C36: Доборные лотки Л4д-8 | D36: шт. | E36: 4 | F36: 179.16 | J36: 717
A37: 13 | B37: ТЕР07-06-002-05 | C37: Устройство плит перекрытий каналов площадью до 0,5 м2 | D37: 100 шт. | E37: 0.07 | F37: 1416.85 | G37: 1217.54 | H37: 113.45 | I37: 16.2 | J37: 99 | K37: 85 | L37: 8 | M37: 1 | N37: 91.89 | O37: 6.43 | P37: 0.89 | Q37: 0.06
A38: 14 | B38: ТСЦ-403-8412 | C38: Плита перекрытия П5-8 /бетон В15 (М200), объем 0,16 м3, расход ар-ры 11 кг/ (серия 3.006.1-2.87 вып.2) | D38: шт. | E38: 3 | F38: 326.06 | J38: 978
A39: 15 | B39: ТСЦ-403-8415 | C39: Плита перекрытия П5д-8 /бетон В15 (М200), объем 0,04 м3, расход ар-ры 2,7 кг/ (серия 3.006.1-2.87 вып.2) | D39: шт. | E39: 4 | F39: 71.86 | J39: 287
A40: 16 | B40: ТЕР07-05-030-11 прим. | C40: Устройство опорных подушек. | D40: 100 шт. | E40: 0.16 | F40: 4594.27 | G40: 1566.44 | H40: 806.27 | I40: 57.33 | J40: 735 | K40: 251 | L40: 129 | M40: 9 | N40: 122.57 | O40: 19.61 | P40: 3.15 | Q40: 0.5
A41: 17 | B41: ТСЦ-403-0625 | C41: Опорные подушки ОП 1 /бетон В15 (М200), объем 0,004 м3, расход ар-ры 0,7 кг / (серия 3.006.1-8) | D41: шт. | E41: 16 | F41: 11.28 | J41: 180
A42: 18 | B42: ТСЦ-201-0888 | C42: Опоры скользящие и катковые, крепежные детали, хомуты | D42: т | E42: 0.0192 | F42: 12993 | J42: 249
A43: 19 | B43: ТЕР24-01-002-01 прим. | C43: Прокладка трубопроводов в непроходном канале при условном давлении 1,6 МПа, температуре 150°С, диаметр труб до 50 мм | D43: 1 км | E43: 0.034 | F43: 19298.78 | G43: 6081.92 | H43: 12693.92 | I43: 1271.49 | J43: 656 | K43: 207 | L43: 432 | M43: 43 | N43: 442 | O43: 15.03 | P43: 75.37 | Q43: 2.56
A44: Уд | B44: 1. 103-0357 | C44: Трубы стальные бесшовные, горячедеформированные со снятой фаской из стали марок 15, 20, 25, наружным диаметром 57 мм, толщина стенки 3,5 мм | D44: м | E44: 1010 34,34 | F44: 46.39 | J44: 1593.03
A45: Уд | B45: 2. 201-0888 | C45: Опоры скользящие и катковые, крепежные детали, хомуты | D45: т | E45: 0,29 0,00986 | F45: 12993 | J45: 128.11
A46: Уд | B46: 3. 201-0889 | C46: Опоры неподвижные из горячекатаных профилей для трубопроводов | D46: т | E46: 0,01 0,00034 | F46: 9785 | J46: 3.33
A47: 20 | B47: ТСЦ-103-0356 | C47: Трубы стальные бесшовные, горячедеформированные со снятой фаской из стали марок 15, 20, 25, наружным диаметром 57 мм, толщина стенки 3 мм | D47: м | E47: 30 | F47: 40.01 | J47: 1200
A48: 21 | B48: ТСЦ-103-0349 | C48: Трубы стальные бесшовные, горячедеформированные со снятой фаской из стали марок 15, 20, 25, наружным диаметром 45 мм, толщина стенки 2,5 мм | D48: м | E48: 4 | F48: 29.86 | J48: 119
A49: 22 | B49: ТЕР24-01-002-01 | C49: Прокладка трубопроводов в непроходном канале при условном давлении 1,6 МПа, температуре 150°С, диаметр труб 50 мм | D49: 1 км | E49: 0.034 | F49: 19298.78 | G49: 6081.92 | H49: 12693.92 | I49: 1271.49 | J49: 656 | K49: 207 | L49: 432 | M49: 43 | N49: 442 | O49: 15.03 | P49: 75.37 | Q49: 2.56
A50: Уд | B50: 1. 103-0357 | C50: Трубы стальные бесшовные, горячедеформированные со снятой фаской из стали марок 15, 20, 25, наружным диаметром 57 мм, толщина стенки 3,5 мм | D50: м | E50: 1010 34,34 | F50: 46.39 | J50: 1593.03
A51: Уд | B51: 2. 201-0888 | C51: Опоры скользящие и катковые, крепежные детали, хомуты | D51: т | E51: 0,29 0,00986 | F51: 12993 | J51: 128.11
A52: Уд | B52: 3. 201-0889 | C52: Опоры неподвижные из горячекатаных профилей для трубопроводов | D52: т | E52: 0,01 0,00034 | F52: 9785 | J52: 3.33
A53: 23 | B53: ТСЦ-103-0133 прим. | C53: Трубы стальные электросварные наружный диаметр 38 мм, толщина стенки 2,5 мм | D53: м | E53: 17 | F53: 19.8 | J53: 337
A54: 24 | B54: ТСЦ-103-0130 прим. | C54: Трубы стальные электросварные наружный диаметр 32 мм, толщина стенки 2 мм | D54: м | E54: 15.5 | F54: 15.83 | J54: 245
A55: 25 | B55: ТСЦ-103-0130 прим. | C55: Трубы стальные электросварные наружный диаметр 25 мм, толщина стенки 2 мм | D55: м | E55: 1.5 | F55: 15.83 | J55: 24
A56: 26 | B56: ТЕР16-02-007-01 | C56: Установка фланцевых соединений на стальных трубопроводах диаметром 50 мм | D56: 1 соединение | E56: 8 | F56: 125.49 | G56: 13.41 | H56: 5.04 | J56: 1004 | K56: 107 | L56: 40 | N56: 0.96 | O56: 7.68
A57: 27 | B57: ТСЦ-302-1112 прим. | C57: Краны стальные шаровые равнопроходные диаметром до 50 мм | D57: шт. | E57: 8 | F57: 404.73 | J57: 3238
A58: 28 | B58: ТСЦ-301-3051 прим. | C58: Газонепроницаемый сальник для тепловых сетей | D58: шт. | E58: 4 | F58: 911.9 | J58: 3648
A59: 29 | B59: ТЕР13-03-002-04 | C59: Огрунтовка металлических поверхностей за один раз: грунтовкой ГФ-021 | D59: 100 м2 | E59: 0.103 | F59: 417.13 | G59: 79.65 | H59: 9.82 | I59: 0.31 | J59: 43 | K59: 8 | L59: 1 | N59: 5.31 | O59: 0.55 | P59: 0.02
A60: 30 | B60: ТЕР13-03-004-23 | C60: Окраска металлических огрунтованных поверхностей краской БТ-177 КОЭФ. К ПОЗИЦИИ: За 2 раза. ПЗ=2 | D60: 100 м2 | E60: 0.103 | F60: 777.58 | G60: 73.62 | H60: 26.6 | I60: 0.32 | J60: 80 | K60: 8 | L60: 3 | N60: 5.76 | O60: 0.59 | P60: 0.02
A61: 31 | B61: ТЕР26-01-003-01 | C61: Изоляция трубопроводов цилиндрами и полуцилиндрами из минеральной ваты на синтетическом связующем | D61: 1 м3 | E61: 1.1 | F61: 1140.9 | G61: 243.27 | H61: 46.57 | J61: 1255 | K61: 268 | L61: 51 | N61: 18.8 | O61: 20.68
A62: Уд | B62: 1. 104-0017 | C62: Цилиндры и полуцилиндры теплоизоляционные из минваты на синтетическом связующем М-200, внутренний диаметр 76-108 мм | D62: м3 | E62: 1,032 1,135 | F62: 1248.91 | J62: 1417.51
A63: 32 | B63: ТСЦ-104-1345 прим. | C63: Цилиндры минераловатные кашированные алюминиевой фольгой толщиной 50 мм, диаметром до 89 мм (ROCKWOOL) | D63: м | E63: 60 | F63: 116.62 | J63: 6997
A64: Итого прямые затраты по смете в ценах 2001г. | J64: 28135 | K64: 1780 | L64: 2881 | M64: 254 | O64: 136.61 | Q64: 15.22
A65: Итого прямые затраты по смете с учетом коэффициентов к итогам | J65: 28887 | K65: 2136 | L65: 3277 | M65: 303 | O65: 157.1 | Q65: 17.51
A66: В том числе, справочно:
A67: Районный к-т 4,3% (Поз. 1, 10, 13-15, 2, 18-25, 3, 5, 7, 4, 8-9, 16-17, 26-32) | J67: 87 | K67: 77 | L67: 11 | M67: 11
A68: Производство строительных и других работ на открытых и полуоткрытых производственных площадках в стесненных условиях ОЗП=1,15; ЭМ=1,15; ЗПМ=1,15; ТЗ=1,15; ТЗМ=1,15 (Поз. 1, 10, 13-15, 2, 18-25, 3, 5, 7, 4, 8-9, 16-17, 26-32) | J68: 665 | K68: 279 | L68: 386 | M68: 40 | O68: 20.4915 | Q68: 2.283
A69: Накладные расходы | J69: 2972
A70: Сметная прибыль | J70: 1958
A71: Итоги по смете:
A72: Итого | J72: 33817 | O72: 157.1 | Q72: 17.51
A73: В том числе:
A74: Материалы | J74: 23474
A75: Машины и механизмы | J75: =3277-303 -> 2974
A76: ФОТ | J76: 2439
A77: Накладные расходы | J77: 2972
A78: Сметная прибыль | J78: 1958
A79: ВСЕГО по смете | J79: 33817 | O79: 157.1 | Q79: 17.51
B82: Примечание: материал от разборки, пригодный для дальнейшего использования, передается балансодержателю по акту.
B85: Составил ___________________ | I85: Проверил _____________________

Sheet 24505
A1: СОГЛАСОВАНО: | E1: ФГУП "Комбинат "Электрохимприбор" | M1: УТВЕРЖДАЮ:
G2: (наименование стройки) | M2: Зам. генерального директора
M3: Е.В.Гордеев
A4: _________________ | M4: _________________
A5: " _____ " ________________ 2012 г. | M5: "______ " __________2012 г.
G6: ЛОКАЛЬНЫЙ СМЕТНЫЙ РАСЧЕТ № 24505
G7: (локальная смета)
D9: на Реконструкцию. Площадка 2. Здание 234Г. Раздел: Ген.план.
H10: (наименование работ и затрат, наименование объекта)
D12: Основание: проект № 24151-11-ГП/ДСП | N12: Справочно, в тыс.руб. :
D13: Сметная стоимость строительных работ _______________________________________________________________________________________________ | J13: ___________________________205,517 | L13: тыс. руб. | N13: с К=4,42 | P13: =205.517*4.42 -> 908.38514
D14: Средства на оплату труда _______________________________________________________________________________________________ | J14: ___________________________8,645 | L14: тыс. руб. | N14: с К=4,42 | P14: =8.645*4.42 -> 38.2109
D15: Сметная трудоемкость _______________________________________________________________________________________________ | J15: _______________________________________________________________________________________________535,03 | L15: чел.час
D16: Материалы ______________________________________ | K16: =J94/1000 -> 152.244 | L16: тыс.руб. | N16: с К=4,42 | P16: =K16*4.42 -> 672.91848
D17: Составлен(а) в базовых ценах 2001г. в редакции 2009г.
A19: № пп | B19: Обоснование | C19: Наименование | D19: Ед. изм. | E19: Кол. | F19: Стоимость единицы, руб. | J19: Общая стоимость, руб. | N19: Т/з осн. раб.на ед. | O19: Т/з осн. раб. Всего | P19: Т/з мех. на ед. | Q19: Т/з мех. Всего
F20: Всего | G20: В том числе | J20: Всего | K20: В том числе
G21: Осн.З/п | H21: Эк.Маш | I21: З/пМех | K21: Осн.З/п | L21: Эк.Маш | M21: З/пМех
A22: 1 | B22: 2 | C22: 3 | D22: 4 | E22: 5 | F22: 6 | G22: 7 | H22: 8 | I22: 9 | J22: 10 | K22: 11 | L22: 12 | M22: 13 | N22: 14 | O22: 15 | P22: 16 | Q22: 17
A23: Раздел 1. Разборка конструкций
A24: 1 | B24: ТЕР27-03-010-01 | C24: Разборка бортовых камней на бетонном основании | D24: 100 м | E24: 0.81 | F24: 865.94 | G24: 865.94 | J24: 701 | K24: 701 | N24: 76.7 | O24: 62.13
A25: 2 | B25: ТЕР27-03-008-04 | C25: Разборка покрытий и оснований асфальтобетонных | D25: 100 м3 | E25: 0.383 | F25: 9798.75 | G25: 2105.46 | H25: 7693.29 | I25: 716.85 | J25: 3753 | K25: 806 | L25: 2947 | M25: 275 | N25: 179.8 | O25: 68.86 | P25: 45.63 | Q25: 17.48
A26: Раздел 2. Подготовительные работы
A27: 3 | B27: ТЕР01-02-099-01 | C27: Валка деревьев мягких пород с корня, диаметр стволов до 16 см | D27: 100 деревьев | E27: 0.1 | F27: 80.24 | G27: 69.03 | H27: 11.21 | J27: 8 | K27: 7 | L27: 1 | N27: 5.21 | O27: 0.52
A28: 4 | B28: ТЕР01-02-099-02 | C28: Валка деревьев мягких пород с корня, диаметр стволов до 20 см | D28: 100 деревьев | E28: 0.11 | F28: 100.36 | G28: 86.39 | H28: 13.97 | J28: 11 | K28: 10 | L28: 1 | N28: 6.52 | O28: 0.72
A29: 5 | B29: ТЕР01-02-099-05 | C29: Валка деревьев мягких пород с корня, диаметр стволов до 32 см | D29: 100 деревьев | E29: 0.1 | F29: 207.62 | G29: 177.55 | H29: 30.07 | J29: 21 | K29: 18 | L29: 3 | N29: 13.4 | O29: 1.34
A30: 6 | B30: ТЕР01-02-099-06 | C30: Валка деревьев мягких пород с корня, диаметр стволов более 32 см | D30: 100 деревьев | E30: 0.02 | F30: 315.62 | G30: 271.63 | H30: 43.99 | J30: 6 | K30: 5 | L30: 1 | N30: 20.5 | O30: 0.41
A31: 7 | B31: ТЕР01-02-101-01 | C31: Разделка древесины мягких пород, полученной от валки леса, диаметр стволов до 12 см | D31: 100 деревьев | E31: 0.1 | F31: 89.1 | G31: 75.58 | H31: 13.52 | J31: 9 | K31: 8 | L31: 1 | N31: 6.4 | O31: 0.64
A32: 8 | B32: ТЕР01-02-101-03 | C32: Разделка древесины мягких пород, полученной от валки леса, диаметр стволов до 20 см | D32: 100 деревьев | E32: 0.11 | F32: 301.47 | G32: 255.1 | H32: 46.37 | J32: 33 | K32: 28 | L32: 5 | N32: 21.6 | O32: 2.38
A33: 9 | B33: ТЕР01-02-101-06 | C33: Разделка древесины мягких пород, полученной от валки леса, диаметр стволов до 32 см | D33: 100 деревьев | E33: 0.1 | F33: 676.92 | G33: 572.79 | H33: 104.13 | J33: 68 | K33: 58 | L33: 10 | N33: 48.5 | O33: 4.85
A34: 10 | B34: ТЕР01-02-101-07 | C34: Разделка древесины мягких пород, полученной от валки леса, диаметр стволов более 32 см | D34: 100 деревьев | E34: 0.02 | F34: 1139.6 | G34: 966.81 | H34: 172.79 | J34: 23 | K34: 20 | L34: 3 | N34: 80.5 | O34: 1.61
A35: 11 | B35: ТЕР01-02-105-01 | C35: Корчевка пней в грунтах естественного залегания корчевателями-собирателями на тракторе мощностью 79 кВт (108 л.с.) с перемещением пней до 5 м, диаметр пней до 24 см | D35: 100 пней | E35: 0.21 | F35: 265.91 | H35: 265.91 | I35: 35.67 | J35: 56 | L35: 56 | M35: 7 | P35: 2.44 | Q35: 0.51
A36: 12 | B36: ТЕР01-02-105-02 | C36: Корчевка пней в грунтах естественного залегания корчевателями-собирателями на тракторе мощностью 79 кВт (108 л.с.) с перемещением пней до 5 м, диаметр пней до 32 см | D36: 100 пней | E36: 0.1 | F36: 451.18 | H36: 451.18 | I36: 60.53 | J36: 45 | L36: 45 | M36: 6 | P36: 4.14 | Q36: 0.41
A37: 13 | B37: ТЕР01-02-105-03 | C37: Корчевка пней в грунтах естественного залегания корчевателями-собирателями на тракторе мощностью 79 кВт (108 л.с.) с перемещением пней до 5 м, диаметр пней свыше 32 см | D37: 100 пней | E37: 0.02 | F37: 731.26 | H37: 731.26 | I37: 98.1 | J37: 15 | L37: 15 | M37: 2 | P37: 6.71 | Q37: 0.13
A38: 14 | B38: ТЕР01-02-108-01 | C38: Обивка земли с выкорчеванных пней корчевателями-собирателями на тракторе мощностью 79 кВт (108 л.с.), диаметр пней до 24 см | D38: 100 пней | E38: 0.21 | F38: 82.82 | H38: 82.82 | I38: 11.11 | J38: 17 | L38: 17 | M38: 2 | P38: 0.76 | Q38: 0.16
A39: 15 | B39: ТЕР01-02-108-02 | C39: Обивка земли с выкорчеванных пней корчевателями-собирателями на тракторе мощностью 79 кВт (108 л.с.), диаметр пней свыше до 24 см | D39: 100 пней | E39: 0.12 | F39: 167.83 | H39: 167.83 | I39: 22.51 | J39: 20 | L39: 20 | M39: 3 | P39: 1.54 | Q39: 0.18
A40: 16 | B40: ТЕР01-02-107-01 | C40: Засыпка ям подкоренных бульдозерами мощностью 79 кВт (108 л.с.) | D40: 100 ям | E40: 0.33 | F40: 248.47 | H40: 248.47 | I40: 39.42 | J40: 82 | L40: 82 | M40: 13 | P40: 2.33 | Q40: 0.77
A41: 17 | B41: ТЕР01-01-013-13 прим. | C41: Погрузка пней на автомобили-самосвалы экскаваторами с ковшом вместимостью 0,5 (0,5-0,63) м3 | D41: 1000 м3 | E41: 0.0165 | F41: 4672.74 | G41: 135.18 | H41: 4533.73 | I41: 569.18 | J41: 77 | K41: 2 | L41: 75 | M41: 9 | N41: 12.3 | O41: 0.2 | P41: 35.73 | Q41: 0.59
A42: 18 | B42: СЦП3-3-10-1 | C42: Перевозка грузов (пней) автомобилями-самосвалами (работающими вне карьеров): расстояние 10 км, класс груза I КОЭФ. К ПОЗИЦИИ: п.17.Доп1 При перевозке грузов к провозной плате (тарифам) применять поправочный коэффициент ПЗ=1,37 | D42: т | E42: 11 | F42: 18.37 | H42: 18.37 | J42: 202 | L42: 202
A43: 19 | B43: СЦП1-1-20-А | C43: Погрузочные работы при автомобильных перевозках: лес круглый (дровяной) КОЭФ. К ПОЗИЦИИ: Коэффициент техн.часть п.3 ПЗ=1,025 | D43: т | E43: 12.8 | F43: 15.16 | J43: 194
A44: 20 | B44: СЦП3-1-10-1 | C44: Перевозка лесоматериалов круглых и пиломатериалов: : расстояние 10 км, класс груза I (дровяной) КОЭФ. К ПОЗИЦИИ: п.17.Доп1 При перевозке грузов к провозной плате (тарифам) применять поправочный коэффициент ПЗ=1,24 | D44: т | E44: 12.8 | F44: 12.24 | H44: 12.24 | J44: 157 | L44: 157
A45: 21 | B45: СЦП1-1-20-Б | C45: Разгрузочные работы при автомобильных перевозках: лес круглый (дровяной) КОЭФ. К ПОЗИЦИИ: Коэффициент техн.часть п.3 ПЗ=1,025 | D45: т | E45: 12.8 | F45: 14.43 | J45: 185
A46: 22 | B46: СЦП1-1-20-А | C46: Погрузочные работы при автомобильных перевозках: лес круглый (деловой) КОЭФ. К ПОЗИЦИИ: Коэффициент техн.часть п.3 ПЗ=1,025 | D46: т | E46: 8.3 | F46: 15.16 | J46: 126
A47: 23 | B47: СЦП1-1-20-Б | C47: Разгрузочные работы при автомобильных перевозках: лес круглый (деловой) КОЭФ. К ПОЗИЦИИ: Коэффициент техн.часть п.3 ПЗ=1,025 | D47: т | E47: 8.3 | F47: 14.43 | J47: 120
A48: 24 | B48: СЦП3-1-10-1 | C48: Перевозка лесоматериалов круглых и пиломатериалов: : расстояние 10 км, класс груза I (деловой) КОЭФ. К ПОЗИЦИИ: п.17.Доп1 При перевозке грузов к провозной плате (тарифам) применять поправочный коэффициент ПЗ=1,24 | D48: т | E48: 8.3 | F48: 12.24 | H48: 12.24 | J48: 102 | L48: 102
A49: Раздел 3. Земляные работы
A50: 25 | B50: ТЕР01-01-030-06 | C50: Разработка грунта с перемещением до 10 м бульдозерами мощностью 79 кВт (108 л.с.), группа грунтов 2 (снятие растительного слоя) | D50: 1000 м3 грунта | E50: 0.082 | F50: 798.73 | H50: 798.73 | I50: 126.73 | J50: 65 | L50: 65 | M50: 10 | P50: 7.49 | Q50: 0.61
A51: 26 | B51: ТЕР01-01-030-06 | C51: Разработка грунта с перемещением до 10 м бульдозерами мощностью 79 кВт (108 л.с.), группа грунтов 2 (устройство корыта - выемка) | D51: 1000 м3 грунта | E51: 0.161 | F51: 798.73 | H51: 798.73 | I51: 126.73 | J51: 129 | L51: 129 | M51: 20 | P51: 7.49 | Q51: 1.21
A52: 27 | B52: ТЕР01-01-013-08 | C52: Разработка грунта с погрузкой на автомобили-самосвалы экскаваторами с ковшом вместимостью 0,65 (0,5-1) м3, группа грунтов 2 (лишний грунт) | D52: 1000 м3 грунта | E52: 0.243 | F52: 5028.78 | G52: 125.4 | H52: 4898.28 | I52: 559.88 | J52: 1222 | K52: 30 | L52: 1190 | M52: 136 | N52: 11.41 | O52: 2.77 | P52: 33.09 | Q52: 8.04
A53: 28 | B53: СЦП3-3-10-1 | C53: Перевозка грузов автомобилями-самосвалами (работающими вне карьеров): расстояние 10 км, класс груза I КОЭФ. К ПОЗИЦИИ: 17 При перевозке грузов к провозной плате (тарифам) применять поправочный коэффициент ПЗ=1,37 | D53: т | E53: 486 | F53: 18.37 | H53: 18.37 | J53: 8928 | L53: 8928
A54: 29 | B54: ТЕР01-01-036-02 | C54: Планировка площадей бульдозерами мощностью 79 кВт (108 л.с.) | D54: 1000 м2 | E54: 0.6023 | F54: 26.66 | H54: 26.66 | I54: 4.23 | J54: 16 | L54: 16 | M54: 3 | P54: 0.25 | Q54: 0.15
A55: 30 | B55: ТЕР01-01-048-02 | C55: Разработка продольных водоотводных и нагорных канав, группа грунтов 2 | D55: 1000 м3 грунта | E55: 0.0066 | F55: 16834.58 | G55: 14473.25 | H55: 2361.33 | I55: 261.92 | J55: 111 | K55: 96 | L55: 15 | M55: 2 | N55: 1205.1 | O55: 7.95 | P55: 15.48 | Q55: 0.1
A56: Раздел 4. Устройство дорожной одежды
A57: 31 | B57: ТЕР01-02-002-03 | C57: Уплотнение грунта прицепными кулачковыми катками 8 т на первый проход по одному следу при толщине слоя 20 см | D57: 1000 м3 | E57: 0.107 | F57: 2463.05 | H57: 2463.05 | I57: 385.1 | J57: 264 | L57: 264 | M57: 41 | P57: 22.76 | Q57: 2.44
A58: 32 | B58: ТЕР01-02-002-06 | C58: На каждый последующий проход по одному следу добавлять к расценке 01-02-002-03 КОЭФ. К ПОЗИЦИИ: Новый коэффициент ПЗ=7 | D58: 1000 м3 | E58: 0.107 | F58: 550.13 | H58: 550.13 | I58: 79.38 | J58: 59 | L58: 59 | M58: 8 | P58: 4.69 | Q58: 0.5
A59: 33 | B59: ТЕР27-04-005-01 | C59: Устройство оснований толщиной 15 см из щебня фракции 40-70 мм при укатке каменных материалов с пределом прочности на сжатие свыше 98,1 МПа (1000 кгс/см2) однослойных | D59: 1000 м2 | E59: 0.536 | F59: 32528.99 | G59: 429.21 | H59: 5950.28 | I59: 827.17 | J59: 17436 | K59: 230 | L59: 3189 | M59: 443 | N59: 37.29 | O59: 19.99 | P59: 49.92 | Q59: 26.76
A60: 34 | B60: ТЕР27-04-005-04 | C60: На каждый 1 см изменения толщины слоя добавлять или исключать к расценкам 27-04-005-01, 27-04-005-02, 27-04-005-03 КОЭФ. К ПОЗИЦИИ: На толщину слоя ПЗ=5 | D60: 1000 м2 | E60: 0.536 | F60: 9179.2 | H60: 1244.35 | I60: 201.3 | J60: 4920 | L60: 667 | M60: 108 | P60: 12.55 | Q60: 6.73
A61: 35 | B61: ТЕР27-06-026-01 | C61: Розлив вяжущих материалов (из расчета 0,8 кг на 1 м2) | D61: 1 т | E61: 0.429 | F61: 2017.46 | H61: 46.53 | I61: 11.16 | J61: 865 | L61: 20 | M61: 5 | P61: 0.66 | Q61: 0.28
A62: 36 | B62: ТЕР27-06-018-01 | C62: Устройство покрытия из черного щебня толщиной 6 см с плотностью каменных материалов 2,5-2,9 т/м3 КОЭФ. К ПОЗИЦИИ: на толщину слоя до 8 см ПЗ=1,3 | D62: 1000 м2 | E62: 0.536 | F62: 79196.53 | G62: 953.13 | H62: 5808.96 | I62: 500.18 | J62: 42449 | K62: 511 | L62: 3114 | M62: 268 | N62: 73.66 | O62: 39.48 | P62: 29.61 | Q62: 15.87
A63: 37 | B63: ТЕР27-06-026-01 | C63: Розлив вяжущих материалов (из расчета 0,2 кг на 1 м2) | D63: 1 т | E63: 0.1072 | F63: 2017.46 | H63: 46.53 | I63: 11.16 | J63: 216 | L63: 5 | M63: 1 | P63: 0.66 | Q63: 0.07
A64: 38 | B64: ТЕР27-06-020-01 | C64: Устройство покрытия толщиной 4 см из горячих асфальтобетонных смесей плотных мелкозернистых типа АБВ, плотность каменных материалов 2,5-2,9 т/м3 | D64: 1000 м2 | E64: 0.536 | F64: 55602.96 | G64: 518.97 | H64: 2984 | I64: 322.26 | J64: 29803 | K64: 278 | L64: 1599 | M64: 173 | N64: 38.3 | O64: 20.53 | P64: 19.08 | Q64: 10.23
A65: 39 | B65: ТЕР27-06-021-01 | C65: На каждые 0,5 см изменения толщины покрытия добавлять или исключать к расценке 27-06-020-01 КОЭФ. К ПОЗИЦИИ: На толщину покрытия. ПЗ=2 | D65: 1000 м2 | E65: 0.536 | F65: 13003.12 | G65: 2.44 | H65: 6.64 | J65: 6970 | K65: 1 | L65: 4 | N65: 0.18 | O65: 0.1
A66: 40 | B66: ТЕР27-06-022-07 | C66: Одиночная поверхностная обработка усовершенствованных покрытий битумом с применением щебня | D66: 1000 м2 | E66: 0.536 | F66: 5815.85 | G66: 200.81 | H66: 834.34 | I66: 112.19 | J66: 3117 | K66: 108 | L66: 447 | M66: 60 | N66: 16.72 | O66: 8.96 | P66: 6.58 | Q66: 3.53
A67: 41 | B67: ТЕР27-02-010-02 | C67: Установка бортовых камней бетонных при других видах покрытий | D67: 100 м | E67: 1.67 | F67: 4479.96 | G67: 906.11 | H67: 91.05 | I67: 12.38 | J67: 7482 | K67: 1513 | L67: 152 | M67: 21 | N67: 76.08 | O67: 127.05 | P67: 0.68 | Q67: 1.14
A68: 42 | B68: ТСЦ-403-8021 | C68: Камни бортовые БР 100.30.15 / бетон В30 (М400), объем 0,043 м3/ (ГОСТ 6665-91) | D68: шт. | E68: 167 | F68: 59.88 | J68: 10000
A69: Раздел 5. Благоустройство
A70: 43 | B70: ТЕР27-02-010-01 прим. | C70: Установка лотков водоотводных полимербетонных с чугунной решеткой, L=1 м 52шт | D70: 100 м | E70: 0.52 | F70: 3353.64 | G70: 906.11 | H70: 91.05 | I70: 12.38 | J70: 1744 | K70: 471 | L70: 47 | M70: 6 | N70: 76.08 | O70: 39.56 | P70: 0.68 | Q70: 0.35
A71: 44 | B71: Цена поставщика | C71: Лоток водоотводный полимербетонный с чугунной решеткой MAXI DIN110 (Цена:3560руб:1,18:4,42х1,02) | D71: шт | E71: 52 | F71: 696.22 | J71: 36203
A72: 45 | B72: ТЕР47-01-046-04 | C72: Подготовка почвы для устройства партерного и обыкновенного газона с внесением растительной земли слоем 15 см вручную | D72: 100 м2 | E72: 1.2 | F72: 3036.75 | G72: 447.6 | J72: 3644 | K72: 537 | N72: 40 | O72: 48
A73: 46 | B73: ТЕР47-01-046-06 | C73: Посев газонов партерных, мавританских и обыкновенных вручную | D73: 100 м2 | E73: 1.2 | F73: 719.43 | G73: 71.34 | H73: 408.89 | I73: 49.87 | J73: 863 | K73: 86 | L73: 491 | M73: 60 | N73: 5.99 | O73: 7.19 | P73: 2.74 | Q73: 3.29
A74: Итого прямые затраты по смете в ценах 2001г. | J74: 182537 | K74: 5524 | L74: 24144 | M74: 1682 | O74: 465.24 | Q74: 101.53
A75: Итого прямые затраты по смете с учетом коэффициентов к итогам | J75: 185936 | K75: 6628 | L75: 26439 | M75: 2017 | O75: 535.03 | Q75: 116.76
A76: В том числе, справочно:
A77: Районный к-т 4,3% (Поз. 1-2, 33-43, 3-17, 25-27, 29-32, 45-46) | J77: 311 | K77: 238 | L77: 72 | M77: 72
A78: 7. Производство работ в стесненных условиях: на территориях действующих предприятий, имеющих разветвленную сеть транспортных и инженерных коммуникаций и стесненные условия для складирования материалов. ОЗП=1,15; ЭМ=1,15; ЗПМ=1,15; ТЗ=1,15; ТЗМ=1,15 (Поз. 1-2, 33-43, 3-17, 25-27, 29-32, 45-46) | J78: 3088 | K78: 864 | L78: 2224 | M78: 263 | O78: 69.786 | Q78: 15.2295
A79: Накладные расходы | J79: 11714
A80: В том числе, справочно:
A81: 80% ФОТ (от 224) (Поз. 3-16) | J81: 179
A82: 95% ФОТ (от 429) (Поз. 17, 25-27, 29-32) | J82: 408
A83: 115% ФОТ (от 820) (Поз. 45-46) | J83: 943
A84: 142% ФОТ (от 7172) (Поз. 1-2, 33-43) | J84: 10184
A85: Сметная прибыль | J85: 7867
A86: В том числе, справочно:
A87: 45% ФОТ (от 224) (Поз. 3-16) | J87: 101
A88: 50% ФОТ (от 429) (Поз. 17, 25-27, 29-32) | J88: 215
A89: 90% ФОТ (от 820) (Поз. 45-46) | J89: 738
A90: 95% ФОТ (от 7172) (Поз. 1-2, 33-43) | J90: 6813
A91: Итоги по смете:
A92: Итого | J92: 205517 | O92: 535.03 | Q92: 116.76
A93: В том числе:
A94: Материалы | J94: 152244
A95: Машины и механизмы | J95: =26439-M75+625 -> 25047
A96: ФОТ | J96: 8645
A97: Накладные расходы | J97: 11714
A98: Сметная прибыль | J98: 7867
A99: ВСЕГО по смете | J99: =SUM(J94:J98) -> 205517 | O99: 535.03 | Q99: 116.76
B101: ПРИМЕЧАНИЕ: материал от разборки, пригодный для дальнейшего использования, передается балансодержателю по акту
B103: Составил ___________________ | I103: Проверил _____________________

Sheet 24523
A1: СОГЛАСОВАНО: | E1: ФГУП "Комбинат "Электрохимприбор" | M1: УТВЕРЖДАЮ:
G2: (наименование стройки)
A3: _____________________________ | M3: _____________________________
A4: " _____ " ________________ 2012г. | G4: ЛОКАЛЬНЫЙ СМЕТНЫЙ РАСЧЕТ № 24523 | M4: "______ " _______________2012г.
G5: (локальная смета)
C7: на | D7: Реконструкцию вентиляции. Технологическое оборудование. Площадка 2 Здание 234 Г
H8: (наименование работ и затрат, наименование объекта)
D10: Основание: № 24241-12-ОВ "И" КПМ Ж 6268.220 | N10: Справочно, в тыс.руб. :
D11: Сметная стоимость _______________________________________________________________________________________________ | J11: ___________________________62,749 | L11: тыс. руб. | N11: с К=4,42 | P11: =P12+P13 -> 263.30609
D12: монтажных работ _______________________________________________________________________________________________ | J12: _______________________________________________________________________________________________1,686 | L12: тыс. руб. | N12: с К=4,42 | P12: =1.686*4.42 -> 7.45212
D13: оборудования _______________________________________________________________________________________________ | J13: _______________________________________________________________________________________________61,063 | L13: тыс. руб. | N13: с К=4,19 | P13: =61.063*4.19 -> 255.85397
D14: Средства на оплату труда _______________________________________________________________________________________________ | J14: ___________________________0,698 | L14: тыс. руб. | N14: с К=4,42 | P14: =0.698*4.42 -> 3.08516
D15: Сметная трудоемкость _______________________________________________________________________________________________ | J15: _______________________________________________________________________________________________49,44 | L15: чел.час
D16: Материалы ___________________________________________________________ | J16: =K46/1000 -> 0.011 | L16: тыс.руб. | N16: с К=4,42 | P16: =J16*4.42 -> 0.04862
D17: Составлен(а) в базовых ценах 2001г. в редакции 2009г.
A19: № пп | B19: Обоснова-ние | C19: Наименование | D19: Ед. изм. | E19: Кол. | F19: Стоимость единицы, руб. | J19: Общая стоимость, руб. | O19: Т/з осн. раб.на ед. | P19: Т/з осн. раб. Всего | Q19: Общая масса обору-дования, т
F20: Всего | G20: В том числе | J20: Обору-дование | K20: Всего | L20: В том числе
G21: Осн.З/п | H21: Эк.Маш | I21: З/пМех | L21: Осн.З/п | M21: Эк.Маш | N21: З/пМех
A22: 1 | B22: 2 | C22: 3 | D22: 4 | E22: 5 | F22: 6 | G22: 7 | H22: 8 | I22: 9 | J22: 10 | K22: 11 | L22: 12 | M22: 13 | N22: 14 | O22: 15 | P22: 16 | Q22: 17
A23: 1 | B23: ТЕРм34-01-083-04 | C23: Шкаф вытяжной | D23: 1 шт. | E23: 4 | F23: 142.36 | G23: 139.57 | K23: 569 | L23: 558 | O23: 10.3 | P23: 41.2
A24: 2 | B24: Цена поставщика | C24: Шкаф вытяжной 1800х2100х700 мм двухсекционный ШВ-5Н (Цена:83020руб:1,18:4,19) | D24: шт. | E24: 1 | J24: 16791 | K24: 16791
A25: 3 | B25: Цена поставщика | C25: Шкаф вытяжной 1200х2100х700 мм односекционный ШВ-2Н (Цена:52720руб:1,18:4,19) | D25: шт. | E25: 1 | J25: 10663 | K25: 10663
A26: 4 | B26: Цена поставщика | C26: Шкаф вытяжной 1200х2100х700 мм односекционный ШВ-2Н (Цена:53900руб:1,18:4,19) | D26: шт. | E26: 1 | J26: 10902 | K26: 10902
A27: 5 | B27: Цена поставщика | C27: Шкаф вытяжной 2400х2100х700 мм ШВ (Цена:100000руб:1,18:4,19) | D27: шт. | E27: 1 | J27: 20226 | K27: 20226
A28: Итого прямые затраты по смете в ценах 2001г. | K28: 59151 | L28: 558 | P28: 41.2
A29: Итого прямые затраты по смете с учетом коэффициентов к итогам | K29: 61772 | L29: 698 | P29: 49.44
A30: В том числе, справочно:
A31: Районный к-т 4,3% (Поз. 1) | K31: 24 | L31: 24
A32: Транспортные расходы на оборудование - согласно п.4.60 из МДС 81-35.2004 ПЗ=1,03 (Поз. 2-5) | K32: 1757
A33: Заготовительно-складские расходы на оборудование - согласно п.4.64 из МДС 81-35.2004 ПЗ=1,012 (Поз. 2-5) | K33: 724
A34: Условия производства работ ОЗП=1,2; ЭМ=1,2; ЗПМ=1,2; ТЗ=1,2; ТЗМ=1,2 (Поз. 1) | K34: 116 | L34: 116 | P34: 8.24
A35: Накладные расходы | K35: 558
A36: В том числе, справочно:
A37: 80% ФОТ (от 698) (Поз. 1) | K37: 558
A38: Сметная прибыль | K38: 419
A39: В том числе, справочно:
A40: 60% ФОТ (от 698) (Поз. 1) | K40: 419
A41: Итоги по смете:
A42: Итого Монтажные работы | K42: 1686 | P42: 49.44
A43: Итого Оборудование | K43: 61063
A44: Итого | K44: 62749 | P44: 49.44
A45: В том числе:
A46: Материалы | K46: 11
A47: ФОТ | K47: 698
A48: Оборудование | K48: 61063
A49: Накладные расходы | K49: 558
A50: Сметная прибыль | K50: 419
A51: ВСЕГО по смете | K51: 62749 | P51: 49.44
B53: Составил ___________________ | I53: Проверил _____________________

Sheet 24532
A1: СОГЛАСОВАНО: | E1: ФГУП "Комбинат "Электрохимприбор" | M1: УТВЕРЖДАЮ:
G2: (наименование стройки) | M2: Зам. генерального директора
M3: Е.В.Гордеев
A4: _________________ | M4: _________________
A5: " _____ " ________________ 2012 г. | M5: "______ " __________2012 г.
G6: ЛОКАЛЬНЫЙ СМЕТНЫЙ РАСЧЕТ № 24532
G7: (локальная смета)
C9: на | D9: Реконструкцию. Технологические трубопроводы. Площадка 2 Здание 234 Г
H10: (наименование работ и затрат, наименование объекта)
D12: Основание: № 24365-12-ТХ КПМ Ж 6268.220 | N12: Справочно, в тыс.руб. :
D13: Сметная стоимость строительных работ _______________________________________________________________________________________________ | J13: ___________________________0,349 | L13: тыс. руб. | N13: с К=4,42 | P13: =0.349*4.42 -> 1.54258
D14: Средства на оплату труда _______________________________________________________________________________________________ | J14: ___________________________0,037 | L14: тыс. руб. | N14: с К=4,42 | P14: =0.037*4.42 -> 0.16354
D15: Сметная трудоемкость _______________________________________________________________________________________________ | J15: _______________________________________________________________________________________________2,81 | L15: чел.час
D16: Материалы ______________________________________ | K16: =J39/1000 -> 0.232 | L16: тыс.руб. | N16: с К=4,42 | P16: =K16*4.42 -> 1.02544
D17: Составлен(а) в базовых ценах 2001г. в редакции 2009г.
A19: № пп | B19: Обоснование | C19: Наименование | D19: Ед. изм. | E19: Кол. | F19: Стоимость единицы, руб. | J19: Общая стоимость, руб. | N19: Т/з осн. раб.на ед. | O19: Т/з осн. раб. Всего | P19: Т/з мех. на ед. | Q19: Т/з мех. Всего
F20: Всего | G20: В том числе | J20: Всего | K20: В том числе
G21: Осн.З/п | H21: Эк.Маш | I21: З/пМех | K21: Осн.З/п | L21: Эк.Маш | M21: З/пМех
A22: 1 | B22: 2 | C22: 3 | D22: 4 | E22: 5 | F22: 6 | G22: 7 | H22: 8 | I22: 9 | J22: 10 | K22: 11 | L22: 12 | M22: 13 | N22: 14 | O22: 15 | P22: 16 | Q22: 17
A23: 1 | B23: ТЕР20-02-003-04 | C23: Установка решеток жалюзийных стальных штампованных АЛН 250х200 мм | D23: 1 решетка | E23: 2 | F23: 20.76 | G23: 14.78 | H23: 2.94 | J23: 42 | K23: 30 | L23: 6 | N23: 1.17 | O23: 2.34
A24: 2 | B24: Цена поставщика | C24: Решетки АЛН 250х200 мм (Цена:578руб:1,18:4,42х1,02) | D24: шт | E24: 2 | F24: 113.04 | J24: 226
A25: Итого прямые затраты по смете в ценах 2001г. | J25: 268 | K25: 30 | L25: 6 | O25: 2.34
A26: Итого прямые затраты по смете с учетом коэффициентов к итогам | J26: 276 | K26: 37 | L26: 7 | O26: 2.81
A27: В том числе, справочно:
A28: Районный к-т 4,3% (Поз. 1-2) | J28: 1 | K28: 1
A29: Условия производства работ ОЗП=1,2; ЭМ=1,2; ЗПМ=1,2; ТЗ=1,2; ТЗМ=1,2 (Поз. 1-2) | J29: 7 | K29: 6 | L29: 1 | O29: 0.468
A30: Накладные расходы | J30: 47
A31: В том числе, справочно:
A32: 128% ФОТ (от 37) (Поз. 1-2) | J32: 47
A33: Сметная прибыль | J33: 26
A34: В том числе, справочно:
A35: 83%*0.85 ФОТ (от 37) (Поз. 1-2) | J35: 26
A36: Итоги по смете:
A37: Итого | J37: 349 | O37: 2.81
A38: В том числе:
A39: Материалы | J39: 232
A40: Машины и механизмы | J40: 7
A41: ФОТ | J41: 37
A42: Накладные расходы | J42: 47
A43: Сметная прибыль | J43: 26
A44: ВСЕГО по смете | J44: =SUM(J39:J43) -> 349 | O44: 2.81
B46: Составил ___________________ | I46: Проверил _____________________

Sheet 24533
A1: СОГЛАСОВАНО: | E1: ФГУП "Комбинат "Электрохимприбор" | M1: УТВЕРЖДАЮ:
G2: (наименование стройки) | M2: Зам.генерального директора
A3: _________________ | N3: Е.В. Гордеев
A4: " _____ " ________________ 2012 г. | M4: __________________
G5: ЛОКАЛЬНЫЙ СМЕТНЫЙ РАСЧЕТ № 24533 | M5: "______ " __________2012 г.
G6: (локальная смета)
